Workbook

Sheet Смета 12 гр. по ФЕР
A1: =Source!B1 -> Smeta.RU (495) 974-1589
H4: Приложение 1 к Форме 7
B11: СМЕТА
B15: на капитальный ремонт напольного покрытия в помещениях коридоров 2-4-го этажей, 6-18-го этажей в здании общежития НИЯУ МИФИ по адресу: 115522, г. Москва, ул. Москворечье, д.2, к. 1 | AD15: =IF(Source!G12<>"Новый объект", Source!G12, "") -> Замена напольного покрытия 2-4 этажей,6-18 и 24 в общежитии НИЯУ МИФИ по адресу: г. Москва, ул. Москворечье, д.2, к.1
G20: базовая цена | I20: текущая цена
C21: Сметная стоимость | G21: =SUM(O1:O83)/1000 -> 973.86152 | I21: =(Source!P103/1000) -> 7852.3753 | K21: тыс. руб.
C22: Строительные работы | G22: =SUM(W1:W83)/1000 -> 973.86152 | I22: =(Source!P90)/1000 -> 6654.5553 | K22: тыс. руб.
C23: Монтажные работы | G23: =SUM(X1:X83)/1000 -> 0 | I23: =(Source!P91)/1000 -> 0 | K23: тыс. руб.
C24: Оборудование | G24: =SUM(Y1:Y83)/1000 -> 0 | I24: =(Source!P82)/1000 -> 0 | K24: тыс. руб.
C25: Прочие работы | G25: =SUM(Z1:Z83)/1000 -> 0 | I25: =(Source!P92+Source!P93)/1000 -> 0 | K25: тыс. руб.
C26: Нормативная трудоемкость | G26: =I26 -> 9714.1833 | I26: =(Source!P95+Source!P96) -> 9714.1833 | K26: чел. -ч.
C27: Средства на оплату труда | G27: =SUM(R1:R83)/1000 -> 84.98689 | I27: =((Source!P88 + Source!P87)/1000) -> 580.46057 | K27: тыс. руб.
A29: Составлена в ценах IV квартал 2017 года
A30: № п/п | B30: Шифр расценки и коды ресурсов | C30: Наименование работ и затрат | D30: Ед. изм. | E30: Кол-во единиц | F30: Цена на ед. изм. | G30: Попра-вочные коэфф. | H30: Стоимость в ценах 2001г. | I30: Пункт коэфф. пересчета | J30: Коэфф. пересчета | K30: Стоимость в текущих ценах | L30: ЗТР всего чел.-час
A31: 1 | B31: 2 | C31: 3 | D31: 4 | E31: 5 | F31: 6 | G31: 7 | H31: 8 | I31: 9 | J31: 10 | K31: 11 | L31: 12
A33: =CONCATENATE("Локальная смета: ",IF(Source!G20<>"Новая локальная смета", Source!G20, "")) -> Локальная смета:
A34: =Source!E25 -> 1 | B34: =Source!F25 -> 57-3-1 | C34: =Source!G25 -> Разборка плинтусов деревянных и из пластмассовых материалов | D34: =Source!H25 -> 100 м | E34: =Source!I25 -> 26.367 | F34: =Source!AL25+Source!AM25+Source!AO25 -> 29.41 | I34: =Source!BO25 | S34: =ROUND((Source!FX25/100)*((ROUND(Source!AF25*Source!I25, 2)+ROUND(Source!AE25*Source!I25, 2))), 2) -> 620.36 | T34: =Source!X25 -> 4237.08 | U34: =ROUND((Source!FY25/100)*((ROUND(Source!AF25*Source!I25, 2)+ROUND(Source!AE25*Source!I25, 2))), 2) -> 527.31 | V34: =Source!Y25 -> 3601.52
C35: ="Объем: "&Source!I25&"=2636,7/"&"100" -> Объем: 26,367=2636,7/100
C36: Зарплата | F36: =Source!AO25 -> 29.41 | G36: =Source!DG25 | H36: =ROUND(Source!AF25*Source!I25, 2) -> 775.45 | J36: =IF(Source!BA25<> 0, Source!BA25, 1) -> 6.83 | K36: =Source!S25 -> 5296.35 | R36: =H36 -> 775.45
C37: НР от ФОТ | D37: % | E37: =Source!BZ25 -> 80 | H37: =SUM(S34:S39) -> 620.36 | J37: =Source!AT25 -> 80 | K37: =SUM(T34:T39) -> 4237.08
C38: СП от ФОТ | D38: % | E38: =Source!CA25 -> 68 | H38: =SUM(U34:U39) -> 527.31 | J38: =Source!AU25 -> 68 | K38: =SUM(V34:V39) -> 3601.52
C39: Затраты труда | D39: чел-ч | E39: =Source!AQ25 -> 3.77 | G39: =Source!DI25 | L39: =Source!U25 -> 99.40359
G40: =H36+H37+H38 -> 1923.12 | J40: =K36+K37+K38 -> 13134.95 | L40: =Source!U25 -> 99.40359 | O40: =G40 -> 1923.12 | P40: =J40 -> 13134.95 | Q40: =L40 -> 99.40359 | W40: =IF(Source!BI25<=1,H36+H37+H38, 0) -> 1923.12 | X40: =IF(Source!BI25=2,H36+H37+H38, 0) -> 0 | Y40: =IF(Source!BI25=3,H36+H37+H38, 0) -> 0 | Z40: =IF(Source!BI25=4,H36+H37+H38, 0) -> 0
A41: =Source!E27 -> 2 | B41: =Source!F27 -> 57-2-1 | C41: =Source!G27 -> Разборка покрытий полов из линолеума | D41: =Source!H27 -> 100 м2 | E41: =Source!I27 -> 24.207 | F41: =Source!AL27+Source!AM27+Source!AO27 -> 92.9 | I41: =Source!BO27 | S41: =ROUND((Source!FX27/100)*((ROUND(Source!AF27*Source!I27, 2)+ROUND(Source!AE27*Source!I27, 2))), 2) -> 1754.52 | T41: =Source!X27 -> 11983.4 | U41: =ROUND((Source!FY27/100)*((ROUND(Source!AF27*Source!I27, 2)+ROUND(Source!AE27*Source!I27, 2))), 2) -> 1491.34 | V41: =Source!Y27 -> 10185.89
C42: ="Объем: "&Source!I27&"=2420,7/"&"100" -> Объем: 24,207=2420,7/100
C43: Зарплата | F43: =Source!AO27 -> 88.84 | G43: =Source!DG27 | H43: =ROUND(Source!AF27*Source!I27, 2) -> 2150.55 | J43: =IF(Source!BA27<> 0, Source!BA27, 1) -> 6.83 | K43: =Source!S27 -> 14688.26 | R43: =H43 -> 2150.55
C44: Эксплуатация машин | F44: =Source!AM27 -> 4.06 | G44: =Source!DE27 | H44: =ROUND(Source!AD27*Source!I27, 2) -> 98.28 | J44: =IF(Source!BB27<> 0, Source!BB27, 1) -> 6.83 | K44: =Source!Q27 -> 671.26
C45: в т.ч. зарплата машинистов | F45: =Source!AN27 -> 1.76 | G45: =Source!DF27 | H45: =ROUND(Source!AE27*Source!I27, 2) -> 42.6 | J45: =IF(Source!BS27<> 0, Source!BS27, 1) -> 6.83 | K45: =Source!R27 -> 290.99 | R45: =H45 -> 42.6
C46: НР от ФОТ | D46: % | E46: =Source!BZ27 -> 80 | H46: =SUM(S41:S48) -> 1754.52 | J46: =Source!AT27 -> 80 | K46: =SUM(T41:T48) -> 11983.4
C47: СП от ФОТ | D47: % | E47: =Source!CA27 -> 68 | H47: =SUM(U41:U48) -> 1491.34 | J47: =Source!AU27 -> 68 | K47: =SUM(V41:V48) -> 10185.89
C48: Затраты труда | D48: чел-ч | E48: =Source!AQ27 -> 11.39 | G48: =Source!DI27 | L48: =Source!U27 -> 275.71773
G49: =H43+H44+H46+H47 -> 5494.69 | J49: =K43+K44+K46+K47 -> 37528.81 | L49: =Source!U27 -> 275.71773 | O49: =G49 -> 5494.69 | P49: =J49 -> 37528.81 | Q49: =L49 -> 275.71773 | W49: =IF(Source!BI27<=1,H43+H44+H46+H47, 0) -> 5494.69 | X49: =IF(Source!BI27=2,H43+H44+H46+H47, 0) -> 0 | Y49: =IF(Source!BI27=3,H43+H44+H46+H47, 0) -> 0 | Z49: =IF(Source!BI27=4,H43+H44+H46+H47, 0) -> 0
A50: =Source!E29 -> 3 | B50: =Source!F29 -> 11-01-011-08 | C50: =Source!G29 -> Устройство стяжек из выравнивающей смеси типа "Старатели" , толщиной 5 мм | D50: =Source!H29 -> 100 м2 | E50: =Source!I29 -> 24.207 | F50: =Source!AL29+Source!AM29+Source!AO29 -> 11028.89 | I50: =Source!BO29 | S50: =ROUND((Source!FX29/100)*((ROUND(Source!AF29*Source!I29, 2)+ROUND(Source!AE29*Source!I29, 2))), 2) -> 9968.32 | T50: =Source!X29 -> 68268.16 | U50: =ROUND((Source!FY29/100)*((ROUND(Source!AF29*Source!I29, 2)+ROUND(Source!AE29*Source!I29, 2))), 2) -> 5740.57 | V50: =Source!Y29 -> 39361.82
C51: ="Объем: "&Source!I29&"=2420,7/"&"100" -> Объем: 24,207=2420,7/100
C52: Зарплата | F52: =Source!AO29 -> 321.33 | G52: =Source!DG29 -> )*1,15 | H52: =ROUND(Source!AF29*Source!I29, 2) -> 8945.2 | J52: =IF(Source!BA29<> 0, Source!BA29, 1) -> 6.83 | K52: =Source!S29 -> 61095.72 | R52: =H52 -> 8945.2
C53: Эксплуатация машин | F53: =Source!AM29 -> 6.23 | G53: =Source!DE29 -> )*1,25 | H53: =ROUND(Source!AD29*Source!I29, 2) -> 188.51 | J53: =IF(Source!BB29<> 0, Source!BB29, 1) -> 6.83 | K53: =Source!Q29 -> 1287.54
C54: в т.ч. зарплата машинистов | F54: =Source!AN29 -> 1.97 | G54: =Source!DF29 -> )*1,25 | H54: =ROUND(Source!AE29*Source!I29, 2) -> 59.61 | J54: =IF(Source!BS29<> 0, Source!BS29, 1) -> 6.83 | K54: =Source!R29 -> 407.13 | R54: =H54 -> 59.61
C55: Материальные ресурсы | F55: =Source!AL29 -> 10701.33 | G55: =Source!DD29 | H55: =ROUND(Source!AC29*Source!I29, 2) -> 259047.1 | J55: =IF(Source!BC29<> 0, Source!BC29, 1) -> 6.83 | K55: =Source!P29 -> 1769291.7
C56: НР от ФОТ | D56: % | E56: =Source!BZ29 -> 123 | F56: =CONCATENATE(" )", Source!DL29, Source!FT29, "=", Source!FX29) -> )*0,9=110,7 | H56: =SUM(S50:S58) -> 9968.32 | J56: =Source!AT29 -> 111 | K56: =SUM(T50:T58) -> 68268.16
C57: СП от ФОТ | D57: % | E57: =Source!CA29 -> 75 | F57: =CONCATENATE(" )", Source!DM29, Source!FU29, "=", Source!FY29) -> )*0,85=63,75 | H57: =SUM(U50:U58) -> 5740.57 | J57: =Source!AU29 -> 64 | K57: =SUM(V50:V58) -> 39361.82
C58: Затраты труда | D58: чел-ч | E58: =Source!AQ29 -> 37.67 | G58: =Source!DI29 -> )*1,15 | L58: =Source!U29 -> 1048.6593
G59: =H52+H53+H55+H56+H57 -> 283889.7 | J59: =K52+K53+K55+K56+K57 -> 1939304.9 | L59: =Source!U29 -> 1048.6593 | O59: =G59 -> 283889.7 | P59: =J59 -> 1939304.9 | Q59: =L59 -> 1048.6593 | W59: =IF(Source!BI29<=1,H52+H53+H55+H56+H57, 0) -> 283889.7 | X59: =IF(Source!BI29=2,H52+H53+H55+H56+H57, 0) -> 0 | Y59: =IF(Source!BI29=3,H52+H53+H55+H56+H57, 0) -> 0 | Z59: =IF(Source!BI29=4,H52+H53+H55+H56+H57, 0) -> 0
A60: =Source!E31 -> 4 | B60: =Source!F31 -> 11-01-047-01 | C60: =Source!G31 -> Устройство покрытий из плит керамогранитных размером 40х40 см | D60: =Source!H31 -> 100 м2 | E60: =Source!I31 -> 24.207 | F60: =Source!AL31+Source!AM31+Source!AO31 -> 21576.86 | I60: =Source!BO31 | S60: =ROUND((Source!FX31/100)*((ROUND(Source!AF31*Source!I31, 2)+ROUND(Source!AE31*Source!I31, 2))), 2) -> 73171.76 | T60: =Source!X31 -> 501117.49 | U60: =ROUND((Source!FY31/100)*((ROUND(Source!AF31*Source!I31, 2)+ROUND(Source!AE31*Source!I31, 2))), 2) -> 42138.21 | V60: =Source!Y31 -> 288932.61
C61: ="Объем: "&Source!I31&"=2420,7/"&"100" -> Объем: 24,207=2420,7/100
C62: Зарплата | F62: =Source!AO31 -> 2713.07 | G62: =Source!DG31 | H62: =ROUND(Source!AF31*Source!I31, 2) -> 65675.29 | J62: =IF(Source!BA31<> 0, Source!BA31, 1) -> 6.83 | K62: =Source!S31 -> 448562.2 | R62: =H62 -> 65675.29
C63: Эксплуатация машин | F63: =Source!AM31 -> 24.15 | G63: =Source!DE31 | H63: =ROUND(Source!AD31*Source!I31, 2) -> 584.6 | J63: =IF(Source!BB31<> 0, Source!BB31, 1) -> 6.83 | K63: =Source!Q31 -> 3992.81
C64: в т.ч. зарплата машинистов | F64: =Source!AN31 -> 17.51 | G64: =Source!DF31 | H64: =ROUND(Source!AE31*Source!I31, 2) -> 423.86 | J64: =IF(Source!BS31<> 0, Source!BS31, 1) -> 6.83 | K64: =Source!R31 -> 2895 | R64: =H64 -> 423.86
C65: Материальные ресурсы | F65: =Source!AL31 -> 18839.64 | G65: =Source!DD31 | H65: =ROUND(Source!AC31*Source!I31, 2) -> 456051.17 | J65: =IF(Source!BC31<> 0, Source!BC31, 1) -> 6.83 | K65: =Source!P31 -> 3114829.5
C66: НР от ФОТ | D66: % | E66: =Source!BZ31 -> 123 | F66: =CONCATENATE(" )", Source!DL31, Source!FT31, "=", Source!FX31) -> )*0,9=110,7 | H66: =SUM(S60:S69) -> 73171.76 | J66: =Source!AT31 -> 111 | K66: =SUM(T60:T69) -> 501117.49
C67: СП от ФОТ | D67: % | E67: =Source!CA31 -> 75 | F67: =CONCATENATE(" )", Source!DM31, Source!FU31, "=", Source!FY31) -> )*0,85=63,75 | H67: =SUM(U60:U69) -> 42138.21 | J67: =Source!AU31 -> 64 | K67: =SUM(V60:V69) -> 288932.61
C68: Затраты труда | D68: чел-ч | E68: =Source!AQ31 -> 310.42 | G68: =Source!DI31 | L68: =Source!U31 -> 7514.3369
A69: =Source!E33 -> 4,1 | B69: =Source!F33 -> 14.3.01.02-0103 | C69: =Source!G33 -> Грунтовка воднодисперсионная CERESIT CT 17 | D69: =Source!H33 -> л | E69: =Source!I33 -> 484.14 | F69: =Source!AL33+Source!AM33+Source!AO33 -> 9.14 | H69: =ROUND(Source!AC33*Source!I33, 2)+ROUND(Source!AD33*Source!I33, 2)+ROUND(Source!AF33*Source!I33, 2) -> 4425.04 | J69: =IF(Source!BC33<> 0, Source!BC33, 1) -> 6.83 | K69: =Source!O33 -> 30223.02 | S69: =ROUND((Source!FX33/100)*((ROUND(Source!AF33*Source!I33, 2)+ROUND(Source!AE33*Source!I33, 2))), 2) -> 0 | T69: =Source!X33 -> 0 | U69: =ROUND((Source!FY33/100)*((ROUND(Source!AF33*Source!I33, 2)+ROUND(Source!AE33*Source!I33, 2))), 2) -> 0 | V69: =Source!Y33 -> 0 | W69: =IF(Source!BI33<=1,H69, 0) -> 4425.04 | X69: =IF(Source!BI33=2,H69, 0) -> 0 | Y69: =IF(Source!BI33=3,H69, 0) -> 0 | Z69: =IF(Source!BI33=4,H69, 0) -> 0
G70: =H62+H63+H65+H66+H67+SUM(H69:H69) -> 642046.07 | J70: =K62+K63+K65+K66+K67+SUM(K69:K69) -> 4387657.6 | L70: =Source!U31 -> 7514.3369 | O70: =G70 -> 642046.07 | P70: =J70 -> 4387657.6 | Q70: =L70 -> 7514.3369 | W70: =IF(Source!BI31<=1,H62+H63+H65+H66+H67, 0) -> 637621.03 | X70: =IF(Source!BI31=2,H62+H63+H65+H66+H67, 0) -> 0 | Y70: =IF(Source!BI31=3,H62+H63+H65+H66+H67, 0) -> 0 | Z70: =IF(Source!BI31=4,H62+H63+H65+H66+H67, 0) -> 0
A71: =Source!E35 -> 5 | B71: =Source!F35 -> 11-01-039-04 | C71: =Source!G35 -> Устройство плинтусов из плиток керамических | D71: =Source!H35 -> 100 м | E71: =Source!I35 -> 26.367 | F71: =Source!AL35+Source!AM35+Source!AO35 -> 232.03 | I71: =Source!BO35 | S71: =ROUND((Source!FX35/100)*((ROUND(Source!AF35*Source!I35, 2)+ROUND(Source!AE35*Source!I35, 2))), 2) -> 7654.16 | T71: =Source!X35 -> 52419.66 | U71: =ROUND((Source!FY35/100)*((ROUND(Source!AF35*Source!I35, 2)+ROUND(Source!AE35*Source!I35, 2))), 2) -> 4407.89 | V71: =Source!Y35 -> 30223.95
C72: ="Объем: "&Source!I35&"=2636,7/"&"100" -> Объем: 26,367=2636,7/100
C73: Зарплата | F73: =Source!AO35 -> 226.53 | G73: =Source!DG35 -> )*1,15 | H73: =ROUND(Source!AF35*Source!I35, 2) -> 6868.85 | J73: =IF(Source!BA35<> 0, Source!BA35, 1) -> 6.83 | K73: =Source!S35 -> 46914.27 | R73: =H73 -> 6868.85
C74: Эксплуатация машин | F74: =Source!AM35 -> 5.5 | G74: =Source!DE35 -> )*1,25 | H74: =ROUND(Source!AD35*Source!I35, 2) -> 181.27 | J74: =IF(Source!BB35<> 0, Source!BB35, 1) -> 6.83 | K74: =Source!Q35 -> 1238.1
C75: в т.ч. зарплата машинистов | F75: =Source!AN35 -> 1.38 | G75: =Source!DF35 -> )*1,25 | H75: =ROUND(Source!AE35*Source!I35, 2) -> 45.48 | J75: =IF(Source!BS35<> 0, Source!BS35, 1) -> 6.83 | K75: =Source!R35 -> 310.65 | R75: =H75 -> 45.48
C76: НР от ФОТ | D76: % | E76: =Source!BZ35 -> 123 | F76: =CONCATENATE(" )", Source!DL35, Source!FT35, "=", Source!FX35) -> )*0,9=110,7 | H76: =SUM(S71:S80) -> 7654.16 | J76: =Source!AT35 -> 111 | K76: =SUM(T71:T80) -> 52419.66
C77: СП от ФОТ | D77: % | E77: =Source!CA35 -> 75 | F77: =CONCATENATE(" )", Source!DM35, Source!FU35, "=", Source!FY35) -> )*0,85=63,75 | H77: =SUM(U71:U80) -> 4407.89 | J77: =Source!AU35 -> 64 | K77: =SUM(V71:V80) -> 30223.95
C78: Затраты труда | D78: чел-ч | E78: =Source!AQ35 -> 23.82 | G78: =Source!DI35 -> )*1,15 | L78: =Source!U35 -> 722.27123
A79: =Source!E37 -> 5,1 | B79: =Source!F37 -> 06.2.05.03-0057 | C79: =Source!G37 -> Плитки керамогранитные размером 400х400х9 мм | D79: =Source!H37 -> м2 | E79: =Source!I37 -> 266.30153 | F79: =Source!AL37+Source!AM37+Source!AO37 -> 65.73 | H79: =ROUND(Source!AC37*Source!I37, 2)+ROUND(Source!AD37*Source!I37, 2)+ROUND(Source!AF37*Source!I37, 2) -> 17504 | J79: =IF(Source!BC37<> 0, Source!BC37, 1) -> 6.83 | K79: =Source!O37 -> 119552.32 | S79: =ROUND((Source!FX37/100)*((ROUND(Source!AF37*Source!I37, 2)+ROUND(Source!AE37*Source!I37, 2))), 2) -> 0 | T79: =Source!X37 -> 0 | U79: =ROUND((Source!FY37/100)*((ROUND(Source!AF37*Source!I37, 2)+ROUND(Source!AE37*Source!I37, 2))), 2) -> 0 | V79: =Source!Y37 -> 0 | W79: =IF(Source!BI37<=1,H79, 0) -> 17504 | X79: =IF(Source!BI37=2,H79, 0) -> 0 | Y79: =IF(Source!BI37=3,H79, 0) -> 0 | Z79: =IF(Source!BI37=4,H79, 0) -> 0
A80: =Source!E39 -> 5,2 | B80: =Source!F39 -> 14.1.06.02-0044 | C80: =Source!G39 -> Клей плиточный «Юнис Гранит» (толщ. 4 мм) | D80: =Source!H39 -> кг | E80: =Source!I39 -> 1054.68 | F80: =Source!AL39+Source!AM39+Source!AO39 -> 3.69 | H80: =ROUND(Source!AC39*Source!I39, 2)+ROUND(Source!AD39*Source!I39, 2)+ROUND(Source!AF39*Source!I39, 2) -> 3891.77 | J80: =IF(Source!BC39<> 0, Source!BC39, 1) -> 6.83 | K80: =Source!O39 -> 26580.78 | S80: =ROUND((Source!FX39/100)*((ROUND(Source!AF39*Source!I39, 2)+ROUND(Source!AE39*Source!I39, 2))), 2) -> 0 | T80: =Source!X39 -> 0 | U80: =ROUND((Source!FY39/100)*((ROUND(Source!AF39*Source!I39, 2)+ROUND(Source!AE39*Source!I39, 2))), 2) -> 0 | V80: =Source!Y39 -> 0 | W80: =IF(Source!BI39<=1,H80, 0) -> 3891.77 | X80: =IF(Source!BI39=2,H80, 0) -> 0 | Y80: =IF(Source!BI39=3,H80, 0) -> 0 | Z80: =IF(Source!BI39=4,H80, 0) -> 0
G81: =H73+H74+H76+H77+SUM(H79:H80) -> 40507.94 | J81: =K73+K74+K76+K77+SUM(K79:K80) -> 276929.08 | L81: =Source!U35 -> 722.27123 | O81: =G81 -> 40507.94 | P81: =J81 -> 276929.08 | Q81: =L81 -> 722.27123 | W81: =IF(Source!BI35<=1,H73+H74+H76+H77, 0) -> 19112.17 | X81: =IF(Source!BI35=2,H73+H74+H76+H77, 0) -> 0 | Y81: =IF(Source!BI35=3,H73+H74+H76+H77, 0) -> 0 | Z81: =IF(Source!BI35=4,H73+H74+H76+H77, 0) -> 0
A83: =CONCATENATE("Итого по локальной смете: ",IF(Source!G41<>"Новая локальная смета", Source!G41, "")) -> Итого по локальной смете: | G83: =SUM(O33:O82) -> 973861.52 | J83: =SUM(P33:P82) -> 6654555.3 | L83: =SUM(Q33:Q82) -> 9660.3888
C84: =Source!H101 -> Всего | J84: =IF(Source!P101=0, "", Source!P101) -> 6654555.3
C85: =Source!H102 -> Итого НДС 18% | J85: =IF(Source!P102=0, "", Source!P102) -> 1197820
C86: =Source!H103 -> Всего по смете | J86: =IF(Source!P103=0, "", Source!P103) -> 7852375.3

Sheet Source
A1: 0 | B1: Smeta.RU (495) 974-1589 | D1: _PS_ | F1: 0 | G1: 0 | H1: 0 | I1: Smeta.RU | J1: НИЯУ МИФИ Доп. раб. место MCCS-0027251 | K1: 0 | L1: 27251 | M1: 10
A12: 1 | B12: 134 | C12: 0 | D12: =ROW(A73) -> 73 | E12: 0 | F12: Новый объект_(Копия)_(Копия)_(Копия) | G12: Замена напольного покрытия 2-4 этажей,6-18 и 24 в общежитии НИЯУ МИФИ по адресу: г. Москва, ул. Москворечье, д.2, к.1 | I12: 0 | K12: 0 | O12: 0 | P12: 0 | Q12: 0 | R12: 0 | S12: 0 | V12: 0 | BH12: Сметные нормы списания | BI12: Коды ценников | BJ12: 1 | BK12: 1 | BL12: 0 | BM12: 0 | BN12: 1 | BO12: 0 | BP12: 6 | BQ12: 2 | BR12: 1 | BS12: 1 | BT12: 0 | BU12: 0 | BV12: 0 | BW12: 0 | BX12: 0 | BY12: ФЕР-2017 | BZ12: ТР для Версии 10: Центральные регионы (с учетом п-ма 2536-ИП/12/ГС от 22.03.2017 г | CA12: ФЕР-2017 | CB12: ФЕР-2017 | CC12: ФЕР-2017 | CD12: ФЕР-2017 | CE12: Поправки для ГСН 2017 от 31.03.2017 г | CF12: 0 | CG12: 0 | CH12: 524288 | CK12: 0 | EC12: 0
A15: 15 | B15: 1
A18: 52 | B18: =B73 -> 134 | C18: =C73 -> 1 | D18: =D73 -> 12 | E18: =E73 -> 0 | F18: =F73 -> Новый объект_(Копия)_(Копия)_(Копия) | G18: =G73 -> Замена напольного покрытия 2-4 этажей,6-18 и 24 в общежитии НИЯУ МИФИ по адресу: г. Москва, ул. Москворечье, д.2, к.1 | O18: =O73 -> 826387.08 | P18: =P73 -> 740919.08 | Q18: =Q73 -> 1052.66 | R18: =R73 -> 571.55 | S18: =S73 -> 84415.34 | T18: =T73 -> 0 | U18: =U73 -> 9660.3888 | V18: =V73 -> 53.79447 | ... GX18: =GX73 -> 0
A20: 3 | B20: 1 | D20: =ROW(A41) -> 41 | F20: Новая локальная смета | G20: Новая локальная смета | I20: 0 | K20: 0 | V20: 0 | BX20: 0 | CF20: 0 | CG20: 0
A22: 52 | B22: =B41 -> 1 | C22: =C41 -> 3 | D22: =D41 -> 20 | E22: =E41 -> 0 | F22: =F41 -> Новая локальная смета | G22: =G41 -> Новая локальная смета | O22: =O41 -> 826387.08 | P22: =P41 -> 740919.08 | Q22: =Q41 -> 1052.66 | R22: =R41 -> 571.55 | S22: =S41 -> 84415.34 | T22: =T41 -> 0 | U22: =U41 -> 9660.3888 | V22: =V41 -> 53.79447 | ... GX22: =GX41 -> 0
A24: 17 | B24: 1 | C24: =ROW(SmtRes!A1) -> 1 | D24: =ROW(EtalonRes!A2) -> 2 | E24: 1 | F24: 57-3-1 | G24: Разборка плинтусов деревянных и из пластмассовых материалов | H24: 100 м | I24: =ROUND(2636.7/100,9) -> 26.367 | J24: 0 | O24: =ROUND(CP24,2) -> 775.45 | P24: =ROUND(CQ24*I24,2) -> 0 | Q24: =ROUND(CR24*I24,2) -> 0 | R24: =ROUND(CS24*I24,2) -> 0 | S24: =ROUND(CT24*I24,2) -> 775.45 | T24: =ROUND(CU24*I24,2) -> 0 | U24: =CV24*I24 -> 99.40359 | V24: =CW24*I24 -> 0 | W24: =ROUND(CX24*I24,2) -> 0 | X24: =ROUND(CY24,2) -> 620.36 | Y24: =ROUND(CZ24,2) -> 527.31 | AA24: 16492569 | AB24: =ROUND((AC24+AD24+AF24),6) -> 29.41 | AC24: =ROUND((ES24),6) -> 0 | AD24: =ROUND((((ET24)-(EU24))+AE24),6) -> 0 | AE24: =ROUND((EU24),6) -> 0 | AF24: =ROUND((EV24),6) -> 29.41 | AG24: =ROUND((AP24),6) -> 0 | AH24: =(EW24) -> 3.77 | AI24: =(EX24) -> 0 | AJ24: =ROUND((AS24),6) -> 0 | AK24: 29.41 | AL24: 0 | AM24: 0 | AN24: 0 | AO24: 29.41 | AP24: 0 | AQ24: 3.77 | AR24: 0 | AS24: 0 | AT24: 80 | AU24: 68 | AV24: 1 | AW24: 1 | AZ24: 1 | BA24: 1 | BB24: 1 | BC24: 1 | BH24: 0 | BI24: 1 | BJ24: ФЕР-2001, 57-3-1, приказ Минстроя России №1039/пр от 30.12.2016г. | BM24: 57001 | BN24: 0 | BP24: 0 | BQ24: 6 | BR24: 0 | BS24: 1 | BT24: 1 | BU24: 1 | BV24: 1 | BW24: 1 | BX24: 1 | BZ24: 80 | CA24: 68 | CF24: 0 | CG24: 0 | CM24: 0 | CO24: 0 | CP24: =(P24+Q24+S24) -> 775.45 | CQ24: =AC24*BC24 -> 0 | CR24: =AD24*BB24 -> 0 | CS24: =AE24*BS24 -> 0 | CT24: =AF24*BA24 -> 29.41 | CU24: =AG24 -> 0 | CV24: =AH24 -> 3.77 | CW24: =AI24 -> 0 | CX24: =AJ24 -> 0 | CY24: =(((S24+R24)*AT24)/100) -> 620.36 | CZ24: =(((S24+R24)*AU24)/100) -> 527.306 | DN24: 0 | DO24: 0 | DP24: 1 | DQ24: 1 | DU24: 1003 | DV24: 100 м | DW24: 100 м | DX24: 100 | EE24: 15139179 | EF24: 6 | EG24: Ремонтно-строительные работы | EH24: 0 | EJ24: 1 | EK24: 57001 | EL24: Полы | EM24: рФЕР-57 | EQ24: 131072 | ER24: 29.41 | ES24: 0 | ET24: 0 | EU24: 0 | EV24: 29.41 | EW24: 3.77 | EX24: 0 | EY24: 0 | FQ24: 0 | FR24: =ROUND(IF(AND(BH24=3,BI24=3),P24,0),2) -> 0 | FS24: 0 | FX24: 80 | FY24: 68 | GD24: 0 | GF24: -1431764135 | GG24: 2 | GH24: 1 | GI24: -2 | GJ24: 0 | GK24: =ROUND(R24*(R12)/100,2) -> 0 | GL24: =ROUND(IF(AND(BH24=3,BI24=3,FS24<>0),P24,0),2) -> 0 | GM24: =ROUND(O24+X24+Y24+GK24,2)+GX24 -> 1923.12 | GN24: =IF(OR(BI24=0,BI24=1),ROUND(O24+X24+Y24+GK24,2),0) -> 1923.12 | GO24: =IF(BI24=2,ROUND(O24+X24+Y24+GK24,2),0) -> 0 | GP24: =IF(BI24=4,ROUND(O24+X24+Y24+GK24,2)+GX24,0) -> 0 | GR24: 0 | GS24: 3 | GT24: 0 | GV24: =ROUND(GT24,6) -> 0 | GW24: 1 | GX24: =ROUND(GV24*GW24*I24,2) -> 0 | HA24: 0 | HB24: 0 | IK24: 0
A25: 17 | B25: 1 | C25: =ROW(SmtRes!A2) -> 2 | D25: =ROW(EtalonRes!A4) -> 4 | E25: 1 | F25: 57-3-1 | G25: Разборка плинтусов деревянных и из пластмассовых материалов | H25: 100 м | I25: =ROUND(2636.7/100,9) -> 26.367 | J25: 0 | O25: =ROUND(CP25,2) -> 5296.35 | P25: =ROUND(CQ25*I25,2) -> 0 | Q25: =ROUND(CR25*I25,2) -> 0 | R25: =ROUND(CS25*I25,2) -> 0 | S25: =ROUND(CT25*I25,2) -> 5296.35 | T25: =ROUND(CU25*I25,2) -> 0 | U25: =CV25*I25 -> 99.40359 | V25: =CW25*I25 -> 0 | W25: =ROUND(CX25*I25,2) -> 0 | X25: =ROUND(CY25,2) -> 4237.08 | Y25: =ROUND(CZ25,2) -> 3601.52 | AA25: 16492570 | AB25: =ROUND((AC25+AD25+AF25),6) -> 29.41 | AC25: =ROUND((ES25),6) -> 0 | AD25: =ROUND((((ET25)-(EU25))+AE25),6) -> 0 | AE25: =ROUND((EU25),6) -> 0 | AF25: =ROUND((EV25),6) -> 29.41 | AG25: =ROUND((AP25),6) -> 0 | AH25: =(EW25) -> 3.77 | AI25: =(EX25) -> 0 | AJ25: =ROUND((AS25),6) -> 0 | AK25: 29.41 | AL25: 0 | AM25: 0 | AN25: 0 | AO25: 29.41 | AP25: 0 | AQ25: 3.77 | AR25: 0 | AS25: 0 | AT25: 80 | AU25: 68 | AV25: 1 | AW25: 1 | AZ25: 6.83 | BA25: 6.83 | BB25: 6.83 | BC25: 6.83 | BH25: 0 | BI25: 1 | BJ25: ФЕР-2001, 57-3-1, приказ Минстроя России №1039/пр от 30.12.2016г. | BM25: 57001 | BN25: 0 | BP25: 0 | BQ25: 6 | BR25: 0 | BS25: 6.83 | BT25: 1 | BU25: 1 | BV25: 1 | BW25: 1 | BX25: 1 | BZ25: 80 | CA25: 68 | CF25: 0 | CG25: 0 | CM25: 0 | CO25: 0 | CP25: =(P25+Q25+S25) -> 5296.35 | CQ25: =AC25*BC25 -> 0 | CR25: =AD25*BB25 -> 0 | CS25: =AE25*BS25 -> 0 | CT25: =AF25*BA25 -> 200.8703 | CU25: =AG25 -> 0 | CV25: =AH25 -> 3.77 | CW25: =AI25 -> 0 | CX25: =AJ25 -> 0 | CY25: =(((S25+R25)*AT25)/100) -> 4237.08 | CZ25: =(((S25+R25)*AU25)/100) -> 3601.518 | DN25: 0 | DO25: 0 | DP25: 1 | DQ25: 1 | DU25: 1003 | DV25: 100 м | DW25: 100 м | DX25: 100 | EE25: 15139179 | EF25: 6 | EG25: Ремонтно-строительные работы | EH25: 0 | EJ25: 1 | EK25: 57001 | EL25: Полы | EM25: рФЕР-57 | EQ25: 131072 | ER25: 29.41 | ES25: 0 | ET25: 0 | EU25: 0 | EV25: 29.41 | EW25: 3.77 | EX25: 0 | EY25: 0 | FQ25: 0 | FR25: =ROUND(IF(AND(BH25=3,BI25=3),P25,0),2) -> 0 | FS25: 0 | FX25: 80 | FY25: 68 | GD25: 0 | GF25: -1431764135 | GG25: 1 | GH25: 1 | GI25: 4 | GJ25: 0 | GK25: =ROUND(R25*(S12)/100,2) -> 0 | GL25: =ROUND(IF(AND(BH25=3,BI25=3,FS25<>0),P25,0),2) -> 0 | GM25: =ROUND(O25+X25+Y25+GK25,2)+GX25 -> 13134.95 | GN25: =IF(OR(BI25=0,BI25=1),ROUND(O25+X25+Y25+GK25,2),0) -> 13134.95 | GO25: =IF(BI25=2,ROUND(O25+X25+Y25+GK25,2),0) -> 0 | GP25: =IF(BI25=4,ROUND(O25+X25+Y25+GK25,2)+GX25,0) -> 0 | GR25: 0 | GS25: 3 | GT25: 0 | GV25: =ROUND(GT25,6) -> 0 | GW25: 1 | GX25: =ROUND(GV25*GW25*I25,2) -> 0 | HA25: 0 | HB25: 0 | IK25: 0
A26: 17 | B26: 1 | C26: =ROW(SmtRes!A5) -> 5 | D26: =ROW(EtalonRes!A8) -> 8 | E26: 2 | F26: 57-2-1 | G26: Разборка покрытий полов из линолеума | H26: 100 м2 | I26: =ROUND(2420.7/100,9) -> 24.207 | J26: 0 | O26: =ROUND(CP26,2) -> 2248.83 | P26: =ROUND(CQ26*I26,2) -> 0 | Q26: =ROUND(CR26*I26,2) -> 98.28 | R26: =ROUND(CS26*I26,2) -> 42.6 | S26: =ROUND(CT26*I26,2) -> 2150.55 | T26: =ROUND(CU26*I26,2) -> 0 | U26: =CV26*I26 -> 275.71773 | V26: =CW26*I26 -> 3.14691 | W26: =ROUND(CX26*I26,2) -> 0 | X26: =ROUND(CY26,2) -> 1754.52 | Y26: =ROUND(CZ26,2) -> 1491.34 | AA26: 16492569 | AB26: =ROUND((AC26+AD26+AF26),6) -> 92.9 | AC26: =ROUND((ES26),6) -> 0 | AD26: =ROUND((((ET26)-(EU26))+AE26),6) -> 4.06 | AE26: =ROUND((EU26),6) -> 1.76 | AF26: =ROUND((EV26),6) -> 88.84 | AG26: =ROUND((AP26),6) -> 0 | AH26: =(EW26) -> 11.39 | AI26: =(EX26) -> 0.13 | AJ26: =ROUND((AS26),6) -> 0 | AK26: 92.9 | AL26: 0 | AM26: 4.06 | AN26: 1.76 | AO26: 88.84 | AP26: 0 | AQ26: 11.39 | AR26: 0.13 | AS26: 0 | AT26: 80 | AU26: 68 | AV26: 1 | AW26: 1 | AZ26: 1 | BA26: 1 | BB26: 1 | BC26: 1 | BH26: 0 | BI26: 1 | BJ26: ФЕР-2001, 57-2-1, приказ Минстроя России №1039/пр от 30.12.2016г. | BM26: 57001 | BN26: 0 | BP26: 0 | BQ26: 6 | BR26: 0 | BS26: 1 | BT26: 1 | BU26: 1 | BV26: 1 | BW26: 1 | BX26: 1 | BZ26: 80 | CA26: 68 | CF26: 0 | CG26: 0 | CM26: 0 | CO26: 0 | CP26: =(P26+Q26+S26) -> 2248.83 | CQ26: =AC26*BC26 -> 0 | CR26: =AD26*BB26 -> 4.06 | CS26: =AE26*BS26 -> 1.76 | CT26: =AF26*BA26 -> 88.84 | CU26: =AG26 -> 0 | CV26: =AH26 -> 11.39 | CW26: =AI26 -> 0.13 | CX26: =AJ26 -> 0 | CY26: =(((S26+R26)*AT26)/100) -> 1754.52 | CZ26: =(((S26+R26)*AU26)/100) -> 1491.342 | DN26: 0 | DO26: 0 | DP26: 1 | DQ26: 1 | DU26: 1005 | DV26: 100 м2 | DW26: 100 м2 | DX26: 100 | EE26: 15139179 | EF26: 6 | EG26: Ремонтно-строительные работы | EH26: 0 | EJ26: 1 | EK26: 57001 | EL26: Полы | EM26: рФЕР-57 | EQ26: 131072 | ER26: 92.9 | ES26: 0 | ET26: 4.06 | EU26: 1.76 | EV26: 88.84 | EW26: 11.39 | EX26: 0.13 | EY26: 0 | FQ26: 0 | FR26: =ROUND(IF(AND(BH26=3,BI26=3),P26,0),2) -> 0 | FS26: 0 | FX26: 80 | FY26: 68 | GD26: 0 | GF26: 334444289 | GG26: 2 | GH26: 1 | GI26: -2 | GJ26: 0 | GK26: =ROUND(R26*(R12)/100,2) -> 0 | GL26: =ROUND(IF(AND(BH26=3,BI26=3,FS26<>0),P26,0),2) -> 0 | GM26: =ROUND(O26+X26+Y26+GK26,2)+GX26 -> 5494.69 | GN26: =IF(OR(BI26=0,BI26=1),ROUND(O26+X26+Y26+GK26,2),0) -> 5494.69 | GO26: =IF(BI26=2,ROUND(O26+X26+Y26+GK26,2),0) -> 0 | GP26: =IF(BI26=4,ROUND(O26+X26+Y26+GK26,2)+GX26,0) -> 0 | GR26: 0 | GS26: 3 | GT26: 0 | GV26: =ROUND(GT26,6) -> 0 | GW26: 1 | GX26: =ROUND(GV26*GW26*I26,2) -> 0 | HA26: 0 | HB26: 0 | IK26: 0
A27: 17 | B27: 1 | C27: =ROW(SmtRes!A8) -> 8 | D27: =ROW(EtalonRes!A12) -> 12 | E27: 2 | F27: 57-2-1 | G27: Разборка покрытий полов из линолеума | H27: 100 м2 | I27: =ROUND(2420.7/100,9) -> 24.207 | J27: 0 | O27: =ROUND(CP27,2) -> 15359.52 | P27: =ROUND(CQ27*I27,2) -> 0 | Q27: =ROUND(CR27*I27,2) -> 671.26 | R27: =ROUND(CS27*I27,2) -> 290.99 | S27: =ROUND(CT27*I27,2) -> 14688.26 | T27: =ROUND(CU27*I27,2) -> 0 | U27: =CV27*I27 -> 275.71773 | V27: =CW27*I27 -> 3.14691 | W27: =ROUND(CX27*I27,2) -> 0 | X27: =ROUND(CY27,2) -> 11983.4 | Y27: =ROUND(CZ27,2) -> 10185.89 | AA27: 16492570 | AB27: =ROUND((AC27+AD27+AF27),6) -> 92.9 | AC27: =ROUND((ES27),6) -> 0 | AD27: =ROUND((((ET27)-(EU27))+AE27),6) -> 4.06 | AE27: =ROUND((EU27),6) -> 1.76 | AF27: =ROUND((EV27),6) -> 88.84 | AG27: =ROUND((AP27),6) -> 0 | AH27: =(EW27) -> 11.39 | AI27: =(EX27) -> 0.13 | AJ27: =ROUND((AS27),6) -> 0 | AK27: 92.9 | AL27: 0 | AM27: 4.06 | AN27: 1.76 | AO27: 88.84 | AP27: 0 | AQ27: 11.39 | AR27: 0.13 | AS27: 0 | AT27: 80 | AU27: 68 | AV27: 1 | AW27: 1 | AZ27: 6.83 | BA27: 6.83 | BB27: 6.83 | BC27: 6.83 | BH27: 0 | BI27: 1 | BJ27: ФЕР-2001, 57-2-1, приказ Минстроя России №1039/пр от 30.12.2016г. | BM27: 57001 | BN27: 0 | BP27: 0 | BQ27: 6 | BR27: 0 | BS27: 6.83 | BT27: 1 | BU27: 1 | BV27: 1 | BW27: 1 | BX27: 1 | BZ27: 80 | CA27: 68 | CF27: 0 | CG27: 0 | CM27: 0 | CO27: 0 | CP27: =(P27+Q27+S27) -> 15359.52 | CQ27: =AC27*BC27 -> 0 | CR27: =AD27*BB27 -> 27.7298 | CS27: =AE27*BS27 -> 12.0208 | CT27: =AF27*BA27 -> 606.7772 | CU27: =AG27 -> 0 | CV27: =AH27 -> 11.39 | CW27: =AI27 -> 0.13 | CX27: =AJ27 -> 0 | CY27: =(((S27+R27)*AT27)/100) -> 11983.4 | CZ27: =(((S27+R27)*AU27)/100) -> 10185.89 | DN27: 0 | DO27: 0 | DP27: 1 | DQ27: 1 | DU27: 1005 | DV27: 100 м2 | DW27: 100 м2 | DX27: 100 | EE27: 15139179 | EF27: 6 | EG27: Ремонтно-строительные работы | EH27: 0 | EJ27: 1 | EK27: 57001 | EL27: Полы | EM27: рФЕР-57 | EQ27: 131072 | ER27: 92.9 | ES27: 0 | ET27: 4.06 | EU27: 1.76 | EV27: 88.84 | EW27: 11.39 | EX27: 0.13 | EY27: 0 | FQ27: 0 | FR27: =ROUND(IF(AND(BH27=3,BI27=3),P27,0),2) -> 0 | FS27: 0 | FX27: 80 | FY27: 68 | GD27: 0 | GF27: 334444289 | GG27: 1 | GH27: 1 | GI27: 4 | GJ27: 0 | GK27: =ROUND(R27*(S12)/100,2) -> 0 | GL27: =ROUND(IF(AND(BH27=3,BI27=3,FS27<>0),P27,0),2) -> 0 | GM27: =ROUND(O27+X27+Y27+GK27,2)+GX27 -> 37528.81 | GN27: =IF(OR(BI27=0,BI27=1),ROUND(O27+X27+Y27+GK27,2),0) -> 37528.81 | GO27: =IF(BI27=2,ROUND(O27+X27+Y27+GK27,2),0) -> 0 | GP27: =IF(BI27=4,ROUND(O27+X27+Y27+GK27,2)+GX27,0) -> 0 | GR27: 0 | GS27: 3 | GT27: 0 | GV27: =ROUND(GT27,6) -> 0 | GW27: 1 | GX27: =ROUND(GV27*GW27*I27,2) -> 0 | HA27: 0 | HB27: 0 | IK27: 0
A28: 17 | B28: 1 | C28: =ROW(SmtRes!A15) -> 15 | D28: =ROW(EtalonRes!A19) -> 19 | E28: 3 | F28: 11-01-011-08 | G28: Устройство стяжек из выравнивающей смеси типа "Старатели" , толщиной 5 мм | H28: 100 м2 | I28: =ROUND(2420.7/100,9) -> 24.207 | J28: 0 | O28: =ROUND(CP28,2) -> 268180.81 | P28: =ROUND(CQ28*I28,2) -> 259047.1 | Q28: =ROUND(CR28*I28,2) -> 188.51 | R28: =ROUND(CS28*I28,2) -> 59.61 | S28: =ROUND(CT28*I28,2) -> 8945.2 | T28: =ROUND(CU28*I28,2) -> 0 | U28: =CV28*I28 -> 1048.6593 | V28: =CW28*I28 -> 5.1439875 | W28: =ROUND(CX28*I28,2) -> 0 | X28: =ROUND(CY28,2) -> 9995.34 | Y28: =ROUND(CZ28,2) -> 5763.08 | AA28: 16492569 | AB28: =ROUND((AC28+AD28+AF28),6) -> 11078.647 | AC28: =ROUND((ES28),6) -> 10701.33 | AD28: =ROUND(((((ET28*1.25))-((EU28*1.25)))+AE28),6) -> 7.7875 | AE28: =ROUND(((EU28*1.25)),6) -> 2.4625 | AF28: =ROUND(((EV28*1.15)),6) -> 369.5295 | AG28: =ROUND((AP28),6) -> 0 | AH28: =((EW28*1.15)) -> 43.3205 | AI28: =((EX28*1.25)) -> 0.2125 | AJ28: =ROUND((AS28),6) -> 0 | AK28: 11028.89 | AL28: 10701.33 | AM28: 6.23 | AN28: 1.97 | AO28: 321.33 | AP28: 0 | AQ28: 37.67 | AR28: 0.17 | AS28: 0 | AT28: 111 | AU28: 64 | AV28: 1 | AW28: 1 | AZ28: 1 | BA28: 1 | BB28: 1 | BC28: 1 | BH28: 0 | BI28: 1 | BJ28: ФЕР-2001, 11-01-011-08, приказ Минстроя России №1039/пр от 30.12.2016г. | BM28: 11001 | BN28: 0 | BP28: 0 | BQ28: 2 | BR28: 0 | BS28: 1 | BT28: 1 | BU28: 1 | BV28: 1 | BW28: 1 | BX28: 1 | BZ28: 123 | CA28: 75 | CF28: 0 | CG28: 0 | CM28: 0 | CN28: Поправка: МДС 81-35.2004, п.4.7 Наименование: Работы, выполняемые при реконструкции зданий и сооружений работы, аналогичные технологическим процессам в новом строительстве (в том числе возведение новых конструктивных элементов) стоимость которых определена по соответствующим сборникам ФЕР, кроме сборника № 46 «Работы при реконструкции зданий и сооружений» | CO28: 0 | CP28: =(P28+Q28+S28) -> 268180.81 | CQ28: =AC28*BC28 -> 10701.33 | CR28: =AD28*BB28 -> 7.7875 | CS28: =AE28*BS28 -> 2.4625 | CT28: =AF28*BA28 -> 369.5295 | CU28: =AG28 -> 0 | CV28: =AH28 -> 43.3205 | CW28: =AI28 -> 0.2125 | CX28: =AJ28 -> 0 | CY28: =(((S28+R28)*AT28)/100) -> 9995.3391 | CZ28: =(((S28+R28)*AU28)/100) -> 5763.0784 | DE28: )*1,25 | DF28: )*1,25 | DG28: )*1,15 | DI28: )*1,15 | DJ28: )*1,25 | DN28: 0 | DO28: 0 | DP28: 1 | DQ28: 1 | DU28: 1005 | DV28: 100 м2 | DW28: 100 м2 | DX28: 100 | EE28: 15139101 | EF28: 2 | EG28: Общестроительные работы | EH28: 0 | EJ28: 1 | EK28: 11001 | EL28: Полы | EM28: ФЕР-11 | EO28: Поправка: МДС 81-35.2004, п.4.7 | EQ28: 0 | ER28: 11028.89 | ES28: 10701.33 | ET28: 6.23 | EU28: 1.97 | EV28: 321.33 | EW28: 37.67 | EX28: 0.17 | EY28: 0 | FQ28: 0 | FR28: =ROUND(IF(AND(BH28=3,BI28=3),P28,0),2) -> 0 | FS28: 0 | FT28: *0,9 | FU28: *0,85 | FX28: 110.7 | FY28: 63.75 | GD28: 0 | GF28: 973139087 | GG28: 2 | GH28: 1 | GI28: -2 | GJ28: 0 | GK28: =ROUND(R28*(R12)/100,2) -> 0 | GL28: =ROUND(IF(AND(BH28=3,BI28=3,FS28<>0),P28,0),2) -> 0 | GM28: =ROUND(O28+X28+Y28+GK28,2)+GX28 -> 283939.23 | GN28: =IF(OR(BI28=0,BI28=1),ROUND(O28+X28+Y28+GK28,2),0) -> 283939.23 | GO28: =IF(BI28=2,ROUND(O28+X28+Y28+GK28,2),0) -> 0 | GP28: =IF(BI28=4,ROUND(O28+X28+Y28+GK28,2)+GX28,0) -> 0 | GR28: 0 | GS28: 3 | GT28: 0 | GV28: =ROUND(GT28,6) -> 0 | GW28: 1 | GX28: =ROUND(GV28*GW28*I28,2) -> 0 | HA28: 0 | HB28: 0 | IK28: 0
A29: 17 | B29: 1 | C29: =ROW(SmtRes!A22) -> 22 | D29: =ROW(EtalonRes!A26) -> 26 | E29: 3 | F29: 11-01-011-08 | G29: Устройство стяжек из выравнивающей смеси типа "Старатели" , толщиной 5 мм | H29: 100 м2 | I29: =ROUND(2420.7/100,9) -> 24.207 | J29: 0 | O29: =ROUND(CP29,2) -> 1831674.9 | P29: =ROUND(CQ29*I29,2) -> 1769291.7 | Q29: =ROUND(CR29*I29,2) -> 1287.54 | R29: =ROUND(CS29*I29,2) -> 407.13 | S29: =ROUND(CT29*I29,2) -> 61095.72 | T29: =ROUND(CU29*I29,2) -> 0 | U29: =CV29*I29 -> 1048.6593 | V29: =CW29*I29 -> 5.1439875 | W29: =ROUND(CX29*I29,2) -> 0 | X29: =ROUND(CY29,2) -> 68268.16 | Y29: =ROUND(CZ29,2) -> 39361.82 | AA29: 16492570 | AB29: =ROUND((AC29+AD29+AF29),6) -> 11078.647 | AC29: =ROUND((ES29),6) -> 10701.33 | AD29: =ROUND(((((ET29*1.25))-((EU29*1.25)))+AE29),6) -> 7.7875 | AE29: =ROUND(((EU29*1.25)),6) -> 2.4625 | AF29: =ROUND(((EV29*1.15)),6) -> 369.5295 | AG29: =ROUND((AP29),6) -> 0 | AH29: =((EW29*1.15)) -> 43.3205 | AI29: =((EX29*1.25)) -> 0.2125 | AJ29: =ROUND((AS29),6) -> 0 | AK29: 11028.89 | AL29: 10701.33 | AM29: 6.23 | AN29: 1.97 | AO29: 321.33 | AP29: 0 | AQ29: 37.67 | AR29: 0.17 | AS29: 0 | AT29: 111 | AU29: 64 | AV29: 1 | AW29: 1 | AZ29: 6.83 | BA29: 6.83 | BB29: 6.83 | BC29: 6.83 | BH29: 0 | BI29: 1 | BJ29: ФЕР-2001, 11-01-011-08, приказ Минстроя России №1039/пр от 30.12.2016г. | BM29: 11001 | BN29: 0 | BP29: 0 | BQ29: 2 | BR29: 0 | BS29: 6.83 | BT29: 1 | BU29: 1 | BV29: 1 | BW29: 1 | BX29: 1 | BZ29: 123 | CA29: 75 | CF29: 0 | CG29: 0 | CM29: 0 | CN29: Поправка: МДС 81-35.2004, п.4.7 Наименование: Работы, выполняемые при реконструкции зданий и сооружений работы, аналогичные технологическим процессам в новом строительстве (в том числе возведение новых конструктивных элементов) стоимость которых определена по соответствующим сборникам ФЕР, кроме сборника № 46 «Работы при реконструкции зданий и сооружений» | CO29: 0 | CP29: =(P29+Q29+S29) -> 1831674.9 | CQ29: =AC29*BC29 -> 73090.084 | CR29: =AD29*BB29 -> 53.188625 | CS29: =AE29*BS29 -> 16.818875 | CT29: =AF29*BA29 -> 2523.8865 | CU29: =AG29 -> 0 | CV29: =AH29 -> 43.3205 | CW29: =AI29 -> 0.2125 | CX29: =AJ29 -> 0 | CY29: =(((S29+R29)*AT29)/100) -> 68268.163 | CZ29: =(((S29+R29)*AU29)/100) -> 39361.824 | DE29: )*1,25 | DF29: )*1,25 | DG29: )*1,15 | DI29: )*1,15 | DJ29: )*1,25 | DN29: 0 | DO29: 0 | DP29: 1 | DQ29: 1 | DU29: 1005 | DV29: 100 м2 | DW29: 100 м2 | DX29: 100 | EE29: 15139101 | EF29: 2 | EG29: Общестроительные работы | EH29: 0 | EJ29: 1 | EK29: 11001 | EL29: Полы | EM29: ФЕР-11 | EO29: Поправка: МДС 81-35.2004, п.4.7 | EQ29: 0 | ER29: 11028.89 | ES29: 10701.33 | ET29: 6.23 | EU29: 1.97 | EV29: 321.33 | EW29: 37.67 | EX29: 0.17 | EY29: 0 | FQ29: 0 | FR29: =ROUND(IF(AND(BH29=3,BI29=3),P29,0),2) -> 0 | FS29: 0 | FT29: *0,9 | FU29: *0,85 | FX29: 110.7 | FY29: 63.75 | GD29: 0 | GF29: 973139087 | GG29: 1 | GH29: 1 | GI29: 4 | GJ29: 0 | GK29: =ROUND(R29*(S12)/100,2) -> 0 | GL29: =ROUND(IF(AND(BH29=3,BI29=3,FS29<>0),P29,0),2) -> 0 | GM29: =ROUND(O29+X29+Y29+GK29,2)+GX29 -> 1939304.9 | GN29: =IF(OR(BI29=0,BI29=1),ROUND(O29+X29+Y29+GK29,2),0) -> 1939304.9 | GO29: =IF(BI29=2,ROUND(O29+X29+Y29+GK29,2),0) -> 0 | GP29: =IF(BI29=4,ROUND(O29+X29+Y29+GK29,2)+GX29,0) -> 0 | GR29: 0 | GS29: 3 | GT29: 0 | GV29: =ROUND(GT29,6) -> 0 | GW29: 1 | GX29: =ROUND(GV29*GW29*I29,2) -> 0 | HA29: 0 | HB29: 0 | IK29: 0
A30: 17 | B30: 1 | C30: =ROW(SmtRes!A33) -> 33 | D30: =ROW(EtalonRes!A38) -> 38 | E30: 4 | F30: 11-01-047-01 | G30: Устройство покрытий из плит керамогранитных размером 40х40 см | H30: 100 м2 | I30: =ROUND(2420.7/100,9) -> 24.207 | J30: 0 | O30: =ROUND(CP30,2) -> 522311.06 | P30: =ROUND(CQ30*I30,2) -> 456051.17 | Q30: =ROUND(CR30*I30,2) -> 584.6 | R30: =ROUND(CS30*I30,2) -> 423.86 | S30: =ROUND(CT30*I30,2) -> 65675.29 | T30: =ROUND(CU30*I30,2) -> 0 | U30: =CV30*I30 -> 7514.3369 | V30: =CW30*I30 -> 41.87811 | W30: =ROUND(CX30*I30,2) -> 0 | X30: =ROUND(CY30,2) -> 73370.06 | Y30: =ROUND(CZ30,2) -> 42303.46 | AA30: 16492569 | AB30: =ROUND((AC30+AD30+AF30),6) -> 21576.86 | AC30: =ROUND((ES30),6) -> 18839.64 | AD30: =ROUND((((ET30)-(EU30))+AE30),6) -> 24.15 | AE30: =ROUND((EU30),6) -> 17.51 | AF30: =ROUND((EV30),6) -> 2713.07 | AG30: =ROUND((AP30),6) -> 0 | AH30: =(EW30) -> 310.42 | AI30: =(EX30) -> 1.73 | AJ30: =ROUND((AS30),6) -> 0 | AK30: 21576.86 | AL30: 18839.64 | AM30: 24.15 | AN30: 17.51 | AO30: 2713.07 | AP30: 0 | AQ30: 310.42 | AR30: 1.73 | AS30: 0 | AT30: 111 | AU30: 64 | AV30: 1 | AW30: 1 | AZ30: 1 | BA30: 1 | BB30: 1 | BC30: 1 | BH30: 0 | BI30: 1 | BJ30: ФЕР-2001, 11-01-047-01, приказ Минстроя России №1039/пр от 30.12.2016г. | BM30: 11001 | BN30: 0 | BP30: 0 | BQ30: 2 | BR30: 0 | BS30: 1 | BT30: 1 | BU30: 1 | BV30: 1 | BW30: 1 | BX30: 1 | BZ30: 123 | CA30: 75 | CF30: 0 | CG30: 0 | CM30: 0 | CO30: 0 | CP30: =(P30+Q30+S30) -> 522311.06 | CQ30: =AC30*BC30 -> 18839.64 | CR30: =AD30*BB30 -> 24.15 | CS30: =AE30*BS30 -> 17.51 | CT30: =AF30*BA30 -> 2713.07 | CU30: =AG30 -> 0 | CV30: =AH30 -> 310.42 | CW30: =AI30 -> 1.73 | CX30: =AJ30 -> 0 | CY30: =(((S30+R30)*AT30)/100) -> 73370.056 | CZ30: =(((S30+R30)*AU30)/100) -> 42303.456 | DN30: 0 | DO30: 0 | DP30: 1 | DQ30: 1 | DU30: 1005 | DV30: 100 м2 | DW30: 100 м2 | DX30: 100 | EE30: 15139101 | EF30: 2 | EG30: Общестроительные работы | EH30: 0 | EJ30: 1 | EK30: 11001 | EL30: Полы | EM30: ФЕР-11 | EQ30: 0 | ER30: 21576.86 | ES30: 18839.64 | ET30: 24.15 | EU30: 17.51 | EV30: 2713.07 | EW30: 310.42 | EX30: 1.73 | EY30: 0 | FQ30: 0 | FR30: =ROUND(IF(AND(BH30=3,BI30=3),P30,0),2) -> 0 | FS30: 0 | FT30: *0,9 | FU30: *0,85 | FX30: 110.7 | FY30: 63.75 | GD30: 0 | GF30: 445220548 | GG30: 2 | GH30: 1 | GI30: -2 | GJ30: 0 | GK30: =ROUND(R30*(R12)/100,2) -> 0 | GL30: =ROUND(IF(AND(BH30=3,BI30=3,FS30<>0),P30,0),2) -> 0 | GM30: =ROUND(O30+X30+Y30+GK30,2)+GX30 -> 637984.58 | GN30: =IF(OR(BI30=0,BI30=1),ROUND(O30+X30+Y30+GK30,2),0) -> 637984.58 | GO30: =IF(BI30=2,ROUND(O30+X30+Y30+GK30,2),0) -> 0 | GP30: =IF(BI30=4,ROUND(O30+X30+Y30+GK30,2)+GX30,0) -> 0 | GR30: 0 | GS30: 3 | GT30: 0 | GV30: =ROUND(GT30,6) -> 0 | GW30: 1 | GX30: =ROUND(GV30*GW30*I30,2) -> 0 | HA30: 0 | HB30: 0 | IK30: 0
A31: 17 | B31: 1 | C31: =ROW(SmtRes!A44) -> 44 | D31: =ROW(EtalonRes!A50) -> 50 | E31: 4 | F31: 11-01-047-01 | G31: Устройство покрытий из плит керамогранитных размером 40х40 см | H31: 100 м2 | I31: =ROUND(2420.7/100,9) -> 24.207 | J31: 0 | O31: =ROUND(CP31,2) -> 3567384.5 | P31: =ROUND(CQ31*I31,2) -> 3114829.5 | Q31: =ROUND(CR31*I31,2) -> 3992.81 | R31: =ROUND(CS31*I31,2) -> 2895 | S31: =ROUND(CT31*I31,2) -> 448562.2 | T31: =ROUND(CU31*I31,2) -> 0 | U31: =CV31*I31 -> 7514.3369 | V31: =CW31*I31 -> 41.87811 | W31: =ROUND(CX31*I31,2) -> 0 | X31: =ROUND(CY31,2) -> 501117.49 | Y31: =ROUND(CZ31,2) -> 288932.61 | AA31: 16492570 | AB31: =ROUND((AC31+AD31+AF31),6) -> 21576.86 | AC31: =ROUND((ES31),6) -> 18839.64 | AD31: =ROUND((((ET31)-(EU31))+AE31),6) -> 24.15 | AE31: =ROUND((EU31),6) -> 17.51 | AF31: =ROUND((EV31),6) -> 2713.07 | AG31: =ROUND((AP31),6) -> 0 | AH31: =(EW31) -> 310.42 | AI31: =(EX31) -> 1.73 | AJ31: =ROUND((AS31),6) -> 0 | AK31: 21576.86 | AL31: 18839.64 | AM31: 24.15 | AN31: 17.51 | AO31: 2713.07 | AP31: 0 | AQ31: 310.42 | AR31: 1.73 | AS31: 0 | AT31: 111 | AU31: 64 | AV31: 1 | AW31: 1 | AZ31: 6.83 | BA31: 6.83 | BB31: 6.83 | BC31: 6.83 | BH31: 0 | BI31: 1 | BJ31: ФЕР-2001, 11-01-047-01, приказ Минстроя России №1039/пр от 30.12.2016г. | BM31: 11001 | BN31: 0 | BP31: 0 | BQ31: 2 | BR31: 0 | BS31: 6.83 | BT31: 1 | BU31: 1 | BV31: 1 | BW31: 1 | BX31: 1 | BZ31: 123 | CA31: 75 | CF31: 0 | CG31: 0 | CM31: 0 | CO31: 0 | CP31: =(P31+Q31+S31) -> 3567384.5 | CQ31: =AC31*BC31 -> 128674.74 | CR31: =AD31*BB31 -> 164.9445 | CS31: =AE31*BS31 -> 119.5933 | CT31: =AF31*BA31 -> 18530.268 | CU31: =AG31 -> 0 | CV31: =AH31 -> 310.42 | CW31: =AI31 -> 1.73 | CX31: =AJ31 -> 0 | CY31: =(((S31+R31)*AT31)/100) -> 501117.49 | CZ31: =(((S31+R31)*AU31)/100) -> 288932.61 | DN31: 0 | DO31: 0 | DP31: 1 | DQ31: 1 | DU31: 1005 | DV31: 100 м2 | DW31: 100 м2 | DX31: 100 | EE31: 15139101 | EF31: 2 | EG31: Общестроительные работы | EH31: 0 | EJ31: 1 | EK31: 11001 | EL31: Полы | EM31: ФЕР-11 | EQ31: 0 | ER31: 21576.86 | ES31: 18839.64 | ET31: 24.15 | EU31: 17.51 | EV31: 2713.07 | EW31: 310.42 | EX31: 1.73 | EY31: 0 | FQ31: 0 | FR31: =ROUND(IF(AND(BH31=3,BI31=3),P31,0),2) -> 0 | FS31: 0 | FT31: *0,9 | FU31: *0,85 | FX31: 110.7 | FY31: 63.75 | GD31: 0 | GF31: 445220548 | GG31: 1 | GH31: 1 | GI31: 4 | GJ31: 0 | GK31: =ROUND(R31*(S12)/100,2) -> 0 | GL31: =ROUND(IF(AND(BH31=3,BI31=3,FS31<>0),P31,0),2) -> 0 | GM31: =ROUND(O31+X31+Y31+GK31,2)+GX31 -> 4357434.6 | GN31: =IF(OR(BI31=0,BI31=1),ROUND(O31+X31+Y31+GK31,2),0) -> 4357434.6 | GO31: =IF(BI31=2,ROUND(O31+X31+Y31+GK31,2),0) -> 0 | GP31: =IF(BI31=4,ROUND(O31+X31+Y31+GK31,2)+GX31,0) -> 0 | GR31: 0 | GS31: 3 | GT31: 0 | GV31: =ROUND(GT31,6) -> 0 | GW31: 1 | GX31: =ROUND(GV31*GW31*I31,2) -> 0 | HA31: 0 | HB31: 0 | IK31: 0
A32: 18 | B32: 1 | C32: 33 | E32: 4,1 | F32: 14.3.01.02-0103 | G32: Грунтовка воднодисперсионная CERESIT CT 17 | H32: л | I32: =I30*J32 -> 484.14 | J32: 20 | O32: =ROUND(CP32,2) -> 4425.04 | P32: =ROUND(CQ32*I32,2) -> 4425.04 | Q32: =ROUND(CR32*I32,2) -> 0 | R32: =ROUND(CS32*I32,2) -> 0 | S32: =ROUND(CT32*I32,2) -> 0 | T32: =ROUND(CU32*I32,2) -> 0 | U32: =CV32*I32 -> 0 | V32: =CW32*I32 -> 0 | W32: =ROUND(CX32*I32,2) -> 0 | X32: =ROUND(CY32,2) -> 0 | Y32: =ROUND(CZ32,2) -> 0 | AA32: 16492569 | AB32: =ROUND((AC32+AD32+AF32),6) -> 9.14 | AC32: =ROUND((ES32),6) -> 9.14 | AD32: =ROUND((((ET32)-(EU32))+AE32),6) -> 0 | AE32: =ROUND((EU32),6) -> 0 | AF32: =ROUND((EV32),6) -> 0 | AG32: =ROUND((AP32),6) -> 0 | AH32: =(EW32) -> 0 | AI32: =(EX32) -> 0 | AJ32: =ROUND((AS32),6) -> 0 | AK32: 9.14 | AL32: 9.14 | AM32: 0 | AN32: 0 | AO32: 0 | AP32: 0 | AQ32: 0 | AR32: 0 | AS32: 0 | AT32: 111 | AU32: 64 | AV32: 1 | AW32: 1 | AZ32: 1 | BA32: 1 | BB32: 1 | BC32: 1 | BH32: 3 | BI32: 1 | BJ32: ФССЦ-2001, 14.3.01.02-0103, приказ Минстроя России №1039/пр от 30.12.2016г. | BM32: 11001 | BN32: 0 | BP32: 0 | BQ32: 2 | BR32: 0 | BS32: 1 | BT32: 1 | BU32: 1 | BV32: 1 | BW32: 1 | BX32: 1 | BZ32: 123 | CA32: 75 | CF32: 0 | CG32: 0 | CM32: 0 | CO32: 0 | CP32: =(P32+Q32+S32) -> 4425.04 | CQ32: =AC32*BC32 -> 9.14 | CR32: =AD32*BB32 -> 0 | CS32: =AE32*BS32 -> 0 | CT32: =AF32*BA32 -> 0 | CU32: =AG32 -> 0 | CV32: =AH32 -> 0 | CW32: =AI32 -> 0 | CX32: =AJ32 -> 0 | CY32: =(((S32+R32)*AT32)/100) -> 0 | CZ32: =(((S32+R32)*AU32)/100) -> 0 | DN32: 0 | DO32: 0 | DP32: 1 | DQ32: 1 | DU32: 1002 | DV32: л | DW32: л | DX32: 1 | EE32: 15139101 | EF32: 2 | EG32: Общестроительные работы | EH32: 0 | EJ32: 1 | EK32: 11001 | EL32: Полы | EM32: ФЕР-11 | EQ32: 0 | ER32: 9.14 | ES32: 9.14 | ET32: 0 | EU32: 0 | EV32: 0 | EW32: 0 | EX32: 0 | FQ32: 0 | FR32: =ROUND(IF(AND(BH32=3,BI32=3),P32,0),2) -> 0 | FS32: 0 | FT32: *0,9 | FU32: *0,85 | FX32: 110.7 | FY32: 63.75 | GD32: 0 | GF32: -972933126 | GG32: 2 | GH32: 1 | GI32: -2 | GJ32: 0 | GK32: =ROUND(R32*(R12)/100,2) -> 0 | GL32: =ROUND(IF(AND(BH32=3,BI32=3,FS32<>0),P32,0),2) -> 0 | GM32: =ROUND(O32+X32+Y32+GK32,2)+GX32 -> 4425.04 | GN32: =IF(OR(BI32=0,BI32=1),ROUND(O32+X32+Y32+GK32,2),0) -> 4425.04 | GO32: =IF(BI32=2,ROUND(O32+X32+Y32+GK32,2),0) -> 0 | GP32: =IF(BI32=4,ROUND(O32+X32+Y32+GK32,2)+GX32,0) -> 0 | GR32: 0 | GS32: 3 | GT32: 0 | GV32: =ROUND(GT32,6) -> 0 | GW32: 1 | GX32: =ROUND(GV32*GW32*I32,2) -> 0 | HA32: 0 | HB32: 0 | IK32: 0
A33: 18 | B33: 1 | C33: 44 | E33: 4,1 | F33: 14.3.01.02-0103 | G33: Грунтовка воднодисперсионная CERESIT CT 17 | H33: л | I33: =I31*J33 -> 484.14 | J33: 20 | O33: =ROUND(CP33,2) -> 30223.02 | P33: =ROUND(CQ33*I33,2) -> 30223.02 | Q33: =ROUND(CR33*I33,2) -> 0 | R33: =ROUND(CS33*I33,2) -> 0 | S33: =ROUND(CT33*I33,2) -> 0 | T33: =ROUND(CU33*I33,2) -> 0 | U33: =CV33*I33 -> 0 | V33: =CW33*I33 -> 0 | W33: =ROUND(CX33*I33,2) -> 0 | X33: =ROUND(CY33,2) -> 0 | Y33: =ROUND(CZ33,2) -> 0 | AA33: 16492570 | AB33: =ROUND((AC33+AD33+AF33),6) -> 9.14 | AC33: =ROUND((ES33),6) -> 9.14 | AD33: =ROUND((((ET33)-(EU33))+AE33),6) -> 0 | AE33: =ROUND((EU33),6) -> 0 | AF33: =ROUND((EV33),6) -> 0 | AG33: =ROUND((AP33),6) -> 0 | AH33: =(EW33) -> 0 | AI33: =(EX33) -> 0 | AJ33: =ROUND((AS33),6) -> 0 | AK33: 9.14 | AL33: 9.14 | AM33: 0 | AN33: 0 | AO33: 0 | AP33: 0 | AQ33: 0 | AR33: 0 | AS33: 0 | AT33: 111 | AU33: 64 | AV33: 1 | AW33: 1 | AZ33: 6.83 | BA33: 1 | BB33: 1 | BC33: 6.83 | BH33: 3 | BI33: 1 | BJ33: ФССЦ-2001, 14.3.01.02-0103, приказ Минстроя России №1039/пр от 30.12.2016г. | BM33: 11001 | BN33: 0 | BP33: 0 | BQ33: 2 | BR33: 0 | BS33: 1 | BT33: 1 | BU33: 1 | BV33: 1 | BW33: 1 | BX33: 1 | BZ33: 123 | CA33: 75 | CF33: 0 | CG33: 0 | CM33: 0 | CO33: 0 | CP33: =(P33+Q33+S33) -> 30223.02 | CQ33: =AC33*BC33 -> 62.4262 | CR33: =AD33*BB33 -> 0 | CS33: =AE33*BS33 -> 0 | CT33: =AF33*BA33 -> 0 | CU33: =AG33 -> 0 | CV33: =AH33 -> 0 | CW33: =AI33 -> 0 | CX33: =AJ33 -> 0 | CY33: =(((S33+R33)*AT33)/100) -> 0 | CZ33: =(((S33+R33)*AU33)/100) -> 0 | DN33: 0 | DO33: 0 | DP33: 1 | DQ33: 1 | DU33: 1002 | DV33: л | DW33: л | DX33: 1 | EE33: 15139101 | EF33: 2 | EG33: Общестроительные работы | EH33: 0 | EJ33: 1 | EK33: 11001 | EL33: Полы | EM33: ФЕР-11 | EQ33: 0 | ER33: 9.14 | ES33: 9.14 | ET33: 0 | EU33: 0 | EV33: 0 | EW33: 0 | EX33: 0 | FQ33: 0 | FR33: =ROUND(IF(AND(BH33=3,BI33=3),P33,0),2) -> 0 | FS33: 0 | FT33: *0,9 | FU33: *0,85 | FX33: 110.7 | FY33: 63.75 | GD33: 0 | GF33: -972933126 | GG33: 1 | GH33: 1 | GI33: 4 | GJ33: 0 | GK33: =ROUND(R33*(S12)/100,2) -> 0 | GL33: =ROUND(IF(AND(BH33=3,BI33=3,FS33<>0),P33,0),2) -> 0 | GM33: =ROUND(O33+X33+Y33+GK33,2)+GX33 -> 30223.02 | GN33: =IF(OR(BI33=0,BI33=1),ROUND(O33+X33+Y33+GK33,2),0) -> 30223.02 | GO33: =IF(BI33=2,ROUND(O33+X33+Y33+GK33,2),0) -> 0 | GP33: =IF(BI33=4,ROUND(O33+X33+Y33+GK33,2)+GX33,0) -> 0 | GR33: 0 | GS33: 3 | GT33: 0 | GV33: =ROUND(GT33,6) -> 0 | GW33: 1 | GX33: =ROUND(GV33*GW33*I33,2) -> 0 | HA33: 0 | HB33: 0 | IK33: 0
A34: 17 | B34: 1 | C34: =ROW(SmtRes!A50) -> 50 | D34: =ROW(EtalonRes!A56) -> 56 | E34: 5 | F34: 11-01-039-04 | G34: Устройство плинтусов из плиток керамических | H34: 100 м | I34: =ROUND(2636.7/100,9) -> 26.367 | J34: 0 | O34: =ROUND(CP34,2) -> 7050.12 | P34: =ROUND(CQ34*I34,2) -> 0 | Q34: =ROUND(CR34*I34,2) -> 181.27 | R34: =ROUND(CS34*I34,2) -> 45.48 | S34: =ROUND(CT34*I34,2) -> 6868.85 | T34: =ROUND(CU34*I34,2) -> 0 | U34: =CV34*I34 -> 722.27123 | V34: =CW34*I34 -> 3.6254625 | W34: =ROUND(CX34*I34,2) -> 0 | X34: =ROUND(CY34,2) -> 7674.91 | Y34: =ROUND(CZ34,2) -> 4425.17 | AA34: 16492569 | AB34: =ROUND((AC34+AD34+AF34),6) -> 267.3845 | AC34: =ROUND((ES34),6) -> 0 | AD34: =ROUND(((((ET34*1.25))-((EU34*1.25)))+AE34),6) -> 6.875 | AE34: =ROUND(((EU34*1.25)),6) -> 1.725 | AF34: =ROUND(((EV34*1.15)),6) -> 260.5095 | AG34: =ROUND((AP34),6) -> 0 | AH34: =((EW34*1.15)) -> 27.393 | AI34: =((EX34*1.25)) -> 0.1375 | AJ34: =ROUND((AS34),6) -> 0 | AK34: 232.03 | AL34: 0 | AM34: 5.5 | AN34: 1.38 | AO34: 226.53 | AP34: 0 | AQ34: 23.82 | AR34: 0.11 | AS34: 0 | AT34: 111 | AU34: 64 | AV34: 1 | AW34: 1 | AZ34: 1 | BA34: 1 | BB34: 1 | BC34: 1 | BH34: 0 | BI34: 1 | BJ34: ФЕР-2001, 11-01-039-04, приказ Минстроя России №1039/пр от 30.12.2016г. | BM34: 11001 | BN34: 0 | BP34: 0 | BQ34: 2 | BR34: 0 | BS34: 1 | BT34: 1 | BU34: 1 | BV34: 1 | BW34: 1 | BX34: 1 | BZ34: 123 | CA34: 75 | CF34: 0 | CG34: 0 | CM34: 0 | CN34: Поправка: МДС 81-35.2004, п.4.7 Наименование: Работы, выполняемые при реконструкции зданий и сооружений работы, аналогичные технологическим процессам в новом строительстве (в том числе возведение новых конструктивных элементов) стоимость которых определена по соответствующим сборникам ФЕР, кроме сборника № 46 «Работы при реконструкции зданий и сооружений» | CO34: 0 | CP34: =(P34+Q34+S34) -> 7050.12 | CQ34: =AC34*BC34 -> 0 | CR34: =AD34*BB34 -> 6.875 | CS34: =AE34*BS34 -> 1.725 | CT34: =AF34*BA34 -> 260.5095 | CU34: =AG34 -> 0 | CV34: =AH34 -> 27.393 | CW34: =AI34 -> 0.1375 | CX34: =AJ34 -> 0 | CY34: =(((S34+R34)*AT34)/100) -> 7674.9063 | CZ34: =(((S34+R34)*AU34)/100) -> 4425.1712 | DE34: )*1,25 | DF34: )*1,25 | DG34: )*1,15 | DI34: )*1,15 | DJ34: )*1,25 | DN34: 0 | DO34: 0 | DP34: 1 | DQ34: 1 | DU34: 1003 | DV34: 100 м | DW34: 100 м | DX34: 100 | EE34: 15139101 | EF34: 2 | EG34: Общестроительные работы | EH34: 0 | EJ34: 1 | EK34: 11001 | EL34: Полы | EM34: ФЕР-11 | EO34: Поправка: МДС 81-35.2004, п.4.7 | EQ34: 0 | ER34: 232.03 | ES34: 0 | ET34: 5.5 | EU34: 1.38 | EV34: 226.53 | EW34: 23.82 | EX34: 0.11 | EY34: 0 | FQ34: 0 | FR34: =ROUND(IF(AND(BH34=3,BI34=3),P34,0),2) -> 0 | FS34: 0 | FT34: *0,9 | FU34: *0,85 | FX34: 110.7 | FY34: 63.75 | GD34: 0 | GF34: 1990727352 | GG34: 2 | GH34: 1 | GI34: -2 | GJ34: 0 | GK34: =ROUND(R34*(R12)/100,2) -> 0 | GL34: =ROUND(IF(AND(BH34=3,BI34=3,FS34<>0),P34,0),2) -> 0 | GM34: =ROUND(O34+X34+Y34+GK34,2)+GX34 -> 19150.2 | GN34: =IF(OR(BI34=0,BI34=1),ROUND(O34+X34+Y34+GK34,2),0) -> 19150.2 | GO34: =IF(BI34=2,ROUND(O34+X34+Y34+GK34,2),0) -> 0 | GP34: =IF(BI34=4,ROUND(O34+X34+Y34+GK34,2)+GX34,0) -> 0 | GR34: 0 | GS34: 3 | GT34: 0 | GV34: =ROUND(GT34,6) -> 0 | GW34: 1 | GX34: =ROUND(GV34*GW34*I34,2) -> 0 | HA34: 0 | HB34: 0 | IK34: 0
A35: 17 | B35: 1 | C35: =ROW(SmtRes!A56) -> 56 | D35: =ROW(EtalonRes!A62) -> 62 | E35: 5 | F35: 11-01-039-04 | G35: Устройство плинтусов из плиток керамических | H35: 100 м | I35: =ROUND(2636.7/100,9) -> 26.367 | J35: 0 | O35: =ROUND(CP35,2) -> 48152.37 | P35: =ROUND(CQ35*I35,2) -> 0 | Q35: =ROUND(CR35*I35,2) -> 1238.1 | R35: =ROUND(CS35*I35,2) -> 310.65 | S35: =ROUND(CT35*I35,2) -> 46914.27 | T35: =ROUND(CU35*I35,2) -> 0 | U35: =CV35*I35 -> 722.27123 | V35: =CW35*I35 -> 3.6254625 | W35: =ROUND(CX35*I35,2) -> 0 | X35: =ROUND(CY35,2) -> 52419.66 | Y35: =ROUND(CZ35,2) -> 30223.95 | AA35: 16492570 | AB35: =ROUND((AC35+AD35+AF35),6) -> 267.3845 | AC35: =ROUND((ES35),6) -> 0 | AD35: =ROUND(((((ET35*1.25))-((EU35*1.25)))+AE35),6) -> 6.875 | AE35: =ROUND(((EU35*1.25)),6) -> 1.725 | AF35: =ROUND(((EV35*1.15)),6) -> 260.5095 | AG35: =ROUND((AP35),6) -> 0 | AH35: =((EW35*1.15)) -> 27.393 | AI35: =((EX35*1.25)) -> 0.1375 | AJ35: =ROUND((AS35),6) -> 0 | AK35: 232.03 | AL35: 0 | AM35: 5.5 | AN35: 1.38 | AO35: 226.53 | AP35: 0 | AQ35: 23.82 | AR35: 0.11 | AS35: 0 | AT35: 111 | AU35: 64 | AV35: 1 | AW35: 1 | AZ35: 6.83 | BA35: 6.83 | BB35: 6.83 | BC35: 6.83 | BH35: 0 | BI35: 1 | BJ35: ФЕР-2001, 11-01-039-04, приказ Минстроя России №1039/пр от 30.12.2016г. | BM35: 11001 | BN35: 0 | BP35: 0 | BQ35: 2 | BR35: 0 | BS35: 6.83 | BT35: 1 | BU35: 1 | BV35: 1 | BW35: 1 | BX35: 1 | BZ35: 123 | CA35: 75 | CF35: 0 | CG35: 0 | CM35: 0 | CN35: Поправка: МДС 81-35.2004, п.4.7 Наименование: Работы, выполняемые при реконструкции зданий и сооружений работы, аналогичные технологическим процессам в новом строительстве (в том числе возведение новых конструктивных элементов) стоимость которых определена по соответствующим сборникам ФЕР, кроме сборника № 46 «Работы при реконструкции зданий и сооружений» | CO35: 0 | CP35: =(P35+Q35+S35) -> 48152.37 | CQ35: =AC35*BC35 -> 0 | CR35: =AD35*BB35 -> 46.95625 | CS35: =AE35*BS35 -> 11.78175 | CT35: =AF35*BA35 -> 1779.2799 | CU35: =AG35 -> 0 | CV35: =AH35 -> 27.393 | CW35: =AI35 -> 0.1375 | CX35: =AJ35 -> 0 | CY35: =(((S35+R35)*AT35)/100) -> 52419.661 | CZ35: =(((S35+R35)*AU35)/100) -> 30223.949 | DE35: )*1,25 | DF35: )*1,25 | DG35: )*1,15 | DI35: )*1,15 | DJ35: )*1,25 | DN35: 0 | DO35: 0 | DP35: 1 | DQ35: 1 | DU35: 1003 | DV35: 100 м | DW35: 100 м | DX35: 100 | EE35: 15139101 | EF35: 2 | EG35: Общестроительные работы | EH35: 0 | EJ35: 1 | EK35: 11001 | EL35: Полы | EM35: ФЕР-11 | EO35: Поправка: МДС 81-35.2004, п.4.7 | EQ35: 0 | ER35: 232.03 | ES35: 0 | ET35: 5.5 | EU35: 1.38 | EV35: 226.53 | EW35: 23.82 | EX35: 0.11 | EY35: 0 | FQ35: 0 | FR35: =ROUND(IF(AND(BH35=3,BI35=3),P35,0),2) -> 0 | FS35: 0 | FT35: *0,9 | FU35: *0,85 | FX35: 110.7 | FY35: 63.75 | GD35: 0 | GF35: 1990727352 | GG35: 1 | GH35: 1 | GI35: 4 | GJ35: 0 | GK35: =ROUND(R35*(S12)/100,2) -> 0 | GL35: =ROUND(IF(AND(BH35=3,BI35=3,FS35<>0),P35,0),2) -> 0 | GM35: =ROUND(O35+X35+Y35+GK35,2)+GX35 -> 130795.98 | GN35: =IF(OR(BI35=0,BI35=1),ROUND(O35+X35+Y35+GK35,2),0) -> 130795.98 | GO35: =IF(BI35=2,ROUND(O35+X35+Y35+GK35,2),0) -> 0 | GP35: =IF(BI35=4,ROUND(O35+X35+Y35+GK35,2)+GX35,0) -> 0 | GR35: 0 | GS35: 3 | GT35: 0 | GV35: =ROUND(GT35,6) -> 0 | GW35: 1 | GX35: =ROUND(GV35*GW35*I35,2) -> 0 | HA35: 0 | HB35: 0 | IK35: 0
A36: 18 | B36: 1 | C36: 49 | E36: 5,1 | F36: 06.2.05.03-0057 | G36: Плитки керамогранитные размером 400х400х9 мм | H36: м2 | I36: =I34*J36 -> 266.30153 | J36: 10.099804 | O36: =ROUND(CP36,2) -> 17504 | P36: =ROUND(CQ36*I36,2) -> 17504 | Q36: =ROUND(CR36*I36,2) -> 0 | R36: =ROUND(CS36*I36,2) -> 0 | S36: =ROUND(CT36*I36,2) -> 0 | T36: =ROUND(CU36*I36,2) -> 0 | U36: =CV36*I36 -> 0 | V36: =CW36*I36 -> 0 | W36: =ROUND(CX36*I36,2) -> 0 | X36: =ROUND(CY36,2) -> 0 | Y36: =ROUND(CZ36,2) -> 0 | AA36: 16492569 | AB36: =ROUND((AC36+AD36+AF36),6) -> 65.73 | AC36: =ROUND((ES36),6) -> 65.73 | AD36: =ROUND((((ET36)-(EU36))+AE36),6) -> 0 | AE36: =ROUND((EU36),6) -> 0 | AF36: =ROUND((EV36),6) -> 0 | AG36: =ROUND((AP36),6) -> 0 | AH36: =(EW36) -> 0 | AI36: =(EX36) -> 0 | AJ36: =ROUND((AS36),6) -> 0 | AK36: 65.73 | AL36: 65.73 | AM36: 0 | AN36: 0 | AO36: 0 | AP36: 0 | AQ36: 0 | AR36: 0 | AS36: 0 | AT36: 111 | AU36: 64 | AV36: 1 | AW36: 1 | AZ36: 1 | BA36: 1 | BB36: 1 | BC36: 1 | BH36: 3 | BI36: 1 | BJ36: ФССЦ-2001, 06.2.05.03-0057, приказ Минстроя России №1039/пр от 30.12.2016г. | BM36: 11001 | BN36: 0 | BP36: 0 | BQ36: 2 | BR36: 0 | BS36: 1 | BT36: 1 | BU36: 1 | BV36: 1 | BW36: 1 | BX36: 1 | BZ36: 123 | CA36: 75 | CF36: 0 | CG36: 0 | CM36: 0 | CO36: 0 | CP36: =(P36+Q36+S36) -> 17504 | CQ36: =AC36*BC36 -> 65.73 | CR36: =AD36*BB36 -> 0 | CS36: =AE36*BS36 -> 0 | CT36: =AF36*BA36 -> 0 | CU36: =AG36 -> 0 | CV36: =AH36 -> 0 | CW36: =AI36 -> 0 | CX36: =AJ36 -> 0 | CY36: =(((S36+R36)*AT36)/100) -> 0 | CZ36: =(((S36+R36)*AU36)/100) -> 0 | DN36: 0 | DO36: 0 | DP36: 1 | DQ36: 1 | DU36: 1005 | DV36: м2 | DW36: м2 | DX36: 1 | EE36: 15139101 | EF36: 2 | EG36: Общестроительные работы | EH36: 0 | EJ36: 1 | EK36: 11001 | EL36: Полы | EM36: ФЕР-11 | EQ36: 0 | ER36: 65.73 | ES36: 65.73 | ET36: 0 | EU36: 0 | EV36: 0 | EW36: 0 | EX36: 0 | FQ36: 0 | FR36: =ROUND(IF(AND(BH36=3,BI36=3),P36,0),2) -> 0 | FS36: 0 | FT36: *0,9 | FU36: *0,85 | FX36: 110.7 | FY36: 63.75 | GD36: 0 | GF36: -1358421812 | GG36: 2 | GH36: 1 | GI36: -2 | GJ36: 0 | GK36: =ROUND(R36*(R12)/100,2) -> 0 | GL36: =ROUND(IF(AND(BH36=3,BI36=3,FS36<>0),P36,0),2) -> 0 | GM36: =ROUND(O36+X36+Y36+GK36,2)+GX36 -> 17504 | GN36: =IF(OR(BI36=0,BI36=1),ROUND(O36+X36+Y36+GK36,2),0) -> 17504 | GO36: =IF(BI36=2,ROUND(O36+X36+Y36+GK36,2),0) -> 0 | GP36: =IF(BI36=4,ROUND(O36+X36+Y36+GK36,2)+GX36,0) -> 0 | GR36: 0 | GS36: 3 | GT36: 0 | GV36: =ROUND(GT36,6) -> 0 | GW36: 1 | GX36: =ROUND(GV36*GW36*I36,2) -> 0 | HA36: 0 | HB36: 0 | IK36: 0
A37: 18 | B37: 1 | C37: 55 | E37: 5,1 | F37: 06.2.05.03-0057 | G37: Плитки керамогранитные размером 400х400х9 мм | H37: м2 | I37: =I35*J37 -> 266.30153 | J37: 10.099804 | O37: =ROUND(CP37,2) -> 119552.32 | P37: =ROUND(CQ37*I37,2) -> 119552.32 | Q37: =ROUND(CR37*I37,2) -> 0 | R37: =ROUND(CS37*I37,2) -> 0 | S37: =ROUND(CT37*I37,2) -> 0 | T37: =ROUND(CU37*I37,2) -> 0 | U37: =CV37*I37 -> 0 | V37: =CW37*I37 -> 0 | W37: =ROUND(CX37*I37,2) -> 0 | X37: =ROUND(CY37,2) -> 0 | Y37: =ROUND(CZ37,2) -> 0 | AA37: 16492570 | AB37: =ROUND((AC37+AD37+AF37),6) -> 65.73 | AC37: =ROUND((ES37),6) -> 65.73 | AD37: =ROUND((((ET37)-(EU37))+AE37),6) -> 0 | AE37: =ROUND((EU37),6) -> 0 | AF37: =ROUND((EV37),6) -> 0 | AG37: =ROUND((AP37),6) -> 0 | AH37: =(EW37) -> 0 | AI37: =(EX37) -> 0 | AJ37: =ROUND((AS37),6) -> 0 | AK37: 65.73 | AL37: 65.73 | AM37: 0 | AN37: 0 | AO37: 0 | AP37: 0 | AQ37: 0 | AR37: 0 | AS37: 0 | AT37: 111 | AU37: 64 | AV37: 1 | AW37: 1 | AZ37: 6.83 | BA37: 1 | BB37: 1 | BC37: 6.83 | BH37: 3 | BI37: 1 | BJ37: ФССЦ-2001, 06.2.05.03-0057, приказ Минстроя России №1039/пр от 30.12.2016г. | BM37: 11001 | BN37: 0 | BP37: 0 | BQ37: 2 | BR37: 0 | BS37: 1 | BT37: 1 | BU37: 1 | BV37: 1 | BW37: 1 | BX37: 1 | BZ37: 123 | CA37: 75 | CF37: 0 | CG37: 0 | CM37: 0 | CO37: 0 | CP37: =(P37+Q37+S37) -> 119552.32 | CQ37: =AC37*BC37 -> 448.9359 | CR37: =AD37*BB37 -> 0 | CS37: =AE37*BS37 -> 0 | CT37: =AF37*BA37 -> 0 | CU37: =AG37 -> 0 | CV37: =AH37 -> 0 | CW37: =AI37 -> 0 | CX37: =AJ37 -> 0 | CY37: =(((S37+R37)*AT37)/100) -> 0 | CZ37: =(((S37+R37)*AU37)/100) -> 0 | DN37: 0 | DO37: 0 | DP37: 1 | DQ37: 1 | DU37: 1005 | DV37: м2 | DW37: м2 | DX37: 1 | EE37: 15139101 | EF37: 2 | EG37: Общестроительные работы | EH37: 0 | EJ37: 1 | EK37: 11001 | EL37: Полы | EM37: ФЕР-11 | EQ37: 0 | ER37: 65.73 | ES37: 65.73 | ET37: 0 | EU37: 0 | EV37: 0 | EW37: 0 | EX37: 0 | FQ37: 0 | FR37: =ROUND(IF(AND(BH37=3,BI37=3),P37,0),2) -> 0 | FS37: 0 | FT37: *0,9 | FU37: *0,85 | FX37: 110.7 | FY37: 63.75 | GD37: 0 | GF37: -1358421812 | GG37: 1 | GH37: 1 | GI37: 4 | GJ37: 0 | GK37: =ROUND(R37*(S12)/100,2) -> 0 | GL37: =ROUND(IF(AND(BH37=3,BI37=3,FS37<>0),P37,0),2) -> 0 | GM37: =ROUND(O37+X37+Y37+GK37,2)+GX37 -> 119552.32 | GN37: =IF(OR(BI37=0,BI37=1),ROUND(O37+X37+Y37+GK37,2),0) -> 119552.32 | GO37: =IF(BI37=2,ROUND(O37+X37+Y37+GK37,2),0) -> 0 | GP37: =IF(BI37=4,ROUND(O37+X37+Y37+GK37,2)+GX37,0) -> 0 | GR37: 0 | GS37: 3 | GT37: 0 | GV37: =ROUND(GT37,6) -> 0 | GW37: 1 | GX37: =ROUND(GV37*GW37*I37,2) -> 0 | HA37: 0 | HB37: 0 | IK37: 0
A38: 18 | B38: 1 | C38: 50 | E38: 5,2 | F38: 14.1.06.02-0044 | G38: Клей плиточный «Юнис Гранит» (толщ. 4 мм) | H38: кг | I38: =I34*J38 -> 1054.68 | J38: 40 | O38: =ROUND(CP38,2) -> 3891.77 | P38: =ROUND(CQ38*I38,2) -> 3891.77 | Q38: =ROUND(CR38*I38,2) -> 0 | R38: =ROUND(CS38*I38,2) -> 0 | S38: =ROUND(CT38*I38,2) -> 0 | T38: =ROUND(CU38*I38,2) -> 0 | U38: =CV38*I38 -> 0 | V38: =CW38*I38 -> 0 | W38: =ROUND(CX38*I38,2) -> 0 | X38: =ROUND(CY38,2) -> 0 | Y38: =ROUND(CZ38,2) -> 0 | AA38: 16492569 | AB38: =ROUND((AC38+AD38+AF38),6) -> 3.69 | AC38: =ROUND((ES38),6) -> 3.69 | AD38: =ROUND((((ET38)-(EU38))+AE38),6) -> 0 | AE38: =ROUND((EU38),6) -> 0 | AF38: =ROUND((EV38),6) -> 0 | AG38: =ROUND((AP38),6) -> 0 | AH38: =(EW38) -> 0 | AI38: =(EX38) -> 0 | AJ38: =ROUND((AS38),6) -> 0 | AK38: 3.69 | AL38: 3.69 | AM38: 0 | AN38: 0 | AO38: 0 | AP38: 0 | AQ38: 0 | AR38: 0 | AS38: 0 | AT38: 111 | AU38: 64 | AV38: 1 | AW38: 1 | AZ38: 1 | BA38: 1 | BB38: 1 | BC38: 1 | BH38: 3 | BI38: 1 | BJ38: ФССЦ-2001, 14.1.06.02-0044, приказ Минстроя России №1039/пр от 30.12.2016г. | BM38: 11001 | BN38: 0 | BP38: 0 | BQ38: 2 | BR38: 0 | BS38: 1 | BT38: 1 | BU38: 1 | BV38: 1 | BW38: 1 | BX38: 1 | BZ38: 123 | CA38: 75 | CF38: 0 | CG38: 0 | CM38: 0 | CO38: 0 | CP38: =(P38+Q38+S38) -> 3891.77 | CQ38: =AC38*BC38 -> 3.69 | CR38: =AD38*BB38 -> 0 | CS38: =AE38*BS38 -> 0 | CT38: =AF38*BA38 -> 0 | CU38: =AG38 -> 0 | CV38: =AH38 -> 0 | CW38: =AI38 -> 0 | CX38: =AJ38 -> 0 | CY38: =(((S38+R38)*AT38)/100) -> 0 | CZ38: =(((S38+R38)*AU38)/100) -> 0 | DN38: 0 | DO38: 0 | DP38: 1 | DQ38: 1 | DU38: 1009 | DV38: кг | DW38: кг | DX38: 1 | EE38: 15139101 | EF38: 2 | EG38: Общестроительные работы | EH38: 0 | EJ38: 1 | EK38: 11001 | EL38: Полы | EM38: ФЕР-11 | EQ38: 0 | ER38: 3.69 | ES38: 3.69 | ET38: 0 | EU38: 0 | EV38: 0 | EW38: 0 | EX38: 0 | FQ38: 0 | FR38: =ROUND(IF(AND(BH38=3,BI38=3),P38,0),2) -> 0 | FS38: 0 | FT38: *0,9 | FU38: *0,85 | FX38: 110.7 | FY38: 63.75 | GD38: 0 | GF38: 75744107 | GG38: 2 | GH38: 1 | GI38: -2 | GJ38: 0 | GK38: =ROUND(R38*(R12)/100,2) -> 0 | GL38: =ROUND(IF(AND(BH38=3,BI38=3,FS38<>0),P38,0),2) -> 0 | GM38: =ROUND(O38+X38+Y38+GK38,2)+GX38 -> 3891.77 | GN38: =IF(OR(BI38=0,BI38=1),ROUND(O38+X38+Y38+GK38,2),0) -> 3891.77 | GO38: =IF(BI38=2,ROUND(O38+X38+Y38+GK38,2),0) -> 0 | GP38: =IF(BI38=4,ROUND(O38+X38+Y38+GK38,2)+GX38,0) -> 0 | GR38: 0 | GS38: 3 | GT38: 0 | GV38: =ROUND(GT38,6) -> 0 | GW38: 1 | GX38: =ROUND(GV38*GW38*I38,2) -> 0 | HA38: 0 | HB38: 0 | IK38: 0
A39: 18 | B39: 1 | C39: 56 | E39: 5,2 | F39: 14.1.06.02-0044 | G39: Клей плиточный «Юнис Гранит» (толщ. 4 мм) | H39: кг | I39: =I35*J39 -> 1054.68 | J39: 40 | O39: =ROUND(CP39,2) -> 26580.78 | P39: =ROUND(CQ39*I39,2) -> 26580.78 | Q39: =ROUND(CR39*I39,2) -> 0 | R39: =ROUND(CS39*I39,2) -> 0 | S39: =ROUND(CT39*I39,2) -> 0 | T39: =ROUND(CU39*I39,2) -> 0 | U39: =CV39*I39 -> 0 | V39: =CW39*I39 -> 0 | W39: =ROUND(CX39*I39,2) -> 0 | X39: =ROUND(CY39,2) -> 0 | Y39: =ROUND(CZ39,2) -> 0 | AA39: 16492570 | AB39: =ROUND((AC39+AD39+AF39),6) -> 3.69 | AC39: =ROUND((ES39),6) -> 3.69 | AD39: =ROUND((((ET39)-(EU39))+AE39),6) -> 0 | AE39: =ROUND((EU39),6) -> 0 | AF39: =ROUND((EV39),6) -> 0 | AG39: =ROUND((AP39),6) -> 0 | AH39: =(EW39) -> 0 | AI39: =(EX39) -> 0 | AJ39: =ROUND((AS39),6) -> 0 | AK39: 3.69 | AL39: 3.69 | AM39: 0 | AN39: 0 | AO39: 0 | AP39: 0 | AQ39: 0 | AR39: 0 | AS39: 0 | AT39: 111 | AU39: 64 | AV39: 1 | AW39: 1 | AZ39: 6.83 | BA39: 1 | BB39: 1 | BC39: 6.83 | BH39: 3 | BI39: 1 | BJ39: ФССЦ-2001, 14.1.06.02-0044, приказ Минстроя России №1039/пр от 30.12.2016г. | BM39: 11001 | BN39: 0 | BP39: 0 | BQ39: 2 | BR39: 0 | BS39: 1 | BT39: 1 | BU39: 1 | BV39: 1 | BW39: 1 | BX39: 1 | BZ39: 123 | CA39: 75 | CF39: 0 | CG39: 0 | CM39: 0 | CO39: 0 | CP39: =(P39+Q39+S39) -> 26580.78 | CQ39: =AC39*BC39 -> 25.2027 | CR39: =AD39*BB39 -> 0 | CS39: =AE39*BS39 -> 0 | CT39: =AF39*BA39 -> 0 | CU39: =AG39 -> 0 | CV39: =AH39 -> 0 | CW39: =AI39 -> 0 | CX39: =AJ39 -> 0 | CY39: =(((S39+R39)*AT39)/100) -> 0 | CZ39: =(((S39+R39)*AU39)/100) -> 0 | DN39: 0 | DO39: 0 | DP39: 1 | DQ39: 1 | DU39: 1009 | DV39: кг | DW39: кг | DX39: 1 | EE39: 15139101 | EF39: 2 | EG39: Общестроительные работы | EH39: 0 | EJ39: 1 | EK39: 11001 | EL39: Полы | EM39: ФЕР-11 | EQ39: 0 | ER39: 3.69 | ES39: 3.69 | ET39: 0 | EU39: 0 | EV39: 0 | EW39: 0 | EX39: 0 | FQ39: 0 | FR39: =ROUND(IF(AND(BH39=3,BI39=3),P39,0),2) -> 0 | FS39: 0 | FT39: *0,9 | FU39: *0,85 | FX39: 110.7 | FY39: 63.75 | GD39: 0 | GF39: 75744107 | GG39: 1 | GH39: 1 | GI39: 4 | GJ39: 0 | GK39: =ROUND(R39*(S12)/100,2) -> 0 | GL39: =ROUND(IF(AND(BH39=3,BI39=3,FS39<>0),P39,0),2) -> 0 | GM39: =ROUND(O39+X39+Y39+GK39,2)+GX39 -> 26580.78 | GN39: =IF(OR(BI39=0,BI39=1),ROUND(O39+X39+Y39+GK39,2),0) -> 26580.78 | GO39: =IF(BI39=2,ROUND(O39+X39+Y39+GK39,2),0) -> 0 | GP39: =IF(BI39=4,ROUND(O39+X39+Y39+GK39,2)+GX39,0) -> 0 | GR39: 0 | GS39: 3 | GT39: 0 | GV39: =ROUND(GT39,6) -> 0 | GW39: 1 | GX39: =ROUND(GV39*GW39*I39,2) -> 0 | HA39: 0 | HB39: 0 | IK39: 0
A41: 51 | B41: =B20 -> 1 | C41: =A20 -> 3 | D41: =ROW(A20) -> 20 | F41: =IF(F20<>"",F20,"") -> Новая локальная смета | G41: =IF(G20<>"",G20,"") -> Новая локальная смета | H41: 0 | O41: =ROUND(AB41,2) -> 826387.08 | P41: =ROUND(AC41,2) -> 740919.08 | Q41: =ROUND(AD41,2) -> 1052.66 | R41: =ROUND(AE41,2) -> 571.55 | S41: =ROUND(AF41,2) -> 84415.34 | T41: =ROUND(AG41,2) -> 0 | U41: =AH41 -> 9660.3888 | V41: =AI41 -> 53.79447 | W41: =ROUND(AJ41,2) -> 0 | X41: =ROUND(AK41,2) -> 93415.19 | Y41: =ROUND(AL41,2) -> 54510.36 | AB41: =ROUND(SUMIF(AA24:AA39,"=16492569",O24:O39),2) -> 826387.08 | AC41: =ROUND(SUMIF(AA24:AA39,"=16492569",P24:P39),2) -> 740919.08 | AD41: =ROUND(SUMIF(AA24:AA39,"=16492569",Q24:Q39),2) -> 1052.66 | AE41: =ROUND(SUMIF(AA24:AA39,"=16492569",R24:R39),2) -> 571.55 | AF41: =ROUND(SUMIF(AA24:AA39,"=16492569",S24:S39),2) -> 84415.34 | AG41: =ROUND(SUMIF(AA24:AA39,"=16492569",T24:T39),2) -> 0 | AH41: =SUMIF(AA24:AA39,"=16492569",U24:U39) -> 9660.3888 | AI41: =SUMIF(AA24:AA39,"=16492569",V24:V39) -> 53.79447 | AJ41: =ROUND(SUMIF(AA24:AA39,"=16492569",W24:W39),2) -> 0 | AK41: =ROUND(SUMIF(AA24:AA39,"=16492569",X24:X39),2) -> 93415.19 | AL41: =ROUND(SUMIF(AA24:AA39,"=16492569",Y24:Y39),2) -> 54510.36 | AO41: =ROUND(BX41,2) -> 0 | AP41: =ROUND(BY41,2) -> 0 | AQ41: =ROUND(BZ41,2) -> 0 | AR41: =ROUND(CA41,2) -> 974312.63 | AS41: =ROUND(CB41,2) -> 974312.63 | AT41: =ROUND(CC41,2) -> 0 | AU41: =ROUND(CD41,2) -> 0 | AV41: =ROUND(CE41,2) -> 740919.08 | ... BC41: =ROUND(CL41,2) -> 0 | BX41: =ROUND(SUMIF(AA24:AA39,"=16492569",FQ24:FQ39),2) -> 0 | BY41: =ROUND(SUMIF(AA24:AA39,"=16492569",FR24:FR39),2) -> 0 | BZ41: =ROUND(SUMIF(AA24:AA39,"=16492569",GL24:GL39),2) -> 0 | CA41: =ROUND(SUMIF(AA24:AA39,"=16492569",GM24:GM39),2) -> 974312.63 | CB41: =ROUND(SUMIF(AA24:AA39,"=16492569",GN24:GN39),2) -> 974312.63 | CC41: =ROUND(SUMIF(AA24:AA39,"=16492569",GO24:GO39),2) -> 0 | CD41: =ROUND(SUMIF(AA24:AA39,"=16492569",GP24:GP39),2) -> 0 | CE41: =AC41-BX41 -> 740919.08 | CF41: =AC41-BY41 -> 740919.08 | CG41: =BX41-BZ41 -> 0 | CH41: =AC41-BX41-BY41+BZ41 -> 740919.08 | CI41: =BY41-BZ41 -> 0 | CJ41: =ROUND(SUMIF(AA24:AA39,"=16492569",GX24:GX39),2) -> 0 | CK41: =ROUND(SUMIF(AA24:AA39,"=16492569",GY24:GY39),2) -> 0 | CL41: =ROUND(SUMIF(AA24:AA39,"=16492569",GZ24:GZ39),2) -> 0 | DG41: =ROUND(DT41,2) -> 5644223.8 | DH41: =ROUND(DU41,2) -> 5060477.2 | DI41: =ROUND(DV41,2) -> 7189.71 | DJ41: =ROUND(DW41,2) -> 3903.77 | DK41: =ROUND(DX41,2) -> 576556.8 | DL41: =ROUND(DY41,2) -> 0 | DM41: =DZ41 -> 9660.3888 | DN41: =EA41 -> 53.79447 | DO41: =ROUND(EB41,2) -> 0 | DP41: =ROUND(EC41,2) -> 638025.79 | DQ41: =ROUND(ED41,2) -> 372305.79 | DT41: =ROUND(SUMIF(AA24:AA39,"=16492570",O24:O39),2) -> 5644223.8 | DU41: =ROUND(SUMIF(AA24:AA39,"=16492570",P24:P39),2) -> 5060477.2 | DV41: =ROUND(SUMIF(AA24:AA39,"=16492570",Q24:Q39),2) -> 7189.71 | DW41: =ROUND(SUMIF(AA24:AA39,"=16492570",R24:R39),2) -> 3903.77 | DX41: =ROUND(SUMIF(AA24:AA39,"=16492570",S24:S39),2) -> 576556.8 | DY41: =ROUND(SUMIF(AA24:AA39,"=16492570",T24:T39),2) -> 0 | DZ41: =SUMIF(AA24:AA39,"=16492570",U24:U39) -> 9660.3888 | EA41: =SUMIF(AA24:AA39,"=16492570",V24:V39) -> 53.79447 | EB41: =ROUND(SUMIF(AA24:AA39,"=16492570",W24:W39),2) -> 0 | EC41: =ROUND(SUMIF(AA24:AA39,"=16492570",X24:X39),2) -> 638025.79 | ED41: =ROUND(SUMIF(AA24:AA39,"=16492570",Y24:Y39),2) -> 372305.79 | EG41: =ROUND(FP41,2) -> 0 | EH41: =ROUND(FQ41,2) -> 0 | EI41: =ROUND(FR41,2) -> 0 | EJ41: =ROUND(FS41,2) -> 6654555.3 | EK41: =ROUND(FT41,2) -> 6654555.3 | EL41: =ROUND(FU41,2) -> 0 | EM41: =ROUND(FV41,2) -> 0 | EN41: =ROUND(FW41,2) -> 5060477.2 | ... EU41: =ROUND(GD41,2) -> 0 | FP41: =ROUND(SUMIF(AA24:AA39,"=16492570",FQ24:FQ39),2) -> 0 | FQ41: =ROUND(SUMIF(AA24:AA39,"=16492570",FR24:FR39),2) -> 0 | FR41: =ROUND(SUMIF(AA24:AA39,"=16492570",GL24:GL39),2) -> 0 | FS41: =ROUND(SUMIF(AA24:AA39,"=16492570",GM24:GM39),2) -> 6654555.3 | FT41: =ROUND(SUMIF(AA24:AA39,"=16492570",GN24:GN39),2) -> 6654555.3 | FU41: =ROUND(SUMIF(AA24:AA39,"=16492570",GO24:GO39),2) -> 0 | FV41: =ROUND(SUMIF(AA24:AA39,"=16492570",GP24:GP39),2) -> 0 | FW41: =DU41-FP41 -> 5060477.2 | FX41: =DU41-FQ41 -> 5060477.2 | FY41: =FP41-FR41 -> 0 | FZ41: =DU41-FP41-FQ41+FR41 -> 5060477.2 | GA41: =FQ41-FR41 -> 0 | GB41: =ROUND(SUMIF(AA24:AA39,"=16492570",GX24:GX39),2) -> 0 | GC41: =ROUND(SUMIF(AA24:AA39,"=16492570",GY24:GY39),2) -> 0 | GD41: =ROUND(SUMIF(AA24:AA39,"=16492570",GZ24:GZ39),2) -> 0 | GX41: 0
A43: 50 | B43: 0 | C43: 0 | D43: 1 | E43: 201 | F43: =ROUND(Source!O41,O43) -> 826387.08 | G43: ПЗ | H43: Прямые затраты | K43: 201 | L43: 1 | M43: 3 | O43: 2 | P43: =ROUND(Source!DG41,O43) -> 5644223.8
A44: 50 | B44: 0 | C44: 0 | D44: 1 | E44: 202 | F44: =ROUND(Source!P41,O44) -> 740919.08 | G44: СтМатОб | H44: Стоимость материальных ресурсов (всего) | K44: 202 | L44: 2 | M44: 3 | O44: 2 | P44: =ROUND(Source!DH41,O44) -> 5060477.2
A45: 50 | B45: 0 | C45: 0 | D45: 1 | E45: 222 | F45: =ROUND(Source!AO41,O45) -> 0 | G45: СтМатОбЗак | H45: Стоимость материалов и оборудования заказчика | K45: 222 | L45: 3 | M45: 3 | O45: 2 | P45: =ROUND(Source!EG41,O45) -> 0
A46: 50 | B46: 0 | C46: 0 | D46: 1 | E46: 225 | F46: =ROUND(Source!AV41,O46) -> 740919.08 | G46: СтМатОбПод | H46: Стоимость материалов и оборудования подрядчика | K46: 225 | L46: 4 | M46: 3 | O46: 2 | P46: =ROUND(Source!EN41,O46) -> 5060477.2
A47: 50 | B47: 0 | C47: 0 | D47: 1 | E47: 226 | F47: =ROUND(Source!AW41,O47) -> 740919.08 | G47: СтМат | H47: Стоимость материалов (всего) | K47: 226 | L47: 5 | M47: 3 | O47: 2 | P47: =ROUND(Source!EO41,O47) -> 5060477.2
A48: 50 | B48: 0 | C48: 0 | D48: 1 | E48: 227 | F48: =ROUND(Source!AX41,O48) -> 0 | G48: СтМатЗак | H48: Стоимость материалов заказчика | K48: 227 | L48: 6 | M48: 3 | O48: 2 | P48: =ROUND(Source!EP41,O48) -> 0
A49: 50 | B49: 0 | C49: 0 | D49: 1 | E49: 228 | F49: =ROUND(Source!AY41,O49) -> 740919.08 | G49: СтМатПод | H49: Стоимость материалов подрядчика | K49: 228 | L49: 7 | M49: 3 | O49: 2 | P49: =ROUND(Source!EQ41,O49) -> 5060477.2
A50: 50 | B50: 0 | C50: 0 | D50: 1 | E50: 216 | F50: =ROUND(Source!AP41,O50) -> 0 | G50: Оборуд | H50: Стоимость оборудования (всего) | K50: 216 | L50: 8 | M50: 3 | O50: 2 | P50: =ROUND(Source!EH41,O50) -> 0
A51: 50 | B51: 0 | C51: 0 | D51: 1 | E51: 223 | F51: =ROUND(Source!AQ41,O51) -> 0 | G51: ОборудЗак | H51: Стоимость оборудования заказчика | K51: 223 | L51: 9 | M51: 3 | O51: 2 | P51: =ROUND(Source!EI41,O51) -> 0
A52: 50 | B52: 0 | C52: 0 | D52: 1 | E52: 229 | F52: =ROUND(Source!AZ41,O52) -> 0 | G52: ОборудПод | H52: Стоимость оборудования подрядчика | K52: 229 | L52: 10 | M52: 3 | O52: 2 | P52: =ROUND(Source!ER41,O52) -> 0
A53: 50 | B53: 0 | C53: 0 | D53: 1 | E53: 203 | F53: =ROUND(Source!Q41,O53) -> 1052.66 | G53: ЭММ | H53: Эксплуатация машин | K53: 203 | L53: 11 | M53: 3 | O53: 2 | P53: =ROUND(Source!DI41,O53) -> 7189.71
A54: 50 | B54: 0 | C54: 0 | D54: 1 | E54: 231 | F54: =ROUND(Source!BB41,O54) -> 0 | G54: ЭММсНРиСП | H54: Эксплуатация машин по ТСН-2001.16 | K54: 231 | L54: 12 | M54: 3 | O54: 2 | P54: =ROUND(Source!ET41,O54) -> 0
A55: 50 | B55: 0 | C55: 0 | D55: 1 | E55: 204 | F55: =ROUND(Source!R41,O55) -> 571.55 | G55: ЗПМ | H55: ЗП машинистов | K55: 204 | L55: 13 | M55: 3 | O55: 2 | P55: =ROUND(Source!DJ41,O55) -> 3903.77
A56: 50 | B56: 0 | C56: 0 | D56: 1 | E56: 205 | F56: =ROUND(Source!S41,O56) -> 84415.34 | G56: ОЗП | H56: Основная ЗП рабочих | K56: 205 | L56: 14 | M56: 3 | O56: 2 | P56: =ROUND(Source!DK41,O56) -> 576556.8
A57: 50 | B57: 0 | C57: 0 | D57: 1 | E57: 232 | F57: =ROUND(Source!BC41,O57) -> 0 | G57: ОЗПсНРиСП | H57: Основная ЗП рабочих по ТСН-2001.16 | K57: 232 | L57: 15 | M57: 3 | O57: 2 | P57: =ROUND(Source!EU41,O57) -> 0
A58: 50 | B58: 0 | C58: 0 | D58: 1 | E58: 214 | F58: =ROUND(Source!AS41,O58) -> 974312.63 | G58: Строит | H58: Строительные работы с НР и СП | K58: 214 | L58: 16 | M58: 3 | O58: 2 | P58: =ROUND(Source!EK41,O58) -> 6654555.3
A59: 50 | B59: 0 | C59: 0 | D59: 1 | E59: 215 | F59: =ROUND(Source!AT41,O59) -> 0 | G59: Монтаж | H59: Монтажные работы с НР и СП | K59: 215 | L59: 17 | M59: 3 | O59: 2 | P59: =ROUND(Source!EL41,O59) -> 0
A60: 50 | B60: 0 | C60: 0 | D60: 1 | E60: 217 | F60: =ROUND(Source!AU41,O60) -> 0 | G60: Прочие | H60: Прочие работы с НР и СП | K60: 217 | L60: 18 | M60: 3 | O60: 2 | P60: =ROUND(Source!EM41,O60) -> 0
A61: 50 | B61: 0 | C61: 0 | D61: 1 | E61: 230 | F61: =ROUND(Source!BA41,O61) -> 0 | G61: ПрочиеЗатр | H61: Прочие затраты по ТСН-2001.16 | K61: 230 | L61: 19 | M61: 3 | O61: 2 | P61: =ROUND(Source!ES41,O61) -> 0
A62: 50 | B62: 0 | C62: 0 | D62: 1 | E62: 206 | F62: =ROUND(Source!T41,O62) -> 0 | G62: ВозврМат | H62: Возврат материалов | K62: 206 | L62: 20 | M62: 3 | O62: 2 | P62: =ROUND(Source!DL41,O62) -> 0
A63: 50 | B63: 0 | C63: 0 | D63: 1 | E63: 207 | F63: =Source!U41 -> 9660.3888 | G63: ТрудСтр | H63: Трудозатраты строителей | K63: 207 | L63: 21 | M63: 3 | O63: -1 | P63: =Source!DM41 -> 9660.3888
A64: 50 | B64: 0 | C64: 0 | D64: 1 | E64: 208 | F64: =Source!V41 -> 53.79447 | G64: ТрудМаш | H64: Трудозатраты машинистов | K64: 208 | L64: 22 | M64: 3 | O64: -1 | P64: =Source!DN41 -> 53.79447
A65: 50 | B65: 0 | C65: 0 | D65: 1 | E65: 209 | F65: =ROUND(Source!W41,O65) -> 0 | G65: ТранспМат | H65: Транспорт материалов | K65: 209 | L65: 23 | M65: 3 | O65: 2 | P65: =ROUND(Source!DO41,O65) -> 0
A66: 50 | B66: 0 | C66: 0 | D66: 1 | E66: 210 | F66: =ROUND(Source!X41,O66) -> 93415.19 | G66: НР | H66: Накладные расходы | K66: 210 | L66: 24 | M66: 3 | O66: 2 | P66: =ROUND(Source!DP41,O66) -> 638025.79
A67: 50 | B67: 0 | C67: 0 | D67: 1 | E67: 211 | F67: =ROUND(Source!Y41,O67) -> 54510.36 | G67: СмПриб | H67: Сметная прибыль | K67: 211 | L67: 25 | M67: 3 | O67: 2 | P67: =ROUND(Source!DQ41,O67) -> 372305.79
A68: 50 | B68: 0 | C68: 0 | D68: 1 | E68: 0 | F68: =ROUND(Source!AR41,O68) -> 974312.63 | G68: Всего | H68: Всего с НР и СП | K68: 224 | L68: 26 | M68: 3 | O68: 2 | P68: =ROUND(Source!EJ41,O68) -> 6654555.3
A69: 50 | B69: 1 | C69: 0 | D69: 2 | E69: 0 | F69: =ROUND(F68,O69) -> 974312.63 | G69: Итого 1 | H69: Всего | K69: 212 | L69: 27 | M69: 0 | O69: 2 | P69: =ROUND(P68,O69) -> 6654555.3
A70: 50 | B70: 1 | C70: 0 | D70: 2 | E70: 0 | F70: =ROUND(F69*0.18,O70) -> 175376.27 | G70: Итого2 | H70: Итого НДС 18% | K70: 212 | L70: 28 | M70: 0 | O70: 2 | P70: =ROUND(P69*0.18,O70) -> 1197820
A71: 50 | B71: 1 | C71: 0 | D71: 2 | E71: 224 | F71: =ROUND(F69+F70,O71) -> 1149688.9 | G71: Итого 3 | H71: Всего по смете | K71: 212 | L71: 29 | M71: 0 | O71: 2 | P71: =ROUND(P69+P70,O71) -> 7852375.3
A73: 51 | B73: =B12 -> 134 | C73: =A12 -> 1 | D73: =ROW(A12) -> 12 | F73: =IF(F12<>"",F12,"") -> Новый объект_(Копия)_(Копия)_(Копия) | G73: =IF(G12<>"",G12,"") -> Замена напольного покрытия 2-4 этажей,6-18 и 24 в общежитии НИЯУ МИФИ по адресу: г. Москва, ул. Москворечье, д.2, к.1 | H73: 0 | O73: =ROUND(O41,2) -> 826387.08 | P73: =ROUND(P41,2) -> 740919.08 | Q73: =ROUND(Q41,2) -> 1052.66 | R73: =ROUND(R41,2) -> 571.55 | S73: =ROUND(S41,2) -> 84415.34 | T73: =ROUND(T41,2) -> 0 | U73: =U41 -> 9660.3888 | V73: =V41 -> 53.79447 | W73: =ROUND(W41,2) -> 0 | X73: =ROUND(X41,2) -> 93415.19 | Y73: =ROUND(Y41,2) -> 54510.36 | AO73: =ROUND(AO41,2) -> 0 | AP73: =ROUND(AP41,2) -> 0 | AQ73: =ROUND(AQ41,2) -> 0 | AR73: =ROUND(AR41,2) -> 974312.63 | AS73: =ROUND(AS41,2) -> 974312.63 | AT73: =ROUND(AT41,2) -> 0 | AU73: =ROUND(AU41,2) -> 0 | AV73: =ROUND(AV41,2) -> 740919.08 | ... BC73: =ROUND(BC41,2) -> 0 | DG73: =ROUND(DG41,2) -> 5644223.8 | DH73: =ROUND(DH41,2) -> 5060477.2 | DI73: =ROUND(DI41,2) -> 7189.71 | DJ73: =ROUND(DJ41,2) -> 3903.77 | DK73: =ROUND(DK41,2) -> 576556.8 | DL73: =ROUND(DL41,2) -> 0 | DM73: =DM41 -> 9660.3888 | DN73: =DN41 -> 53.79447 | DO73: =ROUND(DO41,2) -> 0 | DP73: =ROUND(DP41,2) -> 638025.79 | DQ73: =ROUND(DQ41,2) -> 372305.79 | EG73: =ROUND(EG41,2) -> 0 | EH73: =ROUND(EH41,2) -> 0 | EI73: =ROUND(EI41,2) -> 0 | EJ73: =ROUND(EJ41,2) -> 6654555.3 | EK73: =ROUND(EK41,2) -> 6654555.3 | EL73: =ROUND(EL41,2) -> 0 | EM73: =ROUND(EM41,2) -> 0 | EN73: =ROUND(EN41,2) -> 5060477.2 | ... EU73: =ROUND(EU41,2) -> 0 | GX73: 0
A75: 50 | B75: 0 | C75: 0 | D75: 1 | E75: 201 | F75: =ROUND(Source!O73,O75) -> 826387.08 | G75: ПЗ | H75: Прямые затраты | K75: 201 | L75: 1 | M75: 3 | O75: 2 | P75: =ROUND(Source!DG73,O75) -> 5644223.8
A76: 50 | B76: 0 | C76: 0 | D76: 1 | E76: 202 | F76: =ROUND(Source!P73,O76) -> 740919.08 | G76: СтМатОб | H76: Стоимость материальных ресурсов (всего) | K76: 202 | L76: 2 | M76: 3 | O76: 2 | P76: =ROUND(Source!DH73,O76) -> 5060477.2
A77: 50 | B77: 0 | C77: 0 | D77: 1 | E77: 222 | F77: =ROUND(Source!AO73,O77) -> 0 | G77: СтМатОбЗак | H77: Стоимость материалов и оборудования заказчика | K77: 222 | L77: 3 | M77: 3 | O77: 2 | P77: =ROUND(Source!EG73,O77) -> 0
A78: 50 | B78: 0 | C78: 0 | D78: 1 | E78: 225 | F78: =ROUND(Source!AV73,O78) -> 740919.08 | G78: СтМатОбПод | H78: Стоимость материалов и оборудования подрядчика | K78: 225 | L78: 4 | M78: 3 | O78: 2 | P78: =ROUND(Source!EN73,O78) -> 5060477.2
A79: 50 | B79: 0 | C79: 0 | D79: 1 | E79: 226 | F79: =ROUND(Source!AW73,O79) -> 740919.08 | G79: СтМат | H79: Стоимость материалов (всего) | K79: 226 | L79: 5 | M79: 3 | O79: 2 | P79: =ROUND(Source!EO73,O79) -> 5060477.2
A80: 50 | B80: 0 | C80: 0 | D80: 1 | E80: 227 | F80: =ROUND(Source!AX73,O80) -> 0 | G80: СтМатЗак | H80: Стоимость материалов заказчика | K80: 227 | L80: 6 | M80: 3 | O80: 2 | P80: =ROUND(Source!EP73,O80) -> 0
A81: 50 | B81: 0 | C81: 0 | D81: 1 | E81: 228 | F81: =ROUND(Source!AY73,O81) -> 740919.08 | G81: СтМатПод | H81: Стоимость материалов подрядчика | K81: 228 | L81: 7 | M81: 3 | O81: 2 | P81: =ROUND(Source!EQ73,O81) -> 5060477.2
A82: 50 | B82: 0 | C82: 0 | D82: 1 | E82: 216 | F82: =ROUND(Source!AP73,O82) -> 0 | G82: Оборуд | H82: Стоимость оборудования (всего) | K82: 216 | L82: 8 | M82: 3 | O82: 2 | P82: =ROUND(Source!EH73,O82) -> 0
A83: 50 | B83: 0 | C83: 0 | D83: 1 | E83: 223 | F83: =ROUND(Source!AQ73,O83) -> 0 | G83: ОборудЗак | H83: Стоимость оборудования заказчика | K83: 223 | L83: 9 | M83: 3 | O83: 2 | P83: =ROUND(Source!EI73,O83) -> 0
A84: 50 | B84: 0 | C84: 0 | D84: 1 | E84: 229 | F84: =ROUND(Source!AZ73,O84) -> 0 | G84: ОборудПод | H84: Стоимость оборудования подрядчика | K84: 229 | L84: 10 | M84: 3 | O84: 2 | P84: =ROUND(Source!ER73,O84) -> 0
A85: 50 | B85: 0 | C85: 0 | D85: 1 | E85: 203 | F85: =ROUND(Source!Q73,O85) -> 1052.66 | G85: ЭММ | H85: Эксплуатация машин | K85: 203 | L85: 11 | M85: 3 | O85: 2 | P85: =ROUND(Source!DI73,O85) -> 7189.71
A86: 50 | B86: 0 | C86: 0 | D86: 1 | E86: 231 | F86: =ROUND(Source!BB73,O86) -> 0 | G86: ЭММсНРиСП | H86: Эксплуатация машин по ТСН-2001.16 | K86: 231 | L86: 12 | M86: 3 | O86: 2 | P86: =ROUND(Source!ET73,O86) -> 0
A87: 50 | B87: 0 | C87: 0 | D87: 1 | E87: 204 | F87: =ROUND(Source!R73,O87) -> 571.55 | G87: ЗПМ | H87: ЗП машинистов | K87: 204 | L87: 13 | M87: 3 | O87: 2 | P87: =ROUND(Source!DJ73,O87) -> 3903.77
A88: 50 | B88: 0 | C88: 0 | D88: 1 | E88: 205 | F88: =ROUND(Source!S73,O88) -> 84415.34 | G88: ОЗП | H88: Основная ЗП рабочих | K88: 205 | L88: 14 | M88: 3 | O88: 2 | P88: =ROUND(Source!DK73,O88) -> 576556.8
A89: 50 | B89: 0 | C89: 0 | D89: 1 | E89: 232 | F89: =ROUND(Source!BC73,O89) -> 0 | G89: ОЗПсНРиСП | H89: Основная ЗП рабочих по ТСН-2001.16 | K89: 232 | L89: 15 | M89: 3 | O89: 2 | P89: =ROUND(Source!EU73,O89) -> 0
A90: 50 | B90: 0 | C90: 0 | D90: 1 | E90: 214 | F90: =ROUND(Source!AS73,O90) -> 974312.63 | G90: Строит | H90: Строительные работы с НР и СП | K90: 214 | L90: 16 | M90: 3 | O90: 2 | P90: =ROUND(Source!EK73,O90) -> 6654555.3
A91: 50 | B91: 0 | C91: 0 | D91: 1 | E91: 215 | F91: =ROUND(Source!AT73,O91) -> 0 | G91: Монтаж | H91: Монтажные работы с НР и СП | K91: 215 | L91: 17 | M91: 3 | O91: 2 | P91: =ROUND(Source!EL73,O91) -> 0
A92: 50 | B92: 0 | C92: 0 | D92: 1 | E92: 217 | F92: =ROUND(Source!AU73,O92) -> 0 | G92: Прочие | H92: Прочие работы с НР и СП | K92: 217 | L92: 18 | M92: 3 | O92: 2 | P92: =ROUND(Source!EM73,O92) -> 0
A93: 50 | B93: 0 | C93: 0 | D93: 1 | E93: 230 | F93: =ROUND(Source!BA73,O93) -> 0 | G93: ПрочиеЗатр | H93: Прочие затраты по ТСН-2001.16 | K93: 230 | L93: 19 | M93: 3 | O93: 2 | P93: =ROUND(Source!ES73,O93) -> 0
A94: 50 | B94: 0 | C94: 0 | D94: 1 | E94: 206 | F94: =ROUND(Source!T73,O94) -> 0 | G94: ВозврМат | H94: Возврат материалов | K94: 206 | L94: 20 | M94: 3 | O94: 2 | P94: =ROUND(Source!DL73,O94) -> 0
A95: 50 | B95: 0 | C95: 0 | D95: 1 | E95: 207 | F95: =Source!U73 -> 9660.3888 | G95: ТрудСтр | H95: Трудозатраты строителей | K95: 207 | L95: 21 | M95: 3 | O95: -1 | P95: =Source!DM73 -> 9660.3888
A96: 50 | B96: 0 | C96: 0 | D96: 1 | E96: 208 | F96: =Source!V73 -> 53.79447 | G96: ТрудМаш | H96: Трудозатраты машинистов | K96: 208 | L96: 22 | M96: 3 | O96: -1 | P96: =Source!DN73 -> 53.79447
A97: 50 | B97: 0 | C97: 0 | D97: 1 | E97: 209 | F97: =ROUND(Source!W73,O97) -> 0 | G97: ТранспМат | H97: Транспорт материалов | K97: 209 | L97: 23 | M97: 3 | O97: 2 | P97: =ROUND(Source!DO73,O97) -> 0
A98: 50 | B98: 0 | C98: 0 | D98: 1 | E98: 210 | F98: =ROUND(Source!X73,O98) -> 93415.19 | G98: НР | H98: Накладные расходы | K98: 210 | L98: 24 | M98: 3 | O98: 2 | P98: =ROUND(Source!DP73,O98) -> 638025.79
A99: 50 | B99: 0 | C99: 0 | D99: 1 | E99: 211 | F99: =ROUND(Source!Y73,O99) -> 54510.36 | G99: СмПриб | H99: Сметная прибыль | K99: 211 | L99: 25 | M99: 3 | O99: 2 | P99: =ROUND(Source!DQ73,O99) -> 372305.79
A100: 50 | B100: 0 | C100: 0 | D100: 1 | E100: 0 | F100: =ROUND(Source!AR73,O100) -> 974312.63 | G100: Всего | H100: Всего с НР и СП | K100: 224 | L100: 26 | M100: 3 | O100: 2 | P100: =ROUND(Source!EJ73,O100) -> 6654555.3
A101: 50 | B101: 1 | C101: 0 | D101: 2 | E101: 0 | F101: =ROUND(F100,O101) -> 974312.63 | G101: Итого 1 | H101: Всего | K101: 212 | L101: 27 | M101: 0 | O101: 2 | P101: =ROUND(P100,O101) -> 6654555.3
A102: 50 | B102: 1 | C102: 0 | D102: 2 | E102: 0 | F102: =ROUND(F101*0.18,O102) -> 175376.27 | G102: Итого2 | H102: Итого НДС 18% | K102: 212 | L102: 28 | M102: 0 | O102: 2 | P102: =ROUND(P101*0.18,O102) -> 1197820
A103: 50 | B103: 1 | C103: 0 | D103: 2 | E103: 224 | F103: =ROUND(F101+F102,O103) -> 1149688.9 | G103: Итого 3 | H103: Всего по смете | K103: 212 | L103: 29 | M103: 0 | O103: 2 | P103: =ROUND(P101+P102,O103) -> 7852375.3
A106: 70 | B106: 1 | D106: 1 | E106: СТР_РЕК | F106: СТРОИТЕЛЬСТВО и РЕКОНСТРУКЦИЯ зданий и сооружений всех назначений | G106: 0 | H106: 0 | J106: 1 | K106: 0 | N106: 0 | O106: 0
A107: 70 | B107: 1 | D107: 2 | E107: РЕМ_ЖИЛ | F107: КАП. РЕМ. ЖИЛЫХ И ОБЩЕСТВЕННЫХ ЗДАНИЙ | G107: 1 | H107: 0 | J107: 1 | K107: 0 | N107: 0 | O107: 1
A108: 70 | B108: 1 | D108: 3 | E108: РЕМ_ПР | F108: КАП. РЕМ. ПРОИЗВОДСТВЕННЫХ ЗД, и СООРУЖЕНИЙ, НАРУЖНЫХ ИНЖЕНЕРНЫХ СЕТЕЙ, УЛИЦ И ДОРОГ МЕСТНОГО ЗНАЧЕНИЯ, МОСТОВ И ПУТЕПРОВОДОВ | G108: 0 | H108: 0 | J108: 1 | K108: 0 | N108: 0 | O108: 0
A109: 70 | B109: 1 | D109: 4 | E109: УПР | F109: {вкл} - УПРОЩЕННОЕ НАЛОГООБЛОЖЕНИЕ | G109: 0 | H109: 0 | I109: Для всех расценок. ( при применении упрощенной системы налогообложения) · {УПР} - ( вкл.) - при упрощенной системе ; к = 0,9 к СП ( к= 0,7 к НР отменен с 1.01.11) · {УПР} - ( выкл.) - при обычной системе налогообложения | J109: 0 | K109: 0 | N109: 0 | O109: 0
A110: 70 | B110: 1 | D110: 5 | E110: ХОЗ | F110: {вкл} - ХОЗЯЙСТВЕННЫЙ СПОСОБ | G110: 0 | H110: 0 | I110: Для всех расценок. ( при хозяйственном способе производства работ): · {ХОЗ} - ( вкл.) - при хоз. способе (к=0,6 к НР ) · {ХОЗ} - ( выкл.) - при обычном способе производства работ | J110: 0 | K110: 0 | N110: 0 | O110: 0
A111: 70 | B111: 1 | D111: 6 | E111: СЛЖ | F111: {вкл} - При РЕКОНСТРУКЦИИ сложных объектов, РЕКОНСТРУКЦИИ и КАП. РЕМОНТЕ объектов с дейст. яд. реакторами | G111: 0 | H111: 0 | I111: Для сборников ФЕР ( при производстве работ на технически сложных объектах ): · { СЛЖ } - (вкл.) - работа на сложных объектах (к=1,2 к НР) · { СЛЖ } - (выкл.) - работа на обычных объектах | J111: 0 | K111: 0 | N111: 0 | O111: 0
A112: 70 | B112: 1 | D112: 7 | E112: М/Т/Я | F112: Работы по строительству мостов, тоннелей, метрополитенов, атомных станций, объектов с ядерным топливом и радиокативными отходами ( письмо Госстроя РФ № 2536-ИП/12/ГС от 27.11.12), коэффициенты к НР =0,85 и к СП-0,8 не назначаются | G112: 0 | H112: 0 | J112: 0 | K112: 0 | N112: 0 | O112: 0
A113: 70 | B113: 1 | D113: 8 | E113: ОПТ/В | F113: {вкл} - Прокладка МЕЖДУГОРОДНИХ ВОЛОКОННО-ОПТИЧЕСКИХ ЛИНИЙ (для ФЕРм10, отд. 6 разд.3) {выкл} - Прокладка ГОРОДСКИХ ВОЛОКОННО-ОПТИТЕСКИХ ЛИНИЙ (для ФЕРм10, отд. 6 разд.3) | G113: 0 | H113: 0 | I113: Для сборников ФЕРм-10 ( волоконно-оптические линии связи ): · {М_ГОР_опт} - ( вкл.) - междугородные сети связи ( НР=120% , СП=70% ) · {М_ГОР_опт} - ( выкл.) - городские сети связи ( НР=100%; СП=65%) | J113: 0 | K113: 0 | N113: 0 | O113: 0
A114: 70 | B114: 1 | D114: 9 | E114: ЗАКР | F114: {вкл} - Обслуживающие и сопутстующие работы в тоннелях при производве работ ЗАКРЫТЫМ СПОСОБОМ {выкл} - Обслуживающие и сопутстующие работы в тоннелях при производве работ ОТКРЫТЫМ (ФЕР-29, разд.04 ) | G114: 0 | H114: 0 | I114: Для сборника ФЕР -29 ( сопутствующие работы в тоннелях и метро. ): · {ЗАКР} - (вкл.) - при выполнении работ в тоннелях и метро закрытым способом (НР=145% , СП=75%); · {ЗАКР} - (выкл.) - при выполнении работ в тоннелях и метро отк | J114: 0 | K114: 0 | N114: 0 | O114: 0
A115: 70 | B115: 1 | D115: 10 | E115: АВИ | F115: (вкл) - При работах по ДИСПЕТЧЕРЕЗАЦИИ управления движением АВИАТРАНСПОРТОМ {вкл} (монтажные работы ) | G115: 0 | H115: 0 | I115: Для сборников ФЕРм 08;10;11 : · {мАВИА} - (вкл.) - производство монтажных работы по диспетчеризации управления движением авиатранспортном (НР=95%, СП=55%) ; · {мАВИА} - (выкл. ) - при производстве работ на прочих объектах , кром | J115: 0 | K115: 0 | N115: 0 | O115: 0
A116: 70 | B116: 1 | D116: 11 | E116: АЭС | F116: (вкл) - Производство эл./монт. работ на АЭС ( ФЕРм -08 , отдел 01-03 ), и контроль свар. швов на АЭС {вкл} (ФЕРм-39, отд. 02 и 03 ) (вык) - Произовдство эл./монт. работ и и контроль свар. швов на ОБЫЧНЫХ СООРУЖ, | G116: 0 | H116: 0 | I116: Для сборника ФЕРм -39 и ФЕРМ-08 ( при работах по контролю сварных соединений) : {мАЭС} - ( вкл.) - при выполнении работ по на АЭС (HР=101%; СП= 68%; {мАЭС} - (выкл.) - при выполнении работ на обычных объектах | J116: 0 | K116: 0 | N116: 0 | O116: 0
A117: 70 | B117: 1 | D117: 12 | E117: Инд_исп.Сводный | F117: Используется Индекс "по сводному" | G117: 0 | H117: 0 | J117: 0 | K117: 0 | N117: 0 | O117: 0
A118: 70 | B118: 1 | D118: 1 | E118: К_НР_РЕМ | F118: при ремонте жилых и общественных зданий если ( если {РЕМ_ЖИЛ}= [вкл.] | G118: 0.9 | H118: 1 | I118: Для сборников ФЕР и ФЕРмр : · Значение {_МДСрем_НР}= 0,90 - при ремонте зданий жилого и гражданского назначений ( 0,90 к НР) ; · Значение {_МДСрем_НР}= 1,00 - при строительстве и реконструкции объектов всех назначений | J118: 0 | K118: 0 | N118: 0 | O118: 0.9
A119: 70 | B119: 1 | D119: 2 | E119: К_СП_РЕМ | F119: к нормам СП при капитальном ремонте зданий и сооружений всех назначений ( если или {РЕМ_ЖИЛ}=[вкл] , или (РЕМ_ПР}=[вкл] ) | G119: 0.85 | H119: 1 | I119: Для сборников ФЕР и ФЕРмр : · Значение {_МДСрем_СП} = 0.85 - при ремонте зданий всех назначений ( 0,85 к СП); · Значение {_МДСрем_СП} = 1,00 - при строительстве и реконструкции объектов всех назначений | J119: 0 | K119: 0 | N119: 0 | O119: 0.85
A120: 70 | B120: 1 | D120: 3 | E120: К_НР_05 | F120: К нормам НР с 1.01.2005 по 1.01.2011 | G120: 1 | H120: 0.85 | I120: Для норм НР с 1.01.2011 года: · {_ТЕК_НР} = 0.85 - Коэффициент учитывающий изменение нормы страховых взносов с 1.01.1 - (при расчете в текущем уровне цен индексами по статьям затрат ) · {_ТЕК_НР} = 1,00 - при расчет в текущем уровне цен и при уп | J120: 0 | K120: 0 | N120: 0 | O120: 1
A121: 70 | B121: 1 | D121: 4 | E121: К_НР_11 | F121: Коэфф. к НР для текущего уровня цен с 01.01.2011 при обычном и упрощенном налогообложении при постатейной индексации | G121: 1 | H121: 0 | J121: 0 | K121: 0 | N121: 0 | O121: 1
A122: 70 | B122: 1 | D122: 5 | E122: К_СП_11 | F122: Коэф. к СП в текущем уровне цен с 01.01.2011 | G122: 1 | H122: 0.8 | I122: Для норм СП с 1.01.2011 года: · {_ТЕК_СП} = 0.80 - Коэффициент учитывающий изменение нормы страховых взносов с 1.01.11 - (при расчете в текущем уровне цен индексами по статьям затрат ) · {_ТЕК_СП} = 1,00 - без учета | J122: 0 | K122: 0 | N122: 0 | O122: 1
A123: 70 | B123: 1 | D123: 6 | E123: К_НР_12 | F123: Корректировка НР с 03.12.12 если (М/Т/Я) = {выкл.} | G123: 1 | H123: 0 | J123: 0 | K123: 0 | N123: 0 | O123: 0.85
...

Sheet SourceObSm
A1: 0 | B1: Smeta.RU (495) 974-1589 | D1: _OBSM_ | F1: 0 | G1: 0 | H1: 0 | I1: Smeta.RU | J1: НИЯУ МИФИ Доп. раб. место MCCS-0027251 | K1: 0 | L1: 27251 | M1: 10
A12: 1 | B12: 53 | C12: 0 | E12: 0 | F12: Новый объект_(Копия)_(Копия)_(Копия) | G12: Замена напольного покрытия 2-4 этажей,6-18 и 24 в общежитии НИЯУ МИФИ по адресу: г. Москва, ул. Москворечье, д.2, к.1 | I12: 0 | K12: 0 | O12: 0 | P12: 0 | Q12: 0 | R12: 0 | S12: 0 | V12: 0 | BH12: Сметные нормы списания | BI12: Коды ценников | BJ12: 1 | BK12: 1 | BL12: 0 | BM12: 0 | BN12: 1 | BO12: 0 | BP12: 6 | BQ12: 2 | BR12: 1 | BS12: 1 | BT12: 0 | BU12: 0 | BV12: 0 | BW12: 0 | BX12: 0 | BY12: ФЕР-2017 | BZ12: ТР для Версии 10: Центральные регионы (с учетом п-ма 2536-ИП/12/ГС от 22.03.2017 г | CA12: ФЕР-2017 | CB12: ФЕР-2017 | CC12: ФЕР-2017 | CD12: ФЕР-2017 | CE12: Поправки для ГСН 2017 от 31.03.2017 г | CF12: 0 | CG12: 0 | CH12: 524288 | CK12: 0 | EC12: 0
A14: 22 | B14: 0 | C14: 0 | D14: 16492569 | E14: 16492570 | F14: 3
A16: 3 | B16: 1 | C16: Новая локальная смета | D16: Новая локальная смета | E16: =(Source!F58)/1000 -> 974.31263 | F16: =(Source!F59)/1000 -> 0 | G16: =(Source!F50)/1000 -> 0 | H16: =(Source!F60)/1000+(Source!F61)/1000 -> 0 | I16: =E16+F16+G16+H16 -> 974.31263 | J16: =(Source!F56)/1000 -> 84.41534 | T16: =(Source!P58)/1000 -> 6654.5553 | U16: =(Source!P59)/1000 -> 0 | V16: =(Source!P50)/1000 -> 0 | W16: =(Source!P60)/1000+(Source!P61)/1000 -> 0 | X16: =T16+U16+V16+W16 -> 6654.5553 | Y16: =(Source!P56)/1000 -> 576.5568 | AI16: 0 | AJ16: 0 | AN16: 0 | AT16: 826387.08 | AU16: 740919.08 | AV16: 0 | AW16: 0 | AX16: 0 | AY16: 1052.66 | AZ16: 571.55 | BA16: 84415.34 | BB16: 974312.63 | BC16: 0 | BD16: 0 | BE16: 0 | BF16: 9660.3888 | BG16: 53.79447 | BH16: 0 | BI16: 93415.19 | BJ16: 54510.36 | BK16: 1149688.9 | BR16: 5644223.8 | BS16: 5060477.2 | BT16: 0 | BU16: 0 | BV16: 0 | BW16: 7189.71 | BX16: 3903.77 | BY16: 576556.8 | BZ16: 6654555.3 | CA16: 0 | CB16: 0 | CC16: 0 | CD16: 9660.3888 | CE16: 53.79447 | CF16: 0 | CG16: 638025.79 | CH16: 372305.79 | CI16: 7852375.3
A18: 51 | E18: =SUMIF(A16:A17,3,E16:E17) -> 974.31263 | F18: =SUMIF(A16:A17,3,F16:F17) -> 0 | G18: =SUMIF(A16:A17,3,G16:G17) -> 0 | H18: =SUMIF(A16:A17,3,H16:H17) -> 0 | I18: =SUMIF(A16:A17,3,I16:I17) -> 974.31263 | J18: =SUMIF(A16:A17,3,J16:J17) -> 84.41534 | T18: =SUMIF(A16:A17,3,T16:T17) -> 6654.5553 | U18: =SUMIF(A16:A17,3,U16:U17) -> 0 | V18: =SUMIF(A16:A17,3,V16:V17) -> 0 | W18: =SUMIF(A16:A17,3,W16:W17) -> 0 | X18: =SUMIF(A16:A17,3,X16:X17) -> 6654.5553 | Y18: =SUMIF(A16:A17,3,Y16:Y17) -> 576.5568
A20: 50 | B20: 0 | C20: 0 | D20: 1 | E20: 201 | F20: 826387.08 | G20: ПЗ | H20: Прямые затраты | K20: 201 | L20: 1 | M20: 3 | O20: 2 | P20: 5644223.8
A21: 50 | B21: 0 | C21: 0 | D21: 1 | E21: 202 | F21: 740919.08 | G21: СтМатОб | H21: Стоимость материальных ресурсов (всего) | K21: 202 | L21: 2 | M21: 3 | O21: 2 | P21: 5060477.2
A22: 50 | B22: 0 | C22: 0 | D22: 1 | E22: 222 | F22: 0 | G22: СтМатОбЗак | H22: Стоимость материалов и оборудования заказчика | K22: 222 | L22: 3 | M22: 3 | O22: 2 | P22: 0
A23: 50 | B23: 0 | C23: 0 | D23: 1 | E23: 225 | F23: 740919.08 | G23: СтМатОбПод | H23: Стоимость материалов и оборудования подрядчика | K23: 225 | L23: 4 | M23: 3 | O23: 2 | P23: 5060477.2
A24: 50 | B24: 0 | C24: 0 | D24: 1 | E24: 226 | F24: 740919.08 | G24: СтМат | H24: Стоимость материалов (всего) | K24: 226 | L24: 5 | M24: 3 | O24: 2 | P24: 5060477.2
A25: 50 | B25: 0 | C25: 0 | D25: 1 | E25: 227 | F25: 0 | G25: СтМатЗак | H25: Стоимость материалов заказчика | K25: 227 | L25: 6 | M25: 3 | O25: 2 | P25: 0
A26: 50 | B26: 0 | C26: 0 | D26: 1 | E26: 228 | F26: 740919.08 | G26: СтМатПод | H26: Стоимость материалов подрядчика | K26: 228 | L26: 7 | M26: 3 | O26: 2 | P26: 5060477.2
A27: 50 | B27: 0 | C27: 0 | D27: 1 | E27: 216 | F27: 0 | G27: Оборуд | H27: Стоимость оборудования (всего) | K27: 216 | L27: 8 | M27: 3 | O27: 2 | P27: 0
A28: 50 | B28: 0 | C28: 0 | D28: 1 | E28: 223 | F28: 0 | G28: ОборудЗак | H28: Стоимость оборудования заказчика | K28: 223 | L28: 9 | M28: 3 | O28: 2 | P28: 0
A29: 50 | B29: 0 | C29: 0 | D29: 1 | E29: 229 | F29: 0 | G29: ОборудПод | H29: Стоимость оборудования подрядчика | K29: 229 | L29: 10 | M29: 3 | O29: 2 | P29: 0
A30: 50 | B30: 0 | C30: 0 | D30: 1 | E30: 203 | F30: 1052.66 | G30: ЭММ | H30: Эксплуатация машин | K30: 203 | L30: 11 | M30: 3 | O30: 2 | P30: 7189.71
A31: 50 | B31: 0 | C31: 0 | D31: 1 | E31: 231 | F31: 0 | G31: ЭММсНРиСП | H31: Эксплуатация машин по ТСН-2001.16 | K31: 231 | L31: 12 | M31: 3 | O31: 2 | P31: 0
... A48: 50 | B48: 1 | C48: 0 | D48: 2 | E48: 224 | F48: 1149688.9 | G48: Итого 3 | H48: Всего по смете | K48: 212 | L48: 29 | M48: 0 | O48: 2 | P48: 7852375.3
A50: -1
A53: 75 | B53: Базовый | C53: 2000 | D53: 0 | E53: 1 | F53: 0 | G53: 0 | H53: 1 | I53: 0 | J53: 1 | K53: 0 | L53: 0 | M53: 0 | N53: 16492569 | O53: 1
A54: 75 | B54: Текущий уровень цен | C54: 2017 | D54: 4 | E54: 0 | G54: 0 | H54: 1 | I54: 0 | J54: 1 | K54: 0 | L54: 0 | M54: 1 | N54: 16492570 | O54: 2
A55: 3 | B55: Индексы за итогом | C55: 6.83 | D55: 1 | E55: 1 | F55: 1 | G55: 1 | H55: 1 | I55: 1 | J55: 1 | K55: 1 | L55: 1 | M55: 6.83 | N55: 1 | O55: 1 | P55: 1 | Q55: 1 | R55: 1

Sheet SmtRes
A1: =ROW(Source!A24) -> 24 | B1: 16492569 | C1: 16492632 | D1: 15430517 | E1: 1 | F1: 1 | G1: 1 | H1: 1 | I1: 1-100-20 | K1: Рабочий среднего разряда 2 | L1: 1191 | N1: 1013 | O1: чел.-ч. | P1: чел.-ч. | Q1: 1 | W1: 0 | X1: 735429535 | Y1: 3.77 | AA1: 0 | AB1: 0 | AC1: 0 | AD1: 7.8 | AE1: 0 | AF1: 0 | AG1: 0 | AH1: 7.8 | AI1: 1 | AJ1: 1 | AK1: 1 | AL1: 1 | AN1: 0 | AO1: 1 | AP1: 0 | AQ1: 0 | AR1: 0 | AT1: 3.77 | AV1: 1 | AW1: 2 | AX1: 16492634 | AY1: 1 | AZ1: 0 | BA1: 1 | BB1: 0 | BC1: 0 | BD1: 0 | BE1: 0 | BF1: 0 | BG1: 0 | BH1: 0 | BI1: 0 | BJ1: 0 | BK1: 0 | BL1: 0 | BM1: 0 | BN1: 0 | BO1: 0 | BP1: 0 | BQ1: 0 | BR1: 0 | BS1: 0 | BT1: 0 | BU1: 0 | BV1: 0 | BW1: 0 | CX1: =Y1*Source!I24 -> 99.40359 | CY1: =AD1 -> 7.8 | CZ1: =AH1 -> 7.8 | DA1: =AL1 -> 1 | DB1: 0
A2: =ROW(Source!A25) -> 25 | B2: 16492570 | C2: 16492632 | D2: 15430517 | E2: 1 | F2: 1 | G2: 1 | H2: 1 | I2: 1-100-20 | K2: Рабочий среднего разряда 2 | L2: 1191 | N2: 1013 | O2: чел.-ч. | P2: чел.-ч. | Q2: 1 | W2: 0 | X2: 735429535 | Y2: 3.77 | AA2: 0 | AB2: 0 | AC2: 0 | AD2: 53.27 | AE2: 0 | AF2: 0 | AG2: 0 | AH2: 7.8 | AI2: 1 | AJ2: 1 | AK2: 1 | AL2: 6.83 | AN2: 0 | AO2: 1 | AP2: 0 | AQ2: 0 | AR2: 0 | AT2: 3.77 | AV2: 1 | AW2: 2 | AX2: 16492634 | AY2: 1 | AZ2: 0 | BA2: 3 | BB2: 0 | BC2: 0 | BD2: 0 | BE2: 0 | BF2: 0 | BG2: 0 | BH2: 0 | BI2: 0 | BJ2: 0 | BK2: 0 | BL2: 0 | BM2: 0 | BN2: 0 | BO2: 0 | BP2: 0 | BQ2: 0 | BR2: 0 | BS2: 0 | BT2: 0 | BU2: 0 | BV2: 0 | BW2: 0 | CX2: =Y2*Source!I25 -> 99.40359 | CY2: =AD2 -> 53.27 | CZ2: =AH2 -> 7.8 | DA2: =AL2 -> 6.83 | DB2: 0
A3: =ROW(Source!A26) -> 26 | B3: 16492569 | C3: 16492636 | D3: 15430517 | E3: 1 | F3: 1 | G3: 1 | H3: 1 | I3: 1-100-20 | K3: Рабочий среднего разряда 2 | L3: 1191 | N3: 1013 | O3: чел.-ч. | P3: чел.-ч. | Q3: 1 | W3: 0 | X3: 735429535 | Y3: 11.39 | AA3: 0 | AB3: 0 | AC3: 0 | AD3: 7.8 | AE3: 0 | AF3: 0 | AG3: 0 | AH3: 7.8 | AI3: 1 | AJ3: 1 | AK3: 1 | AL3: 1 | AN3: 0 | AO3: 1 | AP3: 1 | AQ3: 0 | AR3: 0 | AT3: 11.39 | AV3: 1 | AW3: 2 | AX3: 16492640 | AY3: 1 | AZ3: 0 | BA3: 5 | BB3: 0 | BC3: 0 | BD3: 0 | BE3: 0 | BF3: 0 | BG3: 0 | BH3: 0 | BI3: 0 | BJ3: 0 | BK3: 0 | BL3: 0 | BM3: 0 | BN3: 0 | BO3: 0 | BP3: 0 | BQ3: 0 | BR3: 0 | BS3: 0 | BT3: 0 | BU3: 0 | BV3: 0 | BW3: 0 | CX3: =Y3*Source!I26 -> 275.71773 | CY3: =AD3 -> 7.8 | CZ3: =AH3 -> 7.8 | DA3: =AL3 -> 1 | DB3: 0
A4: =ROW(Source!A26) -> 26 | B4: 16492569 | C4: 16492636 | D4: 15430395 | E4: 1 | F4: 1 | G4: 1 | H4: 1 | I4: 4-100-00 | K4: Затраты труда машинистов | L4: 1191 | N4: 1013 | O4: чел.-ч. | P4: чел.-ч. | Q4: 1 | W4: 0 | X4: -1417349443 | Y4: 0.13 | AA4: 0 | AB4: 0 | AC4: 0 | AD4: 0 | AE4: 0 | AF4: 0 | AG4: 0 | AH4: 0 | AI4: 1 | AJ4: 1 | AK4: 1 | AL4: 1 | AN4: 0 | AO4: 1 | AP4: 0 | AQ4: 0 | AR4: 0 | AT4: 0.13 | AV4: 2 | AW4: 2 | AX4: 16492641 | AY4: 1 | AZ4: 0 | BA4: 6 | BB4: 0 | BC4: 0 | BD4: 0 | BE4: 0 | BF4: 0 | BG4: 0 | BH4: 0 | BI4: 0 | BJ4: 0 | BK4: 0 | BL4: 0 | BM4: 0 | BN4: 0 | BO4: 0 | BP4: 0 | BQ4: 0 | BR4: 0 | BS4: 0 | BT4: 0 | BU4: 0 | BV4: 0 | BW4: 0 | CX4: =Y4*Source!I26 -> 3.14691 | CY4: =AD4 -> 0 | CZ4: =AH4 -> 0 | DA4: =AL4 -> 1 | DB4: 0
A5: =ROW(Source!A26) -> 26 | B5: 16492569 | C5: 16492636 | D5: 15247974 | E5: 1 | F5: 1 | G5: 1 | H5: 2 | I5: 91.06.06-048 | J5: ФСЭМ-2001, 91.06.06-048, приказ Минстроя России №1039/пр от 30.12.2016г. | K5: Подъемники одномачтовые, грузоподъемность до 500 кг, высота подъема 45 м | L5: 1368 | N5: 1011 | O5: маш.-ч | P5: маш.-ч | Q5: 1 | W5: 0 | X5: 1188625873 | Y5: 0.13 | AA5: 0 | AB5: 31.26 | AC5: 13.5 | AD5: 0 | AE5: 0 | AF5: 31.26 | AG5: 13.5 | AH5: 0 | AI5: 1 | AJ5: 1 | AK5: 1 | AL5: 1 | AN5: 0 | AO5: 1 | AP5: 1 | AQ5: 0 | AR5: 0 | AT5: 0.13 | AV5: 0 | AW5: 2 | AX5: 16492642 | AY5: 1 | AZ5: 0 | BA5: 7 | BB5: 0 | BC5: 0 | BD5: 0 | BE5: 0 | BF5: 0 | BG5: 0 | BH5: 0 | BI5: 0 | BJ5: 0 | BK5: 0 | BL5: 0 | BM5: 0 | BN5: 0 | BO5: 0 | BP5: 0 | BQ5: 0 | BR5: 0 | BS5: 0 | BT5: 0 | BU5: 0 | BV5: 0 | BW5: 0 | CX5: =Y5*Source!I26 -> 3.14691 | CY5: =AB5 -> 31.26 | CZ5: =AF5 -> 31.26 | DA5: =AJ5 -> 1 | DB5: 0
A6: =ROW(Source!A27) -> 27 | B6: 16492570 | C6: 16492636 | D6: 15430517 | E6: 1 | F6: 1 | G6: 1 | H6: 1 | I6: 1-100-20 | K6: Рабочий среднего разряда 2 | L6: 1191 | N6: 1013 | O6: чел.-ч. | P6: чел.-ч. | Q6: 1 | W6: 0 | X6: 735429535 | Y6: 11.39 | AA6: 0 | AB6: 0 | AC6: 0 | AD6: 53.27 | AE6: 0 | AF6: 0 | AG6: 0 | AH6: 7.8 | AI6: 1 | AJ6: 1 | AK6: 1 | AL6: 6.83 | AN6: 0 | AO6: 1 | AP6: 1 | AQ6: 0 | AR6: 0 | AT6: 11.39 | AV6: 1 | AW6: 2 | AX6: 16492640 | AY6: 1 | AZ6: 0 | BA6: 9 | BB6: 0 | BC6: 0 | BD6: 0 | BE6: 0 | BF6: 0 | BG6: 0 | BH6: 0 | BI6: 0 | BJ6: 0 | BK6: 0 | BL6: 0 | BM6: 0 | BN6: 0 | BO6: 0 | BP6: 0 | BQ6: 0 | BR6: 0 | BS6: 0 | BT6: 0 | BU6: 0 | BV6: 0 | BW6: 0 | CX6: =Y6*Source!I27 -> 275.71773 | CY6: =AD6 -> 53.27 | CZ6: =AH6 -> 7.8 | DA6: =AL6 -> 6.83 | DB6: 0
A7: =ROW(Source!A27) -> 27 | B7: 16492570 | C7: 16492636 | D7: 15430395 | E7: 1 | F7: 1 | G7: 1 | H7: 1 | I7: 4-100-00 | K7: Затраты труда машинистов | L7: 1191 | N7: 1013 | O7: чел.-ч. | P7: чел.-ч. | Q7: 1 | W7: 0 | X7: -1417349443 | Y7: 0.13 | AA7: 0 | AB7: 0 | AC7: 0 | AD7: 0 | AE7: 0 | AF7: 0 | AG7: 0 | AH7: 0 | AI7: 1 | AJ7: 1 | AK7: 6.83 | AL7: 1 | AN7: 0 | AO7: 1 | AP7: 0 | AQ7: 0 | AR7: 0 | AT7: 0.13 | AV7: 2 | AW7: 2 | AX7: 16492641 | AY7: 1 | AZ7: 0 | BA7: 10 | BB7: 0 | BC7: 0 | BD7: 0 | BE7: 0 | BF7: 0 | BG7: 0 | BH7: 0 | BI7: 0 | BJ7: 0 | BK7: 0 | BL7: 0 | BM7: 0 | BN7: 0 | BO7: 0 | BP7: 0 | BQ7: 0 | BR7: 0 | BS7: 0 | BT7: 0 | BU7: 0 | BV7: 0 | BW7: 0 | CX7: =Y7*Source!I27 -> 3.14691 | CY7: =AD7 -> 0 | CZ7: =AH7 -> 0 | DA7: =AL7 -> 1 | DB7: 0
A8: =ROW(Source!A27) -> 27 | B8: 16492570 | C8: 16492636 | D8: 15247974 | E8: 1 | F8: 1 | G8: 1 | H8: 2 | I8: 91.06.06-048 | J8: ФСЭМ-2001, 91.06.06-048, приказ Минстроя России №1039/пр от 30.12.2016г. | K8: Подъемники одномачтовые, грузоподъемность до 500 кг, высота подъема 45 м | L8: 1368 | N8: 1011 | O8: маш.-ч | P8: маш.-ч | Q8: 1 | W8: 0 | X8: 1188625873 | Y8: 0.13 | AA8: 0 | AB8: 213.51 | AC8: 13.5 | AD8: 0 | AE8: 0 | AF8: 31.26 | AG8: 13.5 | AH8: 0 | AI8: 1 | AJ8: 6.83 | AK8: 1 | AL8: 1 | AN8: 0 | AO8: 1 | AP8: 1 | AQ8: 0 | AR8: 0 | AT8: 0.13 | AV8: 0 | AW8: 2 | AX8: 16492642 | AY8: 1 | AZ8: 0 | BA8: 11 | BB8: 0 | BC8: 0 | BD8: 0 | BE8: 0 | BF8: 0 | BG8: 0 | BH8: 0 | BI8: 0 | BJ8: 0 | BK8: 0 | BL8: 0 | BM8: 0 | BN8: 0 | BO8: 0 | BP8: 0 | BQ8: 0 | BR8: 0 | BS8: 0 | BT8: 0 | BU8: 0 | BV8: 0 | BW8: 0 | CX8: =Y8*Source!I27 -> 3.14691 | CY8: =AB8 -> 213.51 | CZ8: =AF8 -> 31.26 | DA8: =AJ8 -> 6.83 | DB8: 0
A9: =ROW(Source!A28) -> 28 | B9: 16492569 | C9: 16492644 | D9: 15430767 | E9: 1 | F9: 1 | G9: 1 | H9: 1 | I9: 1-100-30 | K9: Рабочий среднего разряда 3 | L9: 1191 | N9: 1013 | O9: чел.-ч. | P9: чел.-ч. | Q9: 1 | W9: 0 | X9: -400197608 | Y9: 43.3205 | AA9: 0 | AB9: 0 | AC9: 0 | AD9: 8.53 | AE9: 0 | AF9: 0 | AG9: 0 | AH9: 8.53 | AI9: 1 | AJ9: 1 | AK9: 1 | AL9: 1 | AN9: 0 | AO9: 1 | AP9: 1 | AQ9: 0 | AR9: 0 | AT9: 37.67 | AU9: )*1,15 | AV9: 1 | AW9: 2 | AX9: 16492652 | AY9: 1 | AZ9: 0 | BA9: 13 | BB9: 0 | BC9: 0 | BD9: 0 | BE9: 0 | BF9: 0 | BG9: 0 | BH9: 0 | BI9: 0 | BJ9: 0 | BK9: 0 | BL9: 0 | BM9: 0 | BN9: 0 | BO9: 0 | BP9: 0 | BQ9: 0 | BR9: 0 | BS9: 0 | BT9: 0 | BU9: 0 | BV9: 0 | BW9: 0 | CX9: =Y9*Source!I28 -> 1048.6593 | CY9: =AD9 -> 8.53 | CZ9: =AH9 -> 8.53 | DA9: =AL9 -> 1 | DB9: 0
A10: =ROW(Source!A28) -> 28 | B10: 16492569 | C10: 16492644 | D10: 15430395 | E10: 1 | F10: 1 | G10: 1 | H10: 1 | I10: 4-100-00 | K10: Затраты труда машинистов | L10: 1191 | N10: 1013 | O10: чел.-ч. | P10: чел.-ч. | Q10: 1 | W10: 0 | X10: -1417349443 | Y10: 0.17 | AA10: 0 | AB10: 0 | AC10: 0 | AD10: 0 | AE10: 0 | AF10: 0 | AG10: 0 | AH10: 0 | AI10: 1 | AJ10: 1 | AK10: 1 | AL10: 1 | AN10: 0 | AO10: 1 | AP10: 0 | AQ10: 0 | AR10: 0 | AT10: 0.17 | AV10: 2 | AW10: 2 | AX10: 16492653 | AY10: 1 | AZ10: 2048 | BA10: 14 | BB10: 0 | BC10: 0 | BD10: 0 | BE10: 0 | BF10: 0 | BG10: 0 | BH10: 0 | BI10: 0 | BJ10: 0 | BK10: 0 | BL10: 0 | BM10: 0 | BN10: 0 | BO10: 0 | BP10: 0 | BQ10: 0 | BR10: 0 | BS10: 0 | BT10: 0 | BU10: 0 | BV10: 0 | BW10: 0 | CX10: =Y10*Source!I28 -> 4.11519 | CY10: =AD10 -> 0 | CZ10: =AH10 -> 0 | DA10: =AL10 -> 1 | DB10: 0
A11: =ROW(Source!A28) -> 28 | B11: 16492569 | C11: 16492644 | D11: 15247970 | E11: 1 | F11: 1 | G11: 1 | H11: 2 | I11: 91.06.06-046 | J11: ФСЭМ-2001, 91.06.06-046, приказ Минстроя России №1039/пр от 30.12.2016г. | K11: Подъемники одномачтовые, грузоподъемность до 500 кг, высота подъема 25 м | L11: 1368 | N11: 1011 | O11: маш.-ч | P11: маш.-ч | Q11: 1 | W11: 0 | X11: 368031958 | Y11: 0.1625 | AA11: 0 | AB11: 27.66 | AC11: 11.6 | AD11: 0 | AE11: 0 | AF11: 27.66 | AG11: 11.6 | AH11: 0 | AI11: 1 | AJ11: 1 | AK11: 1 | AL11: 1 | AN11: 0 | AO11: 1 | AP11: 1 | AQ11: 0 | AR11: 0 | AT11: 0.13 | AU11: )*1,25 | AV11: 0 | AW11: 2 | AX11: 16492654 | AY11: 1 | AZ11: 0 | BA11: 15 | BB11: 0 | BC11: 0 | BD11: 0 | BE11: 0 | BF11: 0 | BG11: 0 | BH11: 0 | BI11: 0 | BJ11: 0 | BK11: 0 | BL11: 0 | BM11: 0 | BN11: 0 | BO11: 0 | BP11: 0 | BQ11: 0 | BR11: 0 | BS11: 0 | BT11: 0 | BU11: 0 | BV11: 0 | BW11: 0 | CX11: =Y11*Source!I28 -> 3.9336375 | CY11: =AB11 -> 27.66 | CZ11: =AF11 -> 27.66 | DA11: =AJ11 -> 1 | DB11: 0
A12: =ROW(Source!A28) -> 28 | B12: 16492569 | C12: 16492644 | D12: 15249073 | E12: 1 | F12: 1 | G12: 1 | H12: 2 | I12: 91.14.02-001 | J12: ФСЭМ-2001, 91.14.02-001, приказ Минстроя России №1039/пр от 30.12.2016г. | K12: Автомобили бортовые, грузоподъемность до 5 т | L12: 1368 | N12: 1011 | O12: маш.-ч | P12: маш.-ч | Q12: 1 | W12: 0 | X12: 1372534845 | Y12: 0.05 | AA12: 0 | AB12: 65.71 | AC12: 11.6 | AD12: 0 | AE12: 0 | AF12: 65.71 | AG12: 11.6 | AH12: 0 | AI12: 1 | AJ12: 1 | AK12: 1 | AL12: 1 | AN12: 0 | AO12: 1 | AP12: 1 | AQ12: 0 | AR12: 0 | AT12: 0.04 | AU12: )*1,25 | AV12: 0 | AW12: 2 | AX12: 16492655 | AY12: 1 | AZ12: 0 | BA12: 16 | BB12: 0 | BC12: 0 | BD12: 0 | BE12: 0 | BF12: 0 | BG12: 0 | BH12: 0 | BI12: 0 | BJ12: 0 | BK12: 0 | BL12: 0 | BM12: 0 | BN12: 0 | BO12: 0 | BP12: 0 | BQ12: 0 | BR12: 0 | BS12: 0 | BT12: 0 | BU12: 0 | BV12: 0 | BW12: 0 | CX12: =Y12*Source!I28 -> 1.21035 | CY12: =AB12 -> 65.71 | CZ12: =AF12 -> 65.71 | DA12: =AJ12 -> 1 | DB12: 0
A13: =ROW(Source!A28) -> 28 | B13: 16492569 | C13: 16492644 | D13: 15167286 | E13: 1 | F13: 1 | G13: 1 | H13: 3 | I13: 01.7.03.01-0001 | J13: ФССЦ-2001, 01.7.03.01-0001, приказ Минстроя России №1039/пр от 30.12.2016г. | K13: Вода | L13: 1339 | N13: 1007 | O13: м3 | P13: м3 | Q13: 1 | W13: 0 | X13: -1660354250 | Y13: 0.174 | AA13: 2.44 | AB13: 0 | AC13: 0 | AD13: 0 | AE13: 2.44 | AF13: 0 | AG13: 0 | AH13: 0 | AI13: 1 | AJ13: 1 | AK13: 1 | AL13: 1 | AN13: 0 | AO13: 1 | AP13: 0 | AQ13: 0 | AR13: 0 | AT13: 0.174 | AV13: 0 | AW13: 2 | AX13: 16492656 | AY13: 1 | AZ13: 0 | BA13: 17 | BB13: 0 | BC13: 0 | BD13: 0 | BE13: 0 | BF13: 0 | BG13: 0 | BH13: 0 | BI13: 0 | BJ13: 0 | BK13: 0 | BL13: 0 | BM13: 0 | BN13: 0 | BO13: 0 | BP13: 0 | BQ13: 0 | BR13: 0 | BS13: 0 | BT13: 0 | BU13: 0 | BV13: 0 | BW13: 0 | CX13: =Y13*Source!I28 -> 4.212018 | CY13: =AA13 -> 2.44 | CZ13: =AE13 -> 2.44 | DA13: =AI13 -> 1 | DB13: 0
A14: =ROW(Source!A28) -> 28 | B14: 16492569 | C14: 16492644 | D14: 15172906 | E14: 1 | F14: 1 | G14: 1 | H14: 3 | I14: 04.3.02.01-0415 | J14: ФССЦ-2001, 04.3.02.01-0415, приказ Минстроя России №1039/пр от 30.12.2016г. | K14: Смеси сухие для наливных полов, марка «Ветонит» 5000 | L14: 1348 | N14: 1009 | O14: т | P14: т | Q14: 1000 | W14: 0 | X14: -2114578287 | Y14: 0.9 | AA14: 11381.57 | AB14: 0 | AC14: 0 | AD14: 0 | AE14: 11381.57 | AF14: 0 | AG14: 0 | AH14: 0 | AI14: 1 | AJ14: 1 | AK14: 1 | AL14: 1 | AN14: 0 | AO14: 1 | AP14: 0 | AQ14: 0 | AR14: 0 | AT14: 0.9 | AV14: 0 | AW14: 2 | AX14: 16492657 | AY14: 1 | AZ14: 0 | BA14: 18 | BB14: 0 | BC14: 0 | BD14: 0 | BE14: 0 | BF14: 0 | BG14: 0 | BH14: 0 | BI14: 0 | BJ14: 0 | BK14: 0 | BL14: 0 | BM14: 0 | BN14: 0 | BO14: 0 | BP14: 0 | BQ14: 0 | BR14: 0 | BS14: 0 | BT14: 0 | BU14: 0 | BV14: 0 | BW14: 0 | CX14: =Y14*Source!I28 -> 21.7863 | CY14: =AA14 -> 11381.57 | CZ14: =AE14 -> 11381.57 | DA14: =AI14 -> 1 | DB14: 0
A15: =ROW(Source!A28) -> 28 | B15: 16492569 | C15: 16492644 | D15: 15203485 | E15: 1 | F15: 1 | G15: 1 | H15: 3 | I15: 14.4.01.02-0113 | J15: ФССЦ-2001, 14.4.01.02-0113, приказ Минстроя России №1039/пр от 30.12.2016г. | K15: Грунтовка акриловая НОРТЕКС-ГРУНТ | L15: 1346 | N15: 1009 | O15: кг | P15: кг | Q15: 1 | W15: 0 | X15: 303141801 | Y15: 30 | AA15: 15.25 | AB15: 0 | AC15: 0 | AD15: 0 | AE15: 15.25 | AF15: 0 | AG15: 0 | AH15: 0 | AI15: 1 | AJ15: 1 | AK15: 1 | AL15: 1 | AN15: 0 | AO15: 1 | AP15: 0 | AQ15: 0 | AR15: 0 | AT15: 30 | AV15: 0 | AW15: 2 | AX15: 16492658 | AY15: 1 | AZ15: 0 | BA15: 19 | BB15: 0 | BC15: 0 | BD15: 0 | BE15: 0 | BF15: 0 | BG15: 0 | BH15: 0 | BI15: 0 | BJ15: 0 | BK15: 0 | BL15: 0 | BM15: 0 | BN15: 0 | BO15: 0 | BP15: 0 | BQ15: 0 | BR15: 0 | BS15: 0 | BT15: 0 | BU15: 0 | BV15: 0 | BW15: 0 | CX15: =Y15*Source!I28 -> 726.21 | CY15: =AA15 -> 15.25 | CZ15: =AE15 -> 15.25 | DA15: =AI15 -> 1 | DB15: 0
A16: =ROW(Source!A29) -> 29 | B16: 16492570 | C16: 16492644 | D16: 15430767 | E16: 1 | F16: 1 | G16: 1 | H16: 1 | I16: 1-100-30 | K16: Рабочий среднего разряда 3 | L16: 1191 | N16: 1013 | O16: чел.-ч. | P16: чел.-ч. | Q16: 1 | W16: 0 | X16: -400197608 | Y16: 43.3205 | AA16: 0 | AB16: 0 | AC16: 0 | AD16: 58.26 | AE16: 0 | AF16: 0 | AG16: 0 | AH16: 8.53 | AI16: 1 | AJ16: 1 | AK16: 1 | AL16: 6.83 | AN16: 0 | AO16: 1 | AP16: 1 | AQ16: 0 | AR16: 0 | AT16: 37.67 | AU16: )*1,15 | AV16: 1 | AW16: 2 | AX16: 16492652 | AY16: 1 | AZ16: 0 | BA16: 20 | BB16: 0 | BC16: 0 | BD16: 0 | BE16: 0 | BF16: 0 | BG16: 0 | BH16: 0 | BI16: 0 | BJ16: 0 | BK16: 0 | BL16: 0 | BM16: 0 | BN16: 0 | BO16: 0 | BP16: 0 | BQ16: 0 | BR16: 0 | BS16: 0 | BT16: 0 | BU16: 0 | BV16: 0 | BW16: 0 | CX16: =Y16*Source!I29 -> 1048.6593 | CY16: =AD16 -> 58.26 | CZ16: =AH16 -> 8.53 | DA16: =AL16 -> 6.83 | DB16: 0
A17: =ROW(Source!A29) -> 29 | B17: 16492570 | C17: 16492644 | D17: 15430395 | E17: 1 | F17: 1 | G17: 1 | H17: 1 | I17: 4-100-00 | K17: Затраты труда машинистов | L17: 1191 | N17: 1013 | O17: чел.-ч. | P17: чел.-ч. | Q17: 1 | W17: 0 | X17: -1417349443 | Y17: 0.17 | AA17: 0 | AB17: 0 | AC17: 0 | AD17: 0 | AE17: 0 | AF17: 0 | AG17: 0 | AH17: 0 | AI17: 1 | AJ17: 1 | AK17: 6.83 | AL17: 1 | AN17: 0 | AO17: 1 | AP17: 0 | AQ17: 0 | AR17: 0 | AT17: 0.17 | AV17: 2 | AW17: 2 | AX17: 16492653 | AY17: 1 | AZ17: 2048 | BA17: 21 | BB17: 0 | BC17: 0 | BD17: 0 | BE17: 0 | BF17: 0 | BG17: 0 | BH17: 0 | BI17: 0 | BJ17: 0 | BK17: 0 | BL17: 0 | BM17: 0 | BN17: 0 | BO17: 0 | BP17: 0 | BQ17: 0 | BR17: 0 | BS17: 0 | BT17: 0 | BU17: 0 | BV17: 0 | BW17: 0 | CX17: =Y17*Source!I29 -> 4.11519 | CY17: =AD17 -> 0 | CZ17: =AH17 -> 0 | DA17: =AL17 -> 1 | DB17: 0
A18: =ROW(Source!A29) -> 29 | B18: 16492570 | C18: 16492644 | D18: 15247970 | E18: 1 | F18: 1 | G18: 1 | H18: 2 | I18: 91.06.06-046 | J18: ФСЭМ-2001, 91.06.06-046, приказ Минстроя России №1039/пр от 30.12.2016г. | K18: Подъемники одномачтовые, грузоподъемность до 500 кг, высота подъема 25 м | L18: 1368 | N18: 1011 | O18: маш.-ч | P18: маш.-ч | Q18: 1 | W18: 0 | X18: 368031958 | Y18: 0.1625 | AA18: 0 | AB18: 188.92 | AC18: 11.6 | AD18: 0 | AE18: 0 | AF18: 27.66 | AG18: 11.6 | AH18: 0 | AI18: 1 | AJ18: 6.83 | AK18: 1 | AL18: 1 | AN18: 0 | AO18: 1 | AP18: 1 | AQ18: 0 | AR18: 0 | AT18: 0.13 | AU18: )*1,25 | AV18: 0 | AW18: 2 | AX18: 16492654 | AY18: 1 | AZ18: 0 | BA18: 22 | BB18: 0 | BC18: 0 | BD18: 0 | BE18: 0 | BF18: 0 | BG18: 0 | BH18: 0 | BI18: 0 | BJ18: 0 | BK18: 0 | BL18: 0 | BM18: 0 | BN18: 0 | BO18: 0 | BP18: 0 | BQ18: 0 | BR18: 0 | BS18: 0 | BT18: 0 | BU18: 0 | BV18: 0 | BW18: 0 | CX18: =Y18*Source!I29 -> 3.9336375 | CY18: =AB18 -> 188.92 | CZ18: =AF18 -> 27.66 | DA18: =AJ18 -> 6.83 | DB18: 0
A19: =ROW(Source!A29) -> 29 | B19: 16492570 | C19: 16492644 | D19: 15249073 | E19: 1 | F19: 1 | G19: 1 | H19: 2 | I19: 91.14.02-001 | J19: ФСЭМ-2001, 91.14.02-001, приказ Минстроя России №1039/пр от 30.12.2016г. | K19: Автомобили бортовые, грузоподъемность до 5 т | L19: 1368 | N19: 1011 | O19: маш.-ч | P19: маш.-ч | Q19: 1 | W19: 0 | X19: 1372534845 | Y19: 0.05 | AA19: 0 | AB19: 448.8 | AC19: 11.6 | AD19: 0 | AE19: 0 | AF19: 65.71 | AG19: 11.6 | AH19: 0 | AI19: 1 | AJ19: 6.83 | AK19: 1 | AL19: 1 | AN19: 0 | AO19: 1 | AP19: 1 | AQ19: 0 | AR19: 0 | AT19: 0.04 | AU19: )*1,25 | AV19: 0 | AW19: 2 | AX19: 16492655 | AY19: 1 | AZ19: 0 | BA19: 23 | BB19: 0 | BC19: 0 | BD19: 0 | BE19: 0 | BF19: 0 | BG19: 0 | BH19: 0 | BI19: 0 | BJ19: 0 | BK19: 0 | BL19: 0 | BM19: 0 | BN19: 0 | BO19: 0 | BP19: 0 | BQ19: 0 | BR19: 0 | BS19: 0 | BT19: 0 | BU19: 0 | BV19: 0 | BW19: 0 | CX19: =Y19*Source!I29 -> 1.21035 | CY19: =AB19 -> 448.8 | CZ19: =AF19 -> 65.71 | DA19: =AJ19 -> 6.83 | DB19: 0
A20: =ROW(Source!A29) -> 29 | B20: 16492570 | C20: 16492644 | D20: 15167286 | E20: 1 | F20: 1 | G20: 1 | H20: 3 | I20: 01.7.03.01-0001 | J20: ФССЦ-2001, 01.7.03.01-0001, приказ Минстроя России №1039/пр от 30.12.2016г. | K20: Вода | L20: 1339 | N20: 1007 | O20: м3 | P20: м3 | Q20: 1 | W20: 0 | X20: -1660354250 | Y20: 0.174 | AA20: 16.67 | AB20: 0 | AC20: 0 | AD20: 0 | AE20: 2.44 | AF20: 0 | AG20: 0 | AH20: 0 | AI20: 6.83 | AJ20: 1 | AK20: 1 | AL20: 1 | AN20: 0 | AO20: 1 | AP20: 0 | AQ20: 0 | AR20: 0 | AT20: 0.174 | AV20: 0 | AW20: 2 | AX20: 16492656 | AY20: 1 | AZ20: 0 | BA20: 24 | BB20: 0 | BC20: 0 | BD20: 0 | BE20: 0 | BF20: 0 | BG20: 0 | BH20: 0 | BI20: 0 | BJ20: 0 | BK20: 0 | BL20: 0 | BM20: 0 | BN20: 0 | BO20: 0 | BP20: 0 | BQ20: 0 | BR20: 0 | BS20: 0 | BT20: 0 | BU20: 0 | BV20: 0 | BW20: 0 | CX20: =Y20*Source!I29 -> 4.212018 | CY20: =AA20 -> 16.67 | CZ20: =AE20 -> 2.44 | DA20: =AI20 -> 6.83 | DB20: 0
A21: =ROW(Source!A29) -> 29 | B21: 16492570 | C21: 16492644 | D21: 15172906 | E21: 1 | F21: 1 | G21: 1 | H21: 3 | I21: 04.3.02.01-0415 | J21: ФССЦ-2001, 04.3.02.01-0415, приказ Минстроя России №1039/пр от 30.12.2016г. | K21: Смеси сухие для наливных полов, марка «Ветонит» 5000 | L21: 1348 | N21: 1009 | O21: т | P21: т | Q21: 1000 | W21: 0 | X21: -2114578287 | Y21: 0.9 | AA21: 77736.12 | AB21: 0 | AC21: 0 | AD21: 0 | AE21: 11381.57 | AF21: 0 | AG21: 0 | AH21: 0 | AI21: 6.83 | AJ21: 1 | AK21: 1 | AL21: 1 | AN21: 0 | AO21: 1 | AP21: 0 | AQ21: 0 | AR21: 0 | AT21: 0.9 | AV21: 0 | AW21: 2 | AX21: 16492657 | AY21: 1 | AZ21: 0 | BA21: 25 | BB21: 0 | BC21: 0 | BD21: 0 | BE21: 0 | BF21: 0 | BG21: 0 | BH21: 0 | BI21: 0 | BJ21: 0 | BK21: 0 | BL21: 0 | BM21: 0 | BN21: 0 | BO21: 0 | BP21: 0 | BQ21: 0 | BR21: 0 | BS21: 0 | BT21: 0 | BU21: 0 | BV21: 0 | BW21: 0 | CX21: =Y21*Source!I29 -> 21.7863 | CY21: =AA21 -> 77736.12 | CZ21: =AE21 -> 11381.57 | DA21: =AI21 -> 6.83 | DB21: 0
A22: =ROW(Source!A29) -> 29 | B22: 16492570 | C22: 16492644 | D22: 15203485 | E22: 1 | F22: 1 | G22: 1 | H22: 3 | I22: 14.4.01.02-0113 | J22: ФССЦ-2001, 14.4.01.02-0113, приказ Минстроя России №1039/пр от 30.12.2016г. | K22: Грунтовка акриловая НОРТЕКС-ГРУНТ | L22: 1346 | N22: 1009 | O22: кг | P22: кг | Q22: 1 | W22: 0 | X22: 303141801 | Y22: 30 | AA22: 104.16 | AB22: 0 | AC22: 0 | AD22: 0 | AE22: 15.25 | AF22: 0 | AG22: 0 | AH22: 0 | AI22: 6.83 | AJ22: 1 | AK22: 1 | AL22: 1 | AN22: 0 | AO22: 1 | AP22: 0 | AQ22: 0 | AR22: 0 | AT22: 30 | AV22: 0 | AW22: 2 | AX22: 16492658 | AY22: 1 | AZ22: 0 | BA22: 26 | BB22: 0 | BC22: 0 | BD22: 0 | BE22: 0 | BF22: 0 | BG22: 0 | BH22: 0 | BI22: 0 | BJ22: 0 | BK22: 0 | BL22: 0 | BM22: 0 | BN22: 0 | BO22: 0 | BP22: 0 | BQ22: 0 | BR22: 0 | BS22: 0 | BT22: 0 | BU22: 0 | BV22: 0 | BW22: 0 | CX22: =Y22*Source!I29 -> 726.21 | CY22: =AA22 -> 104.16 | CZ22: =AE22 -> 15.25 | DA22: =AI22 -> 6.83 | DB22: 0
A23: =ROW(Source!A30) -> 30 | B23: 16492569 | C23: 16495847 | D23: 15436014 | E23: 1 | F23: 1 | G23: 1 | H23: 1 | I23: 1-100-32 | K23: Рабочий среднего разряда 3.2 | L23: 1191 | N23: 1013 | O23: чел.-ч. | P23: чел.-ч. | Q23: 1 | W23: 0 | X23: -784637506 | Y23: 310.42 | AA23: 0 | AB23: 0 | AC23: 0 | AD23: 8.74 | AE23: 0 | AF23: 0 | AG23: 0 | AH23: 8.74 | AI23: 1 | AJ23: 1 | AK23: 1 | AL23: 1 | AN23: 0 | AO23: 1 | AP23: 0 | AQ23: 0 | AR23: 0 | AT23: 310.42 | AV23: 1 | AW23: 2 | AX23: 16495848 | AY23: 1 | AZ23: 0 | BA23: 27 | BB23: 0 | BC23: 0 | BD23: 0 | BE23: 0 | BF23: 0 | BG23: 0 | BH23: 0 | BI23: 0 | BJ23: 0 | BK23: 0 | BL23: 0 | BM23: 0 | BN23: 0 | BO23: 0 | BP23: 0 | BQ23: 0 | BR23: 0 | BS23: 0 | BT23: 0 | BU23: 0 | BV23: 0 | BW23: 0 | CX23: =Y23*Source!I30 -> 7514.3369 | CY23: =AD23 -> 8.74 | CZ23: =AH23 -> 8.74 | DA23: =AL23 -> 1 | DB23: 0
A24: =ROW(Source!A30) -> 30 | B24: 16492569 | C24: 16495847 | D24: 15430395 | E24: 1 | F24: 1 | G24: 1 | H24: 1 | I24: 4-100-00 | K24: Затраты труда машинистов | L24: 1191 | N24: 1013 | O24: чел.-ч. | P24: чел.-ч. | Q24: 1 | W24: 0 | X24: -1417349443 | Y24: 1.73 | AA24: 0 | AB24: 0 | AC24: 0 | AD24: 0 | AE24: 0 | AF24: 0 | AG24: 0 | AH24: 0 | AI24: 1 | AJ24: 1 | AK24: 1 | AL24: 1 | AN24: 0 | AO24: 1 | AP24: 0 | AQ24: 0 | AR24: 0 | AT24: 1.73 | AV24: 2 | AW24: 2 | AX24: 16495849 | AY24: 1 | AZ24: 0 | BA24: 28 | BB24: 0 | BC24: 0 | BD24: 0 | BE24: 0 | BF24: 0 | BG24: 0 | BH24: 0 | BI24: 0 | BJ24: 0 | BK24: 0 | BL24: 0 | BM24: 0 | BN24: 0 | BO24: 0 | BP24: 0 | BQ24: 0 | BR24: 0 | BS24: 0 | BT24: 0 | BU24: 0 | BV24: 0 | BW24: 0 | CX24: =Y24*Source!I30 -> 41.87811 | CY24: =AD24 -> 0 | CZ24: =AH24 -> 0 | DA24: =AL24 -> 1 | DB24: 0
A25: =ROW(Source!A30) -> 30 | B25: 16492569 | C25: 16495847 | D25: 15247576 | E25: 1 | F25: 1 | G25: 1 | H25: 2 | I25: 91.05.01-016 | J25: ФСЭМ-2001, 91.05.01-016, приказ Минстроя России №1039/пр от 30.12.2016г. | K25: Краны башенные, грузоподъемность 5 т | L25: 1368 | N25: 1011 | O25: маш.-ч | P25: маш.-ч | Q25: 1 | W25: 0 | X25: 257150282 | Y25: 0.02 | AA25: 0 | AB25: 83.43 | AC25: 13.5 | AD25: 0 | AE25: 0 | AF25: 83.43 | AG25: 13.5 | AH25: 0 | AI25: 1 | AJ25: 1 | AK25: 1 | AL25: 1 | AN25: 0 | AO25: 1 | AP25: 0 | AQ25: 0 | AR25: 0 | AT25: 0.02 | AV25: 0 | AW25: 2 | AX25: 16495850 | AY25: 1 | AZ25: 0 | BA25: 29 | BB25: 0 | BC25: 0 | BD25: 0 | BE25: 0 | BF25: 0 | BG25: 0 | BH25: 0 | BI25: 0 | BJ25: 0 | BK25: 0 | BL25: 0 | BM25: 0 | BN25: 0 | BO25: 0 | BP25: 0 | BQ25: 0 | BR25: 0 | BS25: 0 | BT25: 0 | BU25: 0 | BV25: 0 | BW25: 0 | CX25: =Y25*Source!I30 -> 0.48414 | CY25: =AB25 -> 83.43 | CZ25: =AF25 -> 83.43 | DA25: =AJ25 -> 1 | DB25: 0
A26: =ROW(Source!A30) -> 30 | B26: 16492569 | C26: 16495847 | D26: 15247678 | E26: 1 | F26: 1 | G26: 1 | H26: 2 | I26: 91.05.05-013 | J26: ФСЭМ-2001, 91.05.05-013, приказ Минстроя России №1039/пр от 30.12.2016г. | K26: Краны на автомобильном ходу, грузоподъемность 6,3 т | L26: 1368 | N26: 1011 | O26: маш.-ч | P26: маш.-ч | Q26: 1 | W26: 0 | X26: 1330025190 | Y26: 0.01 | AA26: 0 | AB26: 88.01 | AC26: 11.6 | AD26: 0 | AE26: 0 | AF26: 88.01 | AG26: 11.6 | AH26: 0 | AI26: 1 | AJ26: 1 | AK26: 1 | AL26: 1 | AN26: 0 | AO26: 1 | AP26: 0 | AQ26: 0 | AR26: 0 | AT26: 0.01 | AV26: 0 | AW26: 2 | AX26: 16495851 | AY26: 1 | AZ26: 0 | BA26: 30 | BB26: 0 | BC26: 0 | BD26: 0 | BE26: 0 | BF26: 0 | BG26: 0 | BH26: 0 | BI26: 0 | BJ26: 0 | BK26: 0 | BL26: 0 | BM26: 0 | BN26: 0 | BO26: 0 | BP26: 0 | BQ26: 0 | BR26: 0 | BS26: 0 | BT26: 0 | BU26: 0 | BV26: 0 | BW26: 0 | CX26: =Y26*Source!I30 -> 0.24207 | CY26: =AB26 -> 88.01 | CZ26: =AF26 -> 88.01 | DA26: =AJ26 -> 1 | DB26: 0
A27: =ROW(Source!A30) -> 30 | B27: 16492569 | C27: 16495847 | D27: 15248143 | E27: 1 | F27: 1 | G27: 1 | H27: 2 | I27: 91.07.08-024 | J27: ФСЭМ-2001, 91.07.08-024, приказ Минстроя России №1039/пр от 30.12.2016г. | K27: Растворосмесители передвижные 65 л | L27: 1368 | N27: 1011 | O27: маш.-ч | P27: маш.-ч | Q27: 1 | W27: 0 | X27: 983187852 | Y27: 1.69 | AA27: 0 | AB27: 12.39 | AC27: 10.06 | AD27: 0 | AE27: 0 | AF27: 12.39 | AG27: 10.06 | AH27: 0 | AI27: 1 | AJ27: 1 | AK27: 1 | AL27: 1 | AN27: 0 | AO27: 1 | AP27: 0 | AQ27: 0 | AR27: 0 | AT27: 1.69 | AV27: 0 | AW27: 2 | AX27: 16495852 | AY27: 1 | AZ27: 0 | BA27: 31 | BB27: 0 | BC27: 0 | BD27: 0 | BE27: 0 | BF27: 0 | BG27: 0 | BH27: 0 | BI27: 0 | BJ27: 0 | BK27: 0 | BL27: 0 | BM27: 0 | BN27: 0 | BO27: 0 | BP27: 0 | BQ27: 0 | BR27: 0 | BS27: 0 | BT27: 0 | BU27: 0 | BV27: 0 | BW27: 0 | CX27: =Y27*Source!I30 -> 40.90983 | CY27: =AB27 -> 12.39 | CZ27: =AF27 -> 12.39 | DA27: =AJ27 -> 1 | DB27: 0
A28: =ROW(Source!A30) -> 30 | B28: 16492569 | C28: 16495847 | D28: 15249073 | E28: 1 | F28: 1 | G28: 1 | H28: 2 | I28: 91.14.02-001 | J28: ФСЭМ-2001, 91.14.02-001, приказ Минстроя России №1039/пр от 30.12.2016г. | K28: Автомобили бортовые, грузоподъемность до 5 т | L28: 1368 | N28: 1011 | O28: маш.-ч | P28: маш.-ч | Q28: 1 | W28: 0 | X28: 1372534845 | Y28: 0.01 | AA28: 0 | AB28: 65.71 | AC28: 11.6 | AD28: 0 | AE28: 0 | AF28: 65.71 | AG28: 11.6 | AH28: 0 | AI28: 1 | AJ28: 1 | AK28: 1 | AL28: 1 | AN28: 0 | AO28: 1 | AP28: 0 | AQ28: 0 | AR28: 0 | AT28: 0.01 | AV28: 0 | AW28: 2 | AX28: 16495853 | AY28: 1 | AZ28: 0 | BA28: 32 | BB28: 0 | BC28: 0 | BD28: 0 | BE28: 0 | BF28: 0 | BG28: 0 | BH28: 0 | BI28: 0 | BJ28: 0 | BK28: 0 | BL28: 0 | BM28: 0 | BN28: 0 | BO28: 0 | BP28: 0 | BQ28: 0 | BR28: 0 | BS28: 0 | BT28: 0 | BU28: 0 | BV28: 0 | BW28: 0 | CX28: =Y28*Source!I30 -> 0.24207 | CY28: =AB28 -> 65.71 | CZ28: =AF28 -> 65.71 | DA28: =AJ28 -> 1 | DB28: 0
A29: =ROW(Source!A30) -> 30 | B29: 16492569 | C29: 16495847 | D29: 15167286 | E29: 1 | F29: 1 | G29: 1 | H29: 3 | I29: 01.7.03.01-0001 | J29: ФССЦ-2001, 01.7.03.01-0001, приказ Минстроя России №1039/пр от 30.12.2016г. | K29: Вода | L29: 1339 | N29: 1007 | O29: м3 | P29: м3 | Q29: 1 | W29: 0 | X29: -1660354250 | Y29: 0.44 | AA29: 2.44 | AB29: 0 | AC29: 0 | AD29: 0 | AE29: 2.44 | AF29: 0 | AG29: 0 | AH29: 0 | AI29: 1 | AJ29: 1 | AK29: 1 | AL29: 1 | AN29: 0 | AO29: 1 | AP29: 0 | AQ29: 0 | AR29: 0 | AT29: 0.44 | AV29: 0 | AW29: 2 | AX29: 16495854 | AY29: 1 | AZ29: 0 | BA29: 33 | BB29: 0 | BC29: 0 | BD29: 0 | BE29: 0 | BF29: 0 | BG29: 0 | BH29: 0 | BI29: 0 | BJ29: 0 | BK29: 0 | BL29: 0 | BM29: 0 | BN29: 0 | BO29: 0 | BP29: 0 | BQ29: 0 | BR29: 0 | BS29: 0 | BT29: 0 | BU29: 0 | BV29: 0 | BW29: 0 | CX29: =Y29*Source!I30 -> 10.65108 | CY29: =AA29 -> 2.44 | CZ29: =AE29 -> 2.44 | DA29: =AI29 -> 1 | DB29: 0
A30: =ROW(Source!A30) -> 30 | B30: 16492569 | C30: 16495847 | D30: 15173044 | E30: 1 | F30: 1 | G30: 1 | H30: 3 | I30: 04.3.02.09-0102 | J30: ФССЦ-2001, 04.3.02.09-0102, приказ Минстроя России №1039/пр от 30.12.2016г. | K30: Затирка «Старатели» (разной цветности) | L30: 1348 | N30: 1009 | O30: т | P30: т | Q30: 1000 | W30: 0 | X30: 2108657288 | Y30: 0.013 | AA30: 6513 | AB30: 0 | AC30: 0 | AD30: 0 | AE30: 6513 | AF30: 0 | AG30: 0 | AH30: 0 | AI30: 1 | AJ30: 1 | AK30: 1 | AL30: 1 | AN30: 0 | AO30: 1 | AP30: 0 | AQ30: 0 | AR30: 0 | AT30: 0.013 | AV30: 0 | AW30: 2 | AX30: 16495855 | AY30: 1 | AZ30: 0 | BA30: 34 | BB30: 0 | BC30: 0 | BD30: 0 | BE30: 0 | BF30: 0 | BG30: 0 | BH30: 0 | BI30: 0 | BJ30: 0 | BK30: 0 | BL30: 0 | BM30: 0 | BN30: 0 | BO30: 0 | BP30: 0 | BQ30: 0 | BR30: 0 | BS30: 0 | BT30: 0 | BU30: 0 | BV30: 0 | BW30: 0 | CX30: =Y30*Source!I30 -> 0.314691 | CY30: =AA30 -> 6513 | CZ30: =AE30 -> 6513 | DA30: =AI30 -> 1 | DB30: 0
A31: =ROW(Source!A30) -> 30 | B31: 16492569 | C31: 16495847 | D31: 15187102 | E31: 1 | F31: 1 | G31: 1 | H31: 3 | I31: 06.2.05.03-0003 | J31: ФССЦ-2001, 06.2.05.03-0003, приказ Минстроя России №1039/пр от 30.12.2016г. | K31: Гранит керамический многоцветный неполированный, размером 400х400х9 мм | L31: 1327 | N31: 1005 | O31: м2 | P31: м2 | Q31: 1 | W31: 0 | X31: 2046761779 | Y31: 102 | AA31: 140.45 | AB31: 0 | AC31: 0 | AD31: 0 | AE31: 140.45 | AF31: 0 | AG31: 0 | AH31: 0 | AI31: 1 | AJ31: 1 | AK31: 1 | AL31: 1 | AN31: 0 | AO31: 1 | AP31: 0 | AQ31: 0 | AR31: 0 | AT31: 102 | AV31: 0 | AW31: 2 | AX31: 16495856 | AY31: 1 | AZ31: 0 | BA31: 35 | BB31: 0 | BC31: 0 | BD31: 0 | BE31: 0 | BF31: 0 | BG31: 0 | BH31: 0 | BI31: 0 | BJ31: 0 | BK31: 0 | BL31: 0 | BM31: 0 | BN31: 0 | BO31: 0 | BP31: 0 | BQ31: 0 | BR31: 0 | BS31: 0 | BT31: 0 | BU31: 0 | BV31: 0 | BW31: 0 | CX31: =Y31*Source!I30 -> 2469.114 | CY31: =AA31 -> 140.45 | CZ31: =AE31 -> 140.45 | DA31: =AI31 -> 1 | DB31: 0
A32: =ROW(Source!A30) -> 30 | B32: 16492569 | C32: 16495847 | D32: 15202597 | E32: 1 | F32: 1 | G32: 1 | H32: 3 | I32: 14.1.06.02-0044 | J32: ФССЦ-2001, 14.1.06.02-0044, приказ Минстроя России №1039/пр от 30.12.2016г. | K32: Клей плиточный «Юнис Гранит» | L32: 1346 | N32: 1009 | O32: кг | P32: кг | Q32: 1 | W32: 0 | X32: 830044740 | Y32: 1200 | AA32: 3.69 | AB32: 0 | AC32: 0 | AD32: 0 | AE32: 3.69 | AF32: 0 | AG32: 0 | AH32: 0 | AI32: 1 | AJ32: 1 | AK32: 1 | AL32: 1 | AN32: 0 | AO32: 1 | AP32: 0 | AQ32: 0 | AR32: 0 | AT32: 1200 | AV32: 0 | AW32: 2 | AX32: 16495858 | AY32: 1 | AZ32: 0 | BA32: 37 | BB32: 0 | BC32: 0 | BD32: 0 | BE32: 0 | BF32: 0 | BG32: 0 | BH32: 0 | BI32: 0 | BJ32: 0 | BK32: 0 | BL32: 0 | BM32: 0 | BN32: 0 | BO32: 0 | BP32: 0 | BQ32: 0 | BR32: 0 | BS32: 0 | BT32: 0 | BU32: 0 | BV32: 0 | BW32: 0 | CX32: =Y32*Source!I30 -> 29048.4 | CY32: =AA32 -> 3.69 | CZ32: =AE32 -> 3.69 | DA32: =AI32 -> 1 | DB32: 0
A33: =ROW(Source!A30) -> 30 | B33: 16492569 | C33: 16495847 | D33: 15203234 | E33: 1 | F33: 1 | G33: 1 | H33: 3 | I33: 14.3.01.02-0103 | J33: ФССЦ-2001, 14.3.01.02-0103, приказ Минстроя России №1039/пр от 30.12.2016г. | K33: Грунтовка воднодисперсионная CERESIT CT 17 | L33: 1296 | N33: 1002 | O33: л | P33: л | Q33: 1 | W33: 0 | X33: -972933126 | Y33: 20 | AA33: 9.14 | AB33: 0 | AC33: 0 | AD33: 0 | AE33: 9.14 | AF33: 0 | AG33: 0 | AH33: 0 | AI33: 1 | AJ33: 1 | AK33: 1 | AL33: 1 | AN33: 0 | AO33: 0 | AP33: 0 | AQ33: 0 | AR33: 0 | AT33: 20 | AV33: 0 | AW33: 1 | AX33: -1 | AY33: 0 | AZ33: 0 | BB33: 0 | BC33: 0 | BD33: 0 | BE33: 0 | BF33: 0 | BG33: 0 | BH33: 0 | BI33: 0 | BJ33: 0 | BK33: 0 | BL33: 0 | BM33: 0 | BN33: 0 | BO33: 0 | BP33: 0 | BQ33: 0 | BR33: 0 | BS33: 0 | BT33: 0 | BU33: 0 | BV33: 0 | BW33: 0 | CX33: =Y33*Source!I30 -> 484.14 | CY33: =AA33 -> 9.14 | CZ33: =AE33 -> 9.14 | DA33: =AI33 -> 1 | DB33: 0
A34: =ROW(Source!A31) -> 31 | B34: 16492570 | C34: 16495847 | D34: 15436014 | E34: 1 | F34: 1 | G34: 1 | H34: 1 | I34: 1-100-32 | K34: Рабочий среднего разряда 3.2 | L34: 1191 | N34: 1013 | O34: чел.-ч. | P34: чел.-ч. | Q34: 1 | W34: 0 | X34: -784637506 | Y34: 310.42 | AA34: 0 | AB34: 0 | AC34: 0 | AD34: 59.69 | AE34: 0 | AF34: 0 | AG34: 0 | AH34: 8.74 | AI34: 1 | AJ34: 1 | AK34: 1 | AL34: 6.83 | AN34: 0 | AO34: 1 | AP34: 0 | AQ34: 0 | AR34: 0 | AT34: 310.42 | AV34: 1 | AW34: 2 | AX34: 16495848 | AY34: 1 | AZ34: 0 | BA34: 39 | BB34: 0 | BC34: 0 | BD34: 0 | BE34: 0 | BF34: 0 | BG34: 0 | BH34: 0 | BI34: 0 | BJ34: 0 | BK34: 0 | BL34: 0 | BM34: 0 | BN34: 0 | BO34: 0 | BP34: 0 | BQ34: 0 | BR34: 0 | BS34: 0 | BT34: 0 | BU34: 0 | BV34: 0 | BW34: 0 | CX34: =Y34*Source!I31 -> 7514.3369 | CY34: =AD34 -> 59.69 | CZ34: =AH34 -> 8.74 | DA34: =AL34 -> 6.83 | DB34: 0
A35: =ROW(Source!A31) -> 31 | B35: 16492570 | C35: 16495847 | D35: 15430395 | E35: 1 | F35: 1 | G35: 1 | H35: 1 | I35: 4-100-00 | K35: Затраты труда машинистов | L35: 1191 | N35: 1013 | O35: чел.-ч. | P35: чел.-ч. | Q35: 1 | W35: 0 | X35: -1417349443 | Y35: 1.73 | AA35: 0 | AB35: 0 | AC35: 0 | AD35: 0 | AE35: 0 | AF35: 0 | AG35: 0 | AH35: 0 | AI35: 1 | AJ35: 1 | AK35: 6.83 | AL35: 1 | AN35: 0 | AO35: 1 | AP35: 0 | AQ35: 0 | AR35: 0 | AT35: 1.73 | AV35: 2 | AW35: 2 | AX35: 16495849 | AY35: 1 | AZ35: 0 | BA35: 40 | BB35: 0 | BC35: 0 | BD35: 0 | BE35: 0 | BF35: 0 | BG35: 0 | BH35: 0 | BI35: 0 | BJ35: 0 | BK35: 0 | BL35: 0 | BM35: 0 | BN35: 0 | BO35: 0 | BP35: 0 | BQ35: 0 | BR35: 0 | BS35: 0 | BT35: 0 | BU35: 0 | BV35: 0 | BW35: 0 | CX35: =Y35*Source!I31 -> 41.87811 | CY35: =AD35 -> 0 | CZ35: =AH35 -> 0 | DA35: =AL35 -> 1 | DB35: 0
A36: =ROW(Source!A31) -> 31 | B36: 16492570 | C36: 16495847 | D36: 15247576 | E36: 1 | F36: 1 | G36: 1 | H36: 2 | I36: 91.05.01-016 | J36: ФСЭМ-2001, 91.05.01-016, приказ Минстроя России №1039/пр от 30.12.2016г. | K36: Краны башенные, грузоподъемность 5 т | L36: 1368 | N36: 1011 | O36: маш.-ч | P36: маш.-ч | Q36: 1 | W36: 0 | X36: 257150282 | Y36: 0.02 | AA36: 0 | AB36: 569.83 | AC36: 13.5 | AD36: 0 | AE36: 0 | AF36: 83.43 | AG36: 13.5 | AH36: 0 | AI36: 1 | AJ36: 6.83 | AK36: 1 | AL36: 1 | AN36: 0 | AO36: 1 | AP36: 0 | AQ36: 0 | AR36: 0 | AT36: 0.02 | AV36: 0 | AW36: 2 | AX36: 16495850 | AY36: 1 | AZ36: 0 | BA36: 41 | BB36: 0 | BC36: 0 | BD36: 0 | BE36: 0 | BF36: 0 | BG36: 0 | BH36: 0 | BI36: 0 | BJ36: 0 | BK36: 0 | BL36: 0 | BM36: 0 | BN36: 0 | BO36: 0 | BP36: 0 | BQ36: 0 | BR36: 0 | BS36: 0 | BT36: 0 | BU36: 0 | BV36: 0 | BW36: 0 | CX36: =Y36*Source!I31 -> 0.48414 | CY36: =AB36 -> 569.83 | CZ36: =AF36 -> 83.43 | DA36: =AJ36 -> 6.83 | DB36: 0
A37: =ROW(Source!A31) -> 31 | B37: 16492570 | C37: 16495847 | D37: 15247678 | E37: 1 | F37: 1 | G37: 1 | H37: 2 | I37: 91.05.05-013 | J37: ФСЭМ-2001, 91.05.05-013, приказ Минстроя России №1039/пр от 30.12.2016г. | K37: Краны на автомобильном ходу, грузоподъемность 6,3 т | L37: 1368 | N37: 1011 | O37: маш.-ч | P37: маш.-ч | Q37: 1 | W37: 0 | X37: 1330025190 | Y37: 0.01 | AA37: 0 | AB37: 601.11 | AC37: 11.6 | AD37: 0 | AE37: 0 | AF37: 88.01 | AG37: 11.6 | AH37: 0 | AI37: 1 | AJ37: 6.83 | AK37: 1 | AL37: 1 | AN37: 0 | AO37: 1 | AP37: 0 | AQ37: 0 | AR37: 0 | AT37: 0.01 | AV37: 0 | AW37: 2 | AX37: 16495851 | AY37: 1 | AZ37: 0 | BA37: 42 | BB37: 0 | BC37: 0 | BD37: 0 | BE37: 0 | BF37: 0 | BG37: 0 | BH37: 0 | BI37: 0 | BJ37: 0 | BK37: 0 | BL37: 0 | BM37: 0 | BN37: 0 | BO37: 0 | BP37: 0 | BQ37: 0 | BR37: 0 | BS37: 0 | BT37: 0 | BU37: 0 | BV37: 0 | BW37: 0 | CX37: =Y37*Source!I31 -> 0.24207 | CY37: =AB37 -> 601.11 | CZ37: =AF37 -> 88.01 | DA37: =AJ37 -> 6.83 | DB37: 0
A38: =ROW(Source!A31) -> 31 | B38: 16492570 | C38: 16495847 | D38: 15248143 | E38: 1 | F38: 1 | G38: 1 | H38: 2 | I38: 91.07.08-024 | J38: ФСЭМ-2001, 91.07.08-024, приказ Минстроя России №1039/пр от 30.12.2016г. | K38: Растворосмесители передвижные 65 л | L38: 1368 | N38: 1011 | O38: маш.-ч | P38: маш.-ч | Q38: 1 | W38: 0 | X38: 983187852 | Y38: 1.69 | AA38: 0 | AB38: 84.62 | AC38: 10.06 | AD38: 0 | AE38: 0 | AF38: 12.39 | AG38: 10.06 | AH38: 0 | AI38: 1 | AJ38: 6.83 | AK38: 1 | AL38: 1 | AN38: 0 | AO38: 1 | AP38: 0 | AQ38: 0 | AR38: 0 | AT38: 1.69 | AV38: 0 | AW38: 2 | AX38: 16495852 | AY38: 1 | AZ38: 0 | BA38: 43 | BB38: 0 | BC38: 0 | BD38: 0 | BE38: 0 | BF38: 0 | BG38: 0 | BH38: 0 | BI38: 0 | BJ38: 0 | BK38: 0 | BL38: 0 | BM38: 0 | BN38: 0 | BO38: 0 | BP38: 0 | BQ38: 0 | BR38: 0 | BS38: 0 | BT38: 0 | BU38: 0 | BV38: 0 | BW38: 0 | CX38: =Y38*Source!I31 -> 40.90983 | CY38: =AB38 -> 84.62 | CZ38: =AF38 -> 12.39 | DA38: =AJ38 -> 6.83 | DB38: 0
A39: =ROW(Source!A31) -> 31 | B39: 16492570 | C39: 16495847 | D39: 15249073 | E39: 1 | F39: 1 | G39: 1 | H39: 2 | I39: 91.14.02-001 | J39: ФСЭМ-2001, 91.14.02-001, приказ Минстроя России №1039/пр от 30.12.2016г. | K39: Автомобили бортовые, грузоподъемность до 5 т | L39: 1368 | N39: 1011 | O39: маш.-ч | P39: маш.-ч | Q39: 1 | W39: 0 | X39: 1372534845 | Y39: 0.01 | AA39: 0 | AB39: 448.8 | AC39: 11.6 | AD39: 0 | AE39: 0 | AF39: 65.71 | AG39: 11.6 | AH39: 0 | AI39: 1 | AJ39: 6.83 | AK39: 1 | AL39: 1 | AN39: 0 | AO39: 1 | AP39: 0 | AQ39: 0 | AR39: 0 | AT39: 0.01 | AV39: 0 | AW39: 2 | AX39: 16495853 | AY39: 1 | AZ39: 0 | BA39: 44 | BB39: 0 | BC39: 0 | BD39: 0 | BE39: 0 | BF39: 0 | BG39: 0 | BH39: 0 | BI39: 0 | BJ39: 0 | BK39: 0 | BL39: 0 | BM39: 0 | BN39: 0 | BO39: 0 | BP39: 0 | BQ39: 0 | BR39: 0 | BS39: 0 | BT39: 0 | BU39: 0 | BV39: 0 | BW39: 0 | CX39: =Y39*Source!I31 -> 0.24207 | CY39: =AB39 -> 448.8 | CZ39: =AF39 -> 65.71 | DA39: =AJ39 -> 6.83 | DB39: 0
A40: =ROW(Source!A31) -> 31 | B40: 16492570 | C40: 16495847 | D40: 15167286 | E40: 1 | F40: 1 | G40: 1 | H40: 3 | I40: 01.7.03.01-0001 | J40: ФССЦ-2001, 01.7.03.01-0001, приказ Минстроя России №1039/пр от 30.12.2016г. | K40: Вода | L40: 1339 | N40: 1007 | O40: м3 | P40: м3 | Q40: 1 | W40: 0 | X40: -1660354250 | Y40: 0.44 | AA40: 16.67 | AB40: 0 | AC40: 0 | AD40: 0 | AE40: 2.44 | AF40: 0 | AG40: 0 | AH40: 0 | AI40: 6.83 | AJ40: 1 | AK40: 1 | AL40: 1 | AN40: 0 | AO40: 1 | AP40: 0 | AQ40: 0 | AR40: 0 | AT40: 0.44 | AV40: 0 | AW40: 2 | AX40: 16495854 | AY40: 1 | AZ40: 0 | BA40: 45 | BB40: 0 | BC40: 0 | BD40: 0 | BE40: 0 | BF40: 0 | BG40: 0 | BH40: 0 | BI40: 0 | BJ40: 0 | BK40: 0 | BL40: 0 | BM40: 0 | BN40: 0 | BO40: 0 | BP40: 0 | BQ40: 0 | BR40: 0 | BS40: 0 | BT40: 0 | BU40: 0 | BV40: 0 | BW40: 0 | CX40: =Y40*Source!I31 -> 10.65108 | CY40: =AA40 -> 16.67 | CZ40: =AE40 -> 2.44 | DA40: =AI40 -> 6.83 | DB40: 0
A41: =ROW(Source!A31) -> 31 | B41: 16492570 | C41: 16495847 | D41: 15173044 | E41: 1 | F41: 1 | G41: 1 | H41: 3 | I41: 04.3.02.09-0102 | J41: ФССЦ-2001, 04.3.02.09-0102, приказ Минстроя России №1039/пр от 30.12.2016г. | K41: Затирка «Старатели» (разной цветности) | L41: 1348 | N41: 1009 | O41: т | P41: т | Q41: 1000 | W41: 0 | X41: 2108657288 | Y41: 0.013 | AA41: 44483.79 | AB41: 0 | AC41: 0 | AD41: 0 | AE41: 6513 | AF41: 0 | AG41: 0 | AH41: 0 | AI41: 6.83 | AJ41: 1 | AK41: 1 | AL41: 1 | AN41: 0 | AO41: 1 | AP41: 0 | AQ41: 0 | AR41: 0 | AT41: 0.013 | AV41: 0 | AW41: 2 | AX41: 16495855 | AY41: 1 | AZ41: 0 | BA41: 46 | BB41: 0 | BC41: 0 | BD41: 0 | BE41: 0 | BF41: 0 | BG41: 0 | BH41: 0 | BI41: 0 | BJ41: 0 | BK41: 0 | BL41: 0 | BM41: 0 | BN41: 0 | BO41: 0 | BP41: 0 | BQ41: 0 | BR41: 0 | BS41: 0 | BT41: 0 | BU41: 0 | BV41: 0 | BW41: 0 | CX41: =Y41*Source!I31 -> 0.314691 | CY41: =AA41 -> 44483.79 | CZ41: =AE41 -> 6513 | DA41: =AI41 -> 6.83 | DB41: 0
A42: =ROW(Source!A31) -> 31 | B42: 16492570 | C42: 16495847 | D42: 15187102 | E42: 1 | F42: 1 | G42: 1 | H42: 3 | I42: 06.2.05.03-0003 | J42: ФССЦ-2001, 06.2.05.03-0003, приказ Минстроя России №1039/пр от 30.12.2016г. | K42: Гранит керамический многоцветный неполированный, размером 400х400х9 мм | L42: 1327 | N42: 1005 | O42: м2 | P42: м2 | Q42: 1 | W42: 0 | X42: 2046761779 | Y42: 102 | AA42: 959.27 | AB42: 0 | AC42: 0 | AD42: 0 | AE42: 140.45 | AF42: 0 | AG42: 0 | AH42: 0 | AI42: 6.83 | AJ42: 1 | AK42: 1 | AL42: 1 | AN42: 0 | AO42: 1 | AP42: 0 | AQ42: 0 | AR42: 0 | AT42: 102 | AV42: 0 | AW42: 2 | AX42: 16495856 | AY42: 1 | AZ42: 0 | BA42: 47 | BB42: 0 | BC42: 0 | BD42: 0 | BE42: 0 | BF42: 0 | BG42: 0 | BH42: 0 | BI42: 0 | BJ42: 0 | BK42: 0 | BL42: 0 | BM42: 0 | BN42: 0 | BO42: 0 | BP42: 0 | BQ42: 0 | BR42: 0 | BS42: 0 | BT42: 0 | BU42: 0 | BV42: 0 | BW42: 0 | CX42: =Y42*Source!I31 -> 2469.114 | CY42: =AA42 -> 959.27 | CZ42: =AE42 -> 140.45 | DA42: =AI42 -> 6.83 | DB42: 0
A43: =ROW(Source!A31) -> 31 | B43: 16492570 | C43: 16495847 | D43: 15202597 | E43: 1 | F43: 1 | G43: 1 | H43: 3 | I43: 14.1.06.02-0044 | J43: ФССЦ-2001, 14.1.06.02-0044, приказ Минстроя России №1039/пр от 30.12.2016г. | K43: Клей плиточный «Юнис Гранит» | L43: 1346 | N43: 1009 | O43: кг | P43: кг | Q43: 1 | W43: 0 | X43: 830044740 | Y43: 1200 | AA43: 25.2 | AB43: 0 | AC43: 0 | AD43: 0 | AE43: 3.69 | AF43: 0 | AG43: 0 | AH43: 0 | AI43: 6.83 | AJ43: 1 | AK43: 1 | AL43: 1 | AN43: 0 | AO43: 1 | AP43: 0 | AQ43: 0 | AR43: 0 | AT43: 1200 | AV43: 0 | AW43: 2 | AX43: 16495858 | AY43: 1 | AZ43: 0 | BA43: 49 | BB43: 0 | BC43: 0 | BD43: 0 | BE43: 0 | BF43: 0 | BG43: 0 | BH43: 0 | BI43: 0 | BJ43: 0 | BK43: 0 | BL43: 0 | BM43: 0 | BN43: 0 | BO43: 0 | BP43: 0 | BQ43: 0 | BR43: 0 | BS43: 0 | BT43: 0 | BU43: 0 | BV43: 0 | BW43: 0 | CX43: =Y43*Source!I31 -> 29048.4 | CY43: =AA43 -> 25.2 | CZ43: =AE43 -> 3.69 | DA43: =AI43 -> 6.83 | DB43: 0
A44: =ROW(Source!A31) -> 31 | B44: 16492570 | C44: 16495847 | D44: 15203234 | E44: 1 | F44: 1 | G44: 1 | H44: 3 | I44: 14.3.01.02-0103 | J44: ФССЦ-2001, 14.3.01.02-0103, приказ Минстроя России №1039/пр от 30.12.2016г. | K44: Грунтовка воднодисперсионная CERESIT CT 17 | L44: 1296 | N44: 1002 | O44: л | P44: л | Q44: 1 | W44: 0 | X44: -972933126 | Y44: 20 | AA44: 62.43 | AB44: 0 | AC44: 0 | AD44: 0 | AE44: 9.14 | AF44: 0 | AG44: 0 | AH44: 0 | AI44: 6.83 | AJ44: 1 | AK44: 1 | AL44: 1 | AN44: 0 | AO44: 0 | AP44: 0 | AQ44: 0 | AR44: 0 | AT44: 20 | AV44: 0 | AW44: 1 | AX44: -1 | AY44: 0 | AZ44: 0 | BB44: 0 | BC44: 0 | BD44: 0 | BE44: 0 | BF44: 0 | BG44: 0 | BH44: 0 | BI44: 0 | BJ44: 0 | BK44: 0 | BL44: 0 | BM44: 0 | BN44: 0 | BO44: 0 | BP44: 0 | BQ44: 0 | BR44: 0 | BS44: 0 | BT44: 0 | BU44: 0 | BV44: 0 | BW44: 0 | CX44: =Y44*Source!I31 -> 484.14 | CY44: =AA44 -> 62.43 | CZ44: =AE44 -> 9.14 | DA44: =AI44 -> 6.83 | DB44: 0
A45: =ROW(Source!A34) -> 34 | B45: 16492569 | C45: 16492685 | D45: 15435721 | E45: 1 | F45: 1 | G45: 1 | H45: 1 | I45: 1-100-39 | K45: Рабочий среднего разряда 3.9 | L45: 1191 | N45: 1013 | O45: чел.-ч. | P45: чел.-ч. | Q45: 1 | W45: 0 | X45: 1983201532 | Y45: 27.393 | AA45: 0 | AB45: 0 | AC45: 0 | AD45: 9.51 | AE45: 0 | AF45: 0 | AG45: 0 | AH45: 9.51 | AI45: 1 | AJ45: 1 | AK45: 1 | AL45: 1 | AN45: 0 | AO45: 1 | AP45: 1 | AQ45: 0 | AR45: 0 | AT45: 23.82 | AU45: )*1,15 | AV45: 1 | AW45: 2 | AX45: 16492693 | AY45: 1 | AZ45: 0 | BA45: 51 | BB45: 0 | BC45: 0 | BD45: 0 | BE45: 0 | BF45: 0 | BG45: 0 | BH45: 0 | BI45: 0 | BJ45: 0 | BK45: 0 | BL45: 0 | BM45: 0 | BN45: 0 | BO45: 0 | BP45: 0 | BQ45: 0 | BR45: 0 | BS45: 0 | BT45: 0 | BU45: 0 | BV45: 0 | BW45: 0 | CX45: =Y45*Source!I34 -> 722.27123 | CY45: =AD45 -> 9.51 | CZ45: =AH45 -> 9.51 | DA45: =AL45 -> 1 | DB45: 0
A46: =ROW(Source!A34) -> 34 | B46: 16492569 | C46: 16492685 | D46: 15430395 | E46: 1 | F46: 1 | G46: 1 | H46: 1 | I46: 4-100-00 | K46: Затраты труда машинистов | L46: 1191 | N46: 1013 | O46: чел.-ч. | P46: чел.-ч. | Q46: 1 | W46: 0 | X46: -1417349443 | Y46: 0.11 | AA46: 0 | AB46: 0 | AC46: 0 | AD46: 0 | AE46: 0 | AF46: 0 | AG46: 0 | AH46: 0 | AI46: 1 | AJ46: 1 | AK46: 1 | AL46: 1 | AN46: 0 | AO46: 1 | AP46: 0 | AQ46: 0 | AR46: 0 | AT46: 0.11 | AV46: 2 | AW46: 2 | AX46: 16492694 | AY46: 1 | AZ46: 2048 | BA46: 52 | BB46: 0 | BC46: 0 | BD46: 0 | BE46: 0 | BF46: 0 | BG46: 0 | BH46: 0 | BI46: 0 | BJ46: 0 | BK46: 0 | BL46: 0 | BM46: 0 | BN46: 0 | BO46: 0 | BP46: 0 | BQ46: 0 | BR46: 0 | BS46: 0 | BT46: 0 | BU46: 0 | BV46: 0 | BW46: 0 | CX46: =Y46*Source!I34 -> 2.90037 | CY46: =AD46 -> 0 | CZ46: =AH46 -> 0 | DA46: =AL46 -> 1 | DB46: 0
A47: =ROW(Source!A34) -> 34 | B47: 16492569 | C47: 16492685 | D47: 15247974 | E47: 1 | F47: 1 | G47: 1 | H47: 2 | I47: 91.06.06-048 | J47: ФСЭМ-2001, 91.06.06-048, приказ Минстроя России №1039/пр от 30.12.2016г. | K47: Подъемники одномачтовые, грузоподъемность до 500 кг, высота подъема 45 м | L47: 1368 | N47: 1011 | O47: маш.-ч | P47: маш.-ч | Q47: 1 | W47: 0 | X47: 1188625873 | Y47: 0.0625 | AA47: 0 | AB47: 31.26 | AC47: 13.5 | AD47: 0 | AE47: 0 | AF47: 31.26 | AG47: 13.5 | AH47: 0 | AI47: 1 | AJ47: 1 | AK47: 1 | AL47: 1 | AN47: 0 | AO47: 1 | AP47: 1 | AQ47: 0 | AR47: 0 | AT47: 0.05 | AU47: )*1,25 | AV47: 0 | AW47: 2 | AX47: 16492695 | AY47: 1 | AZ47: 0 | BA47: 53 | BB47: 0 | BC47: 0 | BD47: 0 | BE47: 0 | BF47: 0 | BG47: 0 | BH47: 0 | BI47: 0 | BJ47: 0 | BK47: 0 | BL47: 0 | BM47: 0 | BN47: 0 | BO47: 0 | BP47: 0 | BQ47: 0 | BR47: 0 | BS47: 0 | BT47: 0 | BU47: 0 | BV47: 0 | BW47: 0 | CX47: =Y47*Source!I34 -> 1.6479375 | CY47: =AB47 -> 31.26 | CZ47: =AF47 -> 31.26 | DA47: =AJ47 -> 1 | DB47: 0
A48: =ROW(Source!A34) -> 34 | B48: 16492569 | C48: 16492685 | D48: 15249073 | E48: 1 | F48: 1 | G48: 1 | H48: 2 | I48: 91.14.02-001 | J48: ФСЭМ-2001, 91.14.02-001, приказ Минстроя России №1039/пр от 30.12.2016г. | K48: Автомобили бортовые, грузоподъемность до 5 т | L48: 1368 | N48: 1011 | O48: маш.-ч | P48: маш.-ч | Q48: 1 | W48: 0 | X48: 1372534845 | Y48: 0.075 | AA48: 0 | AB48: 65.71 | AC48: 11.6 | AD48: 0 | AE48: 0 | AF48: 65.71 | AG48: 11.6 | AH48: 0 | AI48: 1 | AJ48: 1 | AK48: 1 | AL48: 1 | AN48: 0 | AO48: 1 | AP48: 1 | AQ48: 0 | AR48: 0 | AT48: 0.06 | AU48: )*1,25 | AV48: 0 | AW48: 2 | AX48: 16492696 | AY48: 1 | AZ48: 0 | BA48: 54 | BB48: 0 | BC48: 0 | BD48: 0 | BE48: 0 | BF48: 0 | BG48: 0 | BH48: 0 | BI48: 0 | BJ48: 0 | BK48: 0 | BL48: 0 | BM48: 0 | BN48: 0 | BO48: 0 | BP48: 0 | BQ48: 0 | BR48: 0 | BS48: 0 | BT48: 0 | BU48: 0 | BV48: 0 | BW48: 0 | CX48: =Y48*Source!I34 -> 1.977525 | CY48: =AB48 -> 65.71 | CZ48: =AF48 -> 65.71 | DA48: =AJ48 -> 1 | DB48: 0
A49: =ROW(Source!A34) -> 34 | B49: 16492569 | C49: 16492685 | D49: 15187126 | E49: 1 | F49: 1 | G49: 1 | H49: 3 | I49: 06.2.05.03-0057 | J49: ФССЦ-2001, 06.2.05.03-0057, приказ Минстроя России №1039/пр от 30.12.2016г. | K49: Плитки керамогранитные размером 400х400х9 мм | L49: 1327 | N49: 1005 | O49: м2 | P49: м2 | Q49: 1 | W49: 0 | X49: -1358421812 | Y49: 10.099804 | AA49: 65.73 | AB49: 0 | AC49: 0 | AD49: 0 | AE49: 65.73 | AF49: 0 | AG49: 0 | AH49: 0 | AI49: 1 | AJ49: 1 | AK49: 1 | AL49: 1 | AN49: 0 | AO49: 0 | AP49: 0 | AQ49: 0 | AR49: 0 | AT49: 10.099804 | AV49: 0 | AW49: 1 | AX49: -1 | AY49: 0 | AZ49: 0 | BB49: 0 | BC49: 0 | BD49: 0 | BE49: 0 | BF49: 0 | BG49: 0 | BH49: 0 | BI49: 0 | BJ49: 0 | BK49: 0 | BL49: 0 | BM49: 0 | BN49: 0 | BO49: 0 | BP49: 0 | BQ49: 0 | BR49: 0 | BS49: 0 | BT49: 0 | BU49: 0 | BV49: 0 | BW49: 0 | CX49: =Y49*Source!I34 -> 266.30153 | CY49: =AA49 -> 65.73 | CZ49: =AE49 -> 65.73 | DA49: =AI49 -> 1 | DB49: 0
A50: =ROW(Source!A34) -> 34 | B50: 16492569 | C50: 16492685 | D50: 15202597 | E50: 1 | F50: 1 | G50: 1 | H50: 3 | I50: 14.1.06.02-0044 | J50: ФССЦ-2001, 14.1.06.02-0044, приказ Минстроя России №1039/пр от 30.12.2016г. | K50: Клей плиточный «Юнис Гранит» (толщ. 4 мм) | L50: 1346 | N50: 1009 | O50: кг | P50: кг | Q50: 1 | W50: 0 | X50: 75744107 | Y50: 40 | AA50: 3.69 | AB50: 0 | AC50: 0 | AD50: 0 | AE50: 3.69 | AF50: 0 | AG50: 0 | AH50: 0 | AI50: 1 | AJ50: 1 | AK50: 1 | AL50: 1 | AN50: 0 | AO50: 0 | AP50: 0 | AQ50: 0 | AR50: 0 | AT50: 40 | AV50: 0 | AW50: 1 | AX50: -1 | AY50: 0 | AZ50: 0 | BB50: 0 | BC50: 0 | BD50: 0 | BE50: 0 | BF50: 0 | BG50: 0 | BH50: 0 | BI50: 0 | BJ50: 0 | BK50: 0 | BL50: 0 | BM50: 0 | BN50: 0 | BO50: 0 | BP50: 0 | BQ50: 0 | BR50: 0 | BS50: 0 | BT50: 0 | BU50: 0 | BV50: 0 | BW50: 0 | CX50: =Y50*Source!I34 -> 1054.68 | CY50: =AA50 -> 3.69 | CZ50: =AE50 -> 3.69 | DA50: =AI50 -> 1 | DB50: 0
A51: =ROW(Source!A35) -> 35 | B51: 16492570 | C51: 16492685 | D51: 15435721 | E51: 1 | F51: 1 | G51: 1 | H51: 1 | I51: 1-100-39 | K51: Рабочий среднего разряда 3.9 | L51: 1191 | N51: 1013 | O51: чел.-ч. | P51: чел.-ч. | Q51: 1 | W51: 0 | X51: 1983201532 | Y51: 27.393 | AA51: 0 | AB51: 0 | AC51: 0 | AD51: 64.95 | AE51: 0 | AF51: 0 | AG51: 0 | AH51: 9.51 | AI51: 1 | AJ51: 1 | AK51: 1 | AL51: 6.83 | AN51: 0 | AO51: 1 | AP51: 1 | AQ51: 0 | AR51: 0 | AT51: 23.82 | AU51: )*1,15 | AV51: 1 | AW51: 2 | AX51: 16492693 | AY51: 1 | AZ51: 0 | BA51: 57 | BB51: 0 | BC51: 0 | BD51: 0 | BE51: 0 | BF51: 0 | BG51: 0 | BH51: 0 | BI51: 0 | BJ51: 0 | BK51: 0 | BL51: 0 | BM51: 0 | BN51: 0 | BO51: 0 | BP51: 0 | BQ51: 0 | BR51: 0 | BS51: 0 | BT51: 0 | BU51: 0 | BV51: 0 | BW51: 0 | CX51: =Y51*Source!I35 -> 722.27123 | CY51: =AD51 -> 64.95 | CZ51: =AH51 -> 9.51 | DA51: =AL51 -> 6.83 | DB51: 0
A52: =ROW(Source!A35) -> 35 | B52: 16492570 | C52: 16492685 | D52: 15430395 | E52: 1 | F52: 1 | G52: 1 | H52: 1 | I52: 4-100-00 | K52: Затраты труда машинистов | L52: 1191 | N52: 1013 | O52: чел.-ч. | P52: чел.-ч. | Q52: 1 | W52: 0 | X52: -1417349443 | Y52: 0.11 | AA52: 0 | AB52: 0 | AC52: 0 | AD52: 0 | AE52: 0 | AF52: 0 | AG52: 0 | AH52: 0 | AI52: 1 | AJ52: 1 | AK52: 6.83 | AL52: 1 | AN52: 0 | AO52: 1 | AP52: 0 | AQ52: 0 | AR52: 0 | AT52: 0.11 | AV52: 2 | AW52: 2 | AX52: 16492694 | AY52: 1 | AZ52: 2048 | BA52: 58 | BB52: 0 | BC52: 0 | BD52: 0 | BE52: 0 | BF52: 0 | BG52: 0 | BH52: 0 | BI52: 0 | BJ52: 0 | BK52: 0 | BL52: 0 | BM52: 0 | BN52: 0 | BO52: 0 | BP52: 0 | BQ52: 0 | BR52: 0 | BS52: 0 | BT52: 0 | BU52: 0 | BV52: 0 | BW52: 0 | CX52: =Y52*Source!I35 -> 2.90037 | CY52: =AD52 -> 0 | CZ52: =AH52 -> 0 | DA52: =AL52 -> 1 | DB52: 0
A53: =ROW(Source!A35) -> 35 | B53: 16492570 | C53: 16492685 | D53: 15247974 | E53: 1 | F53: 1 | G53: 1 | H53: 2 | I53: 91.06.06-048 | J53: ФСЭМ-2001, 91.06.06-048, приказ Минстроя России №1039/пр от 30.12.2016г. | K53: Подъемники одномачтовые, грузоподъемность до 500 кг, высота подъема 45 м | L53: 1368 | N53: 1011 | O53: маш.-ч | P53: маш.-ч | Q53: 1 | W53: 0 | X53: 1188625873 | Y53: 0.0625 | AA53: 0 | AB53: 213.51 | AC53: 13.5 | AD53: 0 | AE53: 0 | AF53: 31.26 | AG53: 13.5 | AH53: 0 | AI53: 1 | AJ53: 6.83 | AK53: 1 | AL53: 1 | AN53: 0 | AO53: 1 | AP53: 1 | AQ53: 0 | AR53: 0 | AT53: 0.05 | AU53: )*1,25 | AV53: 0 | AW53: 2 | AX53: 16492695 | AY53: 1 | AZ53: 0 | BA53: 59 | BB53: 0 | BC53: 0 | BD53: 0 | BE53: 0 | BF53: 0 | BG53: 0 | BH53: 0 | BI53: 0 | BJ53: 0 | BK53: 0 | BL53: 0 | BM53: 0 | BN53: 0 | BO53: 0 | BP53: 0 | BQ53: 0 | BR53: 0 | BS53: 0 | BT53: 0 | BU53: 0 | BV53: 0 | BW53: 0 | CX53: =Y53*Source!I35 -> 1.6479375 | CY53: =AB53 -> 213.51 | CZ53: =AF53 -> 31.26 | DA53: =AJ53 -> 6.83 | DB53: 0
A54: =ROW(Source!A35) -> 35 | B54: 16492570 | C54: 16492685 | D54: 15249073 | E54: 1 | F54: 1 | G54: 1 | H54: 2 | I54: 91.14.02-001 | J54: ФСЭМ-2001, 91.14.02-001, приказ Минстроя России №1039/пр от 30.12.2016г. | K54: Автомобили бортовые, грузоподъемность до 5 т | L54: 1368 | N54: 1011 | O54: маш.-ч | P54: маш.-ч | Q54: 1 | W54: 0 | X54: 1372534845 | Y54: 0.075 | AA54: 0 | AB54: 448.8 | AC54: 11.6 | AD54: 0 | AE54: 0 | AF54: 65.71 | AG54: 11.6 | AH54: 0 | AI54: 1 | AJ54: 6.83 | AK54: 1 | AL54: 1 | AN54: 0 | AO54: 1 | AP54: 1 | AQ54: 0 | AR54: 0 | AT54: 0.06 | AU54: )*1,25 | AV54: 0 | AW54: 2 | AX54: 16492696 | AY54: 1 | AZ54: 0 | BA54: 60 | BB54: 0 | BC54: 0 | BD54: 0 | BE54: 0 | BF54: 0 | BG54: 0 | BH54: 0 | BI54: 0 | BJ54: 0 | BK54: 0 | BL54: 0 | BM54: 0 | BN54: 0 | BO54: 0 | BP54: 0 | BQ54: 0 | BR54: 0 | BS54: 0 | BT54: 0 | BU54: 0 | BV54: 0 | BW54: 0 | CX54: =Y54*Source!I35 -> 1.977525 | CY54: =AB54 -> 448.8 | CZ54: =AF54 -> 65.71 | DA54: =AJ54 -> 6.83 | DB54: 0
A55: =ROW(Source!A35) -> 35 | B55: 16492570 | C55: 16492685 | D55: 15187126 | E55: 1 | F55: 1 | G55: 1 | H55: 3 | I55: 06.2.05.03-0057 | J55: ФССЦ-2001, 06.2.05.03-0057, приказ Минстроя России №1039/пр от 30.12.2016г. | K55: Плитки керамогранитные размером 400х400х9 мм | L55: 1327 | N55: 1005 | O55: м2 | P55: м2 | Q55: 1 | W55: 0 | X55: -1358421812 | Y55: 10.099804 | AA55: 448.94 | AB55: 0 | AC55: 0 | AD55: 0 | AE55: 65.73 | AF55: 0 | AG55: 0 | AH55: 0 | AI55: 6.83 | AJ55: 1 | AK55: 1 | AL55: 1 | AN55: 0 | AO55: 0 | AP55: 0 | AQ55: 0 | AR55: 0 | AT55: 10.099804 | AV55: 0 | AW55: 1 | AX55: -1 | AY55: 0 | AZ55: 0 | BB55: 0 | BC55: 0 | BD55: 0 | BE55: 0 | BF55: 0 | BG55: 0 | BH55: 0 | BI55: 0 | BJ55: 0 | BK55: 0 | BL55: 0 | BM55: 0 | BN55: 0 | BO55: 0 | BP55: 0 | BQ55: 0 | BR55: 0 | BS55: 0 | BT55: 0 | BU55: 0 | BV55: 0 | BW55: 0 | CX55: =Y55*Source!I35 -> 266.30153 | CY55: =AA55 -> 448.94 | CZ55: =AE55 -> 65.73 | DA55: =AI55 -> 6.83 | DB55: 0
A56: =ROW(Source!A35) -> 35 | B56: 16492570 | C56: 16492685 | D56: 15202597 | E56: 1 | F56: 1 | G56: 1 | H56: 3 | I56: 14.1.06.02-0044 | J56: ФССЦ-2001, 14.1.06.02-0044, приказ Минстроя России №1039/пр от 30.12.2016г. | K56: Клей плиточный «Юнис Гранит» (толщ. 4 мм) | L56: 1346 | N56: 1009 | O56: кг | P56: кг | Q56: 1 | W56: 0 | X56: 75744107 | Y56: 40 | AA56: 25.2 | AB56: 0 | AC56: 0 | AD56: 0 | AE56: 3.69 | AF56: 0 | AG56: 0 | AH56: 0 | AI56: 6.83 | AJ56: 1 | AK56: 1 | AL56: 1 | AN56: 0 | AO56: 0 | AP56: 0 | AQ56: 0 | AR56: 0 | AT56: 40 | AV56: 0 | AW56: 1 | AX56: -1 | AY56: 0 | AZ56: 0 | BB56: 0 | BC56: 0 | BD56: 0 | BE56: 0 | BF56: 0 | BG56: 0 | BH56: 0 | BI56: 0 | BJ56: 0 | BK56: 0 | BL56: 0 | BM56: 0 | BN56: 0 | BO56: 0 | BP56: 0 | BQ56: 0 | BR56: 0 | BS56: 0 | BT56: 0 | BU56: 0 | BV56: 0 | BW56: 0 | CX56: =Y56*Source!I35 -> 1054.68 | CY56: =AA56 -> 25.2 | CZ56: =AE56 -> 3.69 | DA56: =AI56 -> 6.83 | DB56: 0

Sheet EtalonRes
A1: =ROW(Source!A24) -> 24 | B1: 16492634 | C1: 16492632 | D1: 15430517 | E1: 1 | F1: 1 | G1: 1 | H1: 1 | I1: 1-100-20 | K1: Рабочий среднего разряда 2 | L1: 1191 | N1: 1013 | O1: чел.-ч. | P1: чел.-ч. | Q1: 1 | X1: 3.77 | Y1: 0 | Z1: 0 | AA1: 0 | AB1: 7.8 | AC1: 0 | AD1: 1 | AE1: 1 | AG1: 3.77 | AH1: 2 | AI1: 16492633 | AJ1: 1 | AK1: 0 | AL1: 0 | AM1: 0 | AN1: 0 | AO1: 0 | AP1: 0 | AQ1: 0 | AR1: 0
A2: =ROW(Source!A24) -> 24 | B2: 16492635 | C2: 16492632 | D2: 15164566 | E2: 17 | F2: 1 | G2: 1 | H2: 3 | I2: 01.7.07.07 | K2: Строительный мусор | L2: 1348 | N2: 1009 | O2: т | P2: т | Q2: 1000 | X2: 0.11 | Y2: 0 | Z2: 0 | AA2: 0 | AB2: 0 | AC2: 0 | AD2: 0 | AE2: 0 | AG2: 0.11 | AH2: 3 | AI2: -1 | AK2: 0 | AL2: 0 | AM2: 0 | AN2: 0 | AO2: 0 | AP2: 0 | AQ2: 0 | AR2: 0
A3: =ROW(Source!A25) -> 25 | B3: 16492634 | C3: 16492632 | D3: 15430517 | E3: 1 | F3: 1 | G3: 1 | H3: 1 | I3: 1-100-20 | K3: Рабочий среднего разряда 2 | L3: 1191 | N3: 1013 | O3: чел.-ч. | P3: чел.-ч. | Q3: 1 | X3: 3.77 | Y3: 0 | Z3: 0 | AA3: 0 | AB3: 7.8 | AC3: 0 | AD3: 1 | AE3: 1 | AG3: 3.77 | AH3: 2 | AI3: 16492633 | AJ3: 2 | AK3: 0 | AL3: 0 | AM3: 0 | AN3: 0 | AO3: 0 | AP3: 0 | AQ3: 0 | AR3: 0
A4: =ROW(Source!A25) -> 25 | B4: 16492635 | C4: 16492632 | D4: 15164566 | E4: 17 | F4: 1 | G4: 1 | H4: 3 | I4: 01.7.07.07 | K4: Строительный мусор | L4: 1348 | N4: 1009 | O4: т | P4: т | Q4: 1000 | X4: 0.11 | Y4: 0 | Z4: 0 | AA4: 0 | AB4: 0 | AC4: 0 | AD4: 0 | AE4: 0 | AG4: 0.11 | AH4: 3 | AI4: -1 | AK4: 0 | AL4: 0 | AM4: 0 | AN4: 0 | AO4: 0 | AP4: 0 | AQ4: 0 | AR4: 0
A5: =ROW(Source!A26) -> 26 | B5: 16492640 | C5: 16492636 | D5: 15430517 | E5: 1 | F5: 1 | G5: 1 | H5: 1 | I5: 1-100-20 | K5: Рабочий среднего разряда 2 | L5: 1191 | N5: 1013 | O5: чел.-ч. | P5: чел.-ч. | Q5: 1 | X5: 11.39 | Y5: 0 | Z5: 0 | AA5: 0 | AB5: 7.8 | AC5: 0 | AD5: 1 | AE5: 1 | AG5: 11.39 | AH5: 2 | AI5: 16492637 | AJ5: 3 | AK5: 0 | AL5: 0 | AM5: 0 | AN5: 0 | AO5: 0 | AP5: 0 | AQ5: 0 | AR5: 0
A6: =ROW(Source!A26) -> 26 | B6: 16492641 | C6: 16492636 | D6: 15430395 | E6: 1 | F6: 1 | G6: 1 | H6: 1 | I6: 4-100-00 | K6: Затраты труда машинистов | L6: 1191 | N6: 1013 | O6: чел.-ч. | P6: чел.-ч. | Q6: 1 | X6: 0.13 | Y6: 0 | Z6: 0 | AA6: 0 | AB6: 0 | AC6: 0 | AD6: 1 | AE6: 2 | AG6: 0.13 | AH6: 2 | AI6: 16492638 | AJ6: 4 | AK6: 0 | AL6: 0 | AM6: 0 | AN6: 0 | AO6: 0 | AP6: 0 | AQ6: 0 | AR6: 0
A7: =ROW(Source!A26) -> 26 | B7: 16492642 | C7: 16492636 | D7: 15247974 | E7: 1 | F7: 1 | G7: 1 | H7: 2 | I7: 91.06.06-048 | J7: ФСЭМ-2001, 91.06.06-048, приказ Минстроя России №1039/пр от 30.12.2016г. | K7: Подъемники одномачтовые, грузоподъемность до 500 кг, высота подъема 45 м | L7: 1368 | N7: 1011 | O7: маш.-ч | P7: маш.-ч | Q7: 1 | X7: 0.13 | Y7: 0 | Z7: 31.26 | AA7: 13.5 | AB7: 0 | AC7: 0 | AD7: 1 | AE7: 0 | AG7: 0.13 | AH7: 2 | AI7: 16492639 | AJ7: 5 | AK7: 0 | AL7: 0 | AM7: 0 | AN7: 0 | AO7: 0 | AP7: 0 | AQ7: 0 | AR7: 0
A8: =ROW(Source!A26) -> 26 | B8: 16492643 | C8: 16492636 | D8: 15164566 | E8: 17 | F8: 1 | G8: 1 | H8: 3 | I8: 01.7.07.07 | K8: Строительный мусор | L8: 1348 | N8: 1009 | O8: т | P8: т | Q8: 1000 | X8: 0.47 | Y8: 0 | Z8: 0 | AA8: 0 | AB8: 0 | AC8: 0 | AD8: 0 | AE8: 0 | AG8: 0.47 | AH8: 3 | AI8: -1 | AK8: 0 | AL8: 0 | AM8: 0 | AN8: 0 | AO8: 0 | AP8: 0 | AQ8: 0 | AR8: 0
A9: =ROW(Source!A27) -> 27 | B9: 16492640 | C9: 16492636 | D9: 15430517 | E9: 1 | F9: 1 | G9: 1 | H9: 1 | I9: 1-100-20 | K9: Рабочий среднего разряда 2 | L9: 1191 | N9: 1013 | O9: чел.-ч. | P9: чел.-ч. | Q9: 1 | X9: 11.39 | Y9: 0 | Z9: 0 | AA9: 0 | AB9: 7.8 | AC9: 0 | AD9: 1 | AE9: 1 | AG9: 11.39 | AH9: 2 | AI9: 16492637 | AJ9: 6 | AK9: 0 | AL9: 0 | AM9: 0 | AN9: 0 | AO9: 0 | AP9: 0 | AQ9: 0 | AR9: 0
A10: =ROW(Source!A27) -> 27 | B10: 16492641 | C10: 16492636 | D10: 15430395 | E10: 1 | F10: 1 | G10: 1 | H10: 1 | I10: 4-100-00 | K10: Затраты труда машинистов | L10: 1191 | N10: 1013 | O10: чел.-ч. | P10: чел.-ч. | Q10: 1 | X10: 0.13 | Y10: 0 | Z10: 0 | AA10: 0 | AB10: 0 | AC10: 0 | AD10: 1 | AE10: 2 | AG10: 0.13 | AH10: 2 | AI10: 16492638 | AJ10: 7 | AK10: 0 | AL10: 0 | AM10: 0 | AN10: 0 | AO10: 0 | AP10: 0 | AQ10: 0 | AR10: 0
A11: =ROW(Source!A27) -> 27 | B11: 16492642 | C11: 16492636 | D11: 15247974 | E11: 1 | F11: 1 | G11: 1 | H11: 2 | I11: 91.06.06-048 | J11: ФСЭМ-2001, 91.06.06-048, приказ Минстроя России №1039/пр от 30.12.2016г. | K11: Подъемники одномачтовые, грузоподъемность до 500 кг, высота подъема 45 м | L11: 1368 | N11: 1011 | O11: маш.-ч | P11: маш.-ч | Q11: 1 | X11: 0.13 | Y11: 0 | Z11: 31.26 | AA11: 13.5 | AB11: 0 | AC11: 0 | AD11: 1 | AE11: 0 | AG11: 0.13 | AH11: 2 | AI11: 16492639 | AJ11: 8 | AK11: 0 | AL11: 0 | AM11: 0 | AN11: 0 | AO11: 0 | AP11: 0 | AQ11: 0 | AR11: 0
A12: =ROW(Source!A27) -> 27 | B12: 16492643 | C12: 16492636 | D12: 15164566 | E12: 17 | F12: 1 | G12: 1 | H12: 3 | I12: 01.7.07.07 | K12: Строительный мусор | L12: 1348 | N12: 1009 | O12: т | P12: т | Q12: 1000 | X12: 0.47 | Y12: 0 | Z12: 0 | AA12: 0 | AB12: 0 | AC12: 0 | AD12: 0 | AE12: 0 | AG12: 0.47 | AH12: 3 | AI12: -1 | AK12: 0 | AL12: 0 | AM12: 0 | AN12: 0 | AO12: 0 | AP12: 0 | AQ12: 0 | AR12: 0
A13: =ROW(Source!A28) -> 28 | B13: 16492652 | C13: 16492644 | D13: 15430767 | E13: 1 | F13: 1 | G13: 1 | H13: 1 | I13: 1-100-30 | K13: Рабочий среднего разряда 3 | L13: 1191 | N13: 1013 | O13: чел.-ч. | P13: чел.-ч. | Q13: 1 | X13: 37.67 | Y13: 0 | Z13: 0 | AA13: 0 | AB13: 8.53 | AC13: 0 | AD13: 1 | AE13: 1 | AF13: )*1,15 | AG13: 43.3205 | AH13: 2 | AI13: 16492645 | AJ13: 9 | AK13: 0 | AL13: 0 | AM13: 0 | AN13: 0 | AO13: 0 | AP13: 0 | AQ13: 0 | AR13: 0
A14: =ROW(Source!A28) -> 28 | B14: 16492653 | C14: 16492644 | D14: 15430395 | E14: 1 | F14: 1 | G14: 1 | H14: 1 | I14: 4-100-00 | K14: Затраты труда машинистов | L14: 1191 | N14: 1013 | O14: чел.-ч. | P14: чел.-ч. | Q14: 1 | X14: 0.17 | Y14: 0 | Z14: 0 | AA14: 0 | AB14: 0 | AC14: 0 | AD14: 1 | AE14: 2 | AF14: )*1,25 | AG14: 0.2125 | AH14: 2 | AI14: 16492646 | AJ14: 10 | AK14: 0 | AL14: 0 | AM14: 0 | AN14: 0 | AO14: 0 | AP14: 0 | AQ14: 0 | AR14: 0
A15: =ROW(Source!A28) -> 28 | B15: 16492654 | C15: 16492644 | D15: 15247970 | E15: 1 | F15: 1 | G15: 1 | H15: 2 | I15: 91.06.06-046 | J15: ФСЭМ-2001, 91.06.06-046, приказ Минстроя России №1039/пр от 30.12.2016г. | K15: Подъемники одномачтовые, грузоподъемность до 500 кг, высота подъема 25 м | L15: 1368 | N15: 1011 | O15: маш.-ч | P15: маш.-ч | Q15: 1 | X15: 0.13 | Y15: 0 | Z15: 27.66 | AA15: 11.6 | AB15: 0 | AC15: 0 | AD15: 1 | AE15: 0 | AF15: )*1,25 | AG15: 0.1625 | AH15: 2 | AI15: 16492647 | AJ15: 11 | AK15: 0 | AL15: 0 | AM15: 0 | AN15: 0 | AO15: 0 | AP15: 0 | AQ15: 0 | AR15: 0
A16: =ROW(Source!A28) -> 28 | B16: 16492655 | C16: 16492644 | D16: 15249073 | E16: 1 | F16: 1 | G16: 1 | H16: 2 | I16: 91.14.02-001 | J16: ФСЭМ-2001, 91.14.02-001, приказ Минстроя России №1039/пр от 30.12.2016г. | K16: Автомобили бортовые, грузоподъемность до 5 т | L16: 1368 | N16: 1011 | O16: маш.-ч | P16: маш.-ч | Q16: 1 | X16: 0.04 | Y16: 0 | Z16: 65.71 | AA16: 11.6 | AB16: 0 | AC16: 0 | AD16: 1 | AE16: 0 | AF16: )*1,25 | AG16: 0.05 | AH16: 2 | AI16: 16492648 | AJ16: 12 | AK16: 0 | AL16: 0 | AM16: 0 | AN16: 0 | AO16: 0 | AP16: 0 | AQ16: 0 | AR16: 0
A17: =ROW(Source!A28) -> 28 | B17: 16492656 | C17: 16492644 | D17: 15167286 | E17: 1 | F17: 1 | G17: 1 | H17: 3 | I17: 01.7.03.01-0001 | J17: ФССЦ-2001, 01.7.03.01-0001, приказ Минстроя России №1039/пр от 30.12.2016г. | K17: Вода | L17: 1339 | N17: 1007 | O17: м3 | P17: м3 | Q17: 1 | X17: 0.174 | Y17: 2.44 | Z17: 0 | AA17: 0 | AB17: 0 | AC17: 0 | AD17: 1 | AE17: 0 | AG17: 0.174 | AH17: 2 | AI17: 16492649 | AJ17: 13 | AK17: 0 | AL17: 0 | AM17: 0 | AN17: 0 | AO17: 0 | AP17: 0 | AQ17: 0 | AR17: 0
A18: =ROW(Source!A28) -> 28 | B18: 16492657 | C18: 16492644 | D18: 15172906 | E18: 1 | F18: 1 | G18: 1 | H18: 3 | I18: 04.3.02.01-0415 | J18: ФССЦ-2001, 04.3.02.01-0415, приказ Минстроя России №1039/пр от 30.12.2016г. | K18: Смеси сухие для наливных полов, марка «Ветонит» 5000 | L18: 1348 | N18: 1009 | O18: т | P18: т | Q18: 1000 | X18: 0.9 | Y18: 11381.57 | Z18: 0 | AA18: 0 | AB18: 0 | AC18: 0 | AD18: 1 | AE18: 0 | AG18: 0.9 | AH18: 2 | AI18: 16492650 | AJ18: 14 | AK18: 0 | AL18: 0 | AM18: 0 | AN18: 0 | AO18: 0 | AP18: 0 | AQ18: 0 | AR18: 0
A19: =ROW(Source!A28) -> 28 | B19: 16492658 | C19: 16492644 | D19: 15203485 | E19: 1 | F19: 1 | G19: 1 | H19: 3 | I19: 14.4.01.02-0113 | J19: ФССЦ-2001, 14.4.01.02-0113, приказ Минстроя России №1039/пр от 30.12.2016г. | K19: Грунтовка акриловая НОРТЕКС-ГРУНТ | L19: 1346 | N19: 1009 | O19: кг | P19: кг | Q19: 1 | X19: 30 | Y19: 15.25 | Z19: 0 | AA19: 0 | AB19: 0 | AC19: 0 | AD19: 1 | AE19: 0 | AG19: 30 | AH19: 2 | AI19: 16492651 | AJ19: 15 | AK19: 0 | AL19: 0 | AM19: 0 | AN19: 0 | AO19: 0 | AP19: 0 | AQ19: 0 | AR19: 0
A20: =ROW(Source!A29) -> 29 | B20: 16492652 | C20: 16492644 | D20: 15430767 | E20: 1 | F20: 1 | G20: 1 | H20: 1 | I20: 1-100-30 | K20: Рабочий среднего разряда 3 | L20: 1191 | N20: 1013 | O20: чел.-ч. | P20: чел.-ч. | Q20: 1 | X20: 37.67 | Y20: 0 | Z20: 0 | AA20: 0 | AB20: 8.53 | AC20: 0 | AD20: 1 | AE20: 1 | AF20: )*1,15 | AG20: 43.3205 | AH20: 2 | AI20: 16492645 | AJ20: 16 | AK20: 0 | AL20: 0 | AM20: 0 | AN20: 0 | AO20: 0 | AP20: 0 | AQ20: 0 | AR20: 0
A21: =ROW(Source!A29) -> 29 | B21: 16492653 | C21: 16492644 | D21: 15430395 | E21: 1 | F21: 1 | G21: 1 | H21: 1 | I21: 4-100-00 | K21: Затраты труда машинистов | L21: 1191 | N21: 1013 | O21: чел.-ч. | P21: чел.-ч. | Q21: 1 | X21: 0.17 | Y21: 0 | Z21: 0 | AA21: 0 | AB21: 0 | AC21: 0 | AD21: 1 | AE21: 2 | AF21: )*1,25 | AG21: 0.2125 | AH21: 2 | AI21: 16492646 | AJ21: 17 | AK21: 0 | AL21: 0 | AM21: 0 | AN21: 0 | AO21: 0 | AP21: 0 | AQ21: 0 | AR21: 0
A22: =ROW(Source!A29) -> 29 | B22: 16492654 | C22: 16492644 | D22: 15247970 | E22: 1 | F22: 1 | G22: 1 | H22: 2 | I22: 91.06.06-046 | J22: ФСЭМ-2001, 91.06.06-046, приказ Минстроя России №1039/пр от 30.12.2016г. | K22: Подъемники одномачтовые, грузоподъемность до 500 кг, высота подъема 25 м | L22: 1368 | N22: 1011 | O22: маш.-ч | P22: маш.-ч | Q22: 1 | X22: 0.13 | Y22: 0 | Z22: 27.66 | AA22: 11.6 | AB22: 0 | AC22: 0 | AD22: 1 | AE22: 0 | AF22: )*1,25 | AG22: 0.1625 | AH22: 2 | AI22: 16492647 | AJ22: 18 | AK22: 0 | AL22: 0 | AM22: 0 | AN22: 0 | AO22: 0 | AP22: 0 | AQ22: 0 | AR22: 0
A23: =ROW(Source!A29) -> 29 | B23: 16492655 | C23: 16492644 | D23: 15249073 | E23: 1 | F23: 1 | G23: 1 | H23: 2 | I23: 91.14.02-001 | J23: ФСЭМ-2001, 91.14.02-001, приказ Минстроя России №1039/пр от 30.12.2016г. | K23: Автомобили бортовые, грузоподъемность до 5 т | L23: 1368 | N23: 1011 | O23: маш.-ч | P23: маш.-ч | Q23: 1 | X23: 0.04 | Y23: 0 | Z23: 65.71 | AA23: 11.6 | AB23: 0 | AC23: 0 | AD23: 1 | AE23: 0 | AF23: )*1,25 | AG23: 0.05 | AH23: 2 | AI23: 16492648 | AJ23: 19 | AK23: 0 | AL23: 0 | AM23: 0 | AN23: 0 | AO23: 0 | AP23: 0 | AQ23: 0 | AR23: 0
A24: =ROW(Source!A29) -> 29 | B24: 16492656 | C24: 16492644 | D24: 15167286 | E24: 1 | F24: 1 | G24: 1 | H24: 3 | I24: 01.7.03.01-0001 | J24: ФССЦ-2001, 01.7.03.01-0001, приказ Минстроя России №1039/пр от 30.12.2016г. | K24: Вода | L24: 1339 | N24: 1007 | O24: м3 | P24: м3 | Q24: 1 | X24: 0.174 | Y24: 2.44 | Z24: 0 | AA24: 0 | AB24: 0 | AC24: 0 | AD24: 1 | AE24: 0 | AG24: 0.174 | AH24: 2 | AI24: 16492649 | AJ24: 20 | AK24: 0 | AL24: 0 | AM24: 0 | AN24: 0 | AO24: 0 | AP24: 0 | AQ24: 0 | AR24: 0
A25: =ROW(Source!A29) -> 29 | B25: 16492657 | C25: 16492644 | D25: 15172906 | E25: 1 | F25: 1 | G25: 1 | H25: 3 | I25: 04.3.02.01-0415 | J25: ФССЦ-2001, 04.3.02.01-0415, приказ Минстроя России №1039/пр от 30.12.2016г. | K25: Смеси сухие для наливных полов, марка «Ветонит» 5000 | L25: 1348 | N25: 1009 | O25: т | P25: т | Q25: 1000 | X25: 0.9 | Y25: 11381.57 | Z25: 0 | AA25: 0 | AB25: 0 | AC25: 0 | AD25: 1 | AE25: 0 | AG25: 0.9 | AH25: 2 | AI25: 16492650 | AJ25: 21 | AK25: 0 | AL25: 0 | AM25: 0 | AN25: 0 | AO25: 0 | AP25: 0 | AQ25: 0 | AR25: 0
A26: =ROW(Source!A29) -> 29 | B26: 16492658 | C26: 16492644 | D26: 15203485 | E26: 1 | F26: 1 | G26: 1 | H26: 3 | I26: 14.4.01.02-0113 | J26: ФССЦ-2001, 14.4.01.02-0113, приказ Минстроя России №1039/пр от 30.12.2016г. | K26: Грунтовка акриловая НОРТЕКС-ГРУНТ | L26: 1346 | N26: 1009 | O26: кг | P26: кг | Q26: 1 | X26: 30 | Y26: 15.25 | Z26: 0 | AA26: 0 | AB26: 0 | AC26: 0 | AD26: 1 | AE26: 0 | AG26: 30 | AH26: 2 | AI26: 16492651 | AJ26: 22 | AK26: 0 | AL26: 0 | AM26: 0 | AN26: 0 | AO26: 0 | AP26: 0 | AQ26: 0 | AR26: 0
A27: =ROW(Source!A30) -> 30 | B27: 16495848 | C27: 16495847 | D27: 15436014 | E27: 1 | F27: 1 | G27: 1 | H27: 1 | I27: 1-100-32 | K27: Рабочий среднего разряда 3.2 | L27: 1191 | N27: 1013 | O27: чел.-ч. | P27: чел.-ч. | Q27: 1 | X27: 310.42 | Y27: 0 | Z27: 0 | AA27: 0 | AB27: 8.74 | AC27: 0 | AD27: 1 | AE27: 1 | AG27: 310.42 | AH27: 2 | AI27: 16495848 | AJ27: 23 | AK27: 0 | AL27: 0 | AM27: 0 | AN27: 0 | AO27: 0 | AP27: 0 | AQ27: 0 | AR27: 0
A28: =ROW(Source!A30) -> 30 | B28: 16495849 | C28: 16495847 | D28: 15430395 | E28: 1 | F28: 1 | G28: 1 | H28: 1 | I28: 4-100-00 | K28: Затраты труда машинистов | L28: 1191 | N28: 1013 | O28: чел.-ч. | P28: чел.-ч. | Q28: 1 | X28: 1.73 | Y28: 0 | Z28: 0 | AA28: 0 | AB28: 0 | AC28: 0 | AD28: 1 | AE28: 2 | AG28: 1.73 | AH28: 2 | AI28: 16495849 | AJ28: 24 | AK28: 0 | AL28: 0 | AM28: 0 | AN28: 0 | AO28: 0 | AP28: 0 | AQ28: 0 | AR28: 0
A29: =ROW(Source!A30) -> 30 | B29: 16495850 | C29: 16495847 | D29: 15247576 | E29: 1 | F29: 1 | G29: 1 | H29: 2 | I29: 91.05.01-016 | J29: ФСЭМ-2001, 91.05.01-016, приказ Минстроя России №1039/пр от 30.12.2016г. | K29: Краны башенные, грузоподъемность 5 т | L29: 1368 | N29: 1011 | O29: маш.-ч | P29: маш.-ч | Q29: 1 | X29: 0.02 | Y29: 0 | Z29: 83.43 | AA29: 13.5 | AB29: 0 | AC29: 0 | AD29: 1 | AE29: 0 | AG29: 0.02 | AH29: 2 | AI29: 16495850 | AJ29: 25 | AK29: 0 | AL29: 0 | AM29: 0 | AN29: 0 | AO29: 0 | AP29: 0 | AQ29: 0 | AR29: 0
A30: =ROW(Source!A30) -> 30 | B30: 16495851 | C30: 16495847 | D30: 15247678 | E30: 1 | F30: 1 | G30: 1 | H30: 2 | I30: 91.05.05-013 | J30: ФСЭМ-2001, 91.05.05-013, приказ Минстроя России №1039/пр от 30.12.2016г. | K30: Краны на автомобильном ходу, грузоподъемность 6,3 т | L30: 1368 | N30: 1011 | O30: маш.-ч | P30: маш.-ч | Q30: 1 | X30: 0.01 | Y30: 0 | Z30: 88.01 | AA30: 11.6 | AB30: 0 | AC30: 0 | AD30: 1 | AE30: 0 | AG30: 0.01 | AH30: 2 | AI30: 16495851 | AJ30: 26 | AK30: 0 | AL30: 0 | AM30: 0 | AN30: 0 | AO30: 0 | AP30: 0 | AQ30: 0 | AR30: 0
A31: =ROW(Source!A30) -> 30 | B31: 16495852 | C31: 16495847 | D31: 15248143 | E31: 1 | F31: 1 | G31: 1 | H31: 2 | I31: 91.07.08-024 | J31: ФСЭМ-2001, 91.07.08-024, приказ Минстроя России №1039/пр от 30.12.2016г. | K31: Растворосмесители передвижные 65 л | L31: 1368 | N31: 1011 | O31: маш.-ч | P31: маш.-ч | Q31: 1 | X31: 1.69 | Y31: 0 | Z31: 12.39 | AA31: 10.06 | AB31: 0 | AC31: 0 | AD31: 1 | AE31: 0 | AG31: 1.69 | AH31: 2 | AI31: 16495852 | AJ31: 27 | AK31: 0 | AL31: 0 | AM31: 0 | AN31: 0 | AO31: 0 | AP31: 0 | AQ31: 0 | AR31: 0
A32: =ROW(Source!A30) -> 30 | B32: 16495853 | C32: 16495847 | D32: 15249073 | E32: 1 | F32: 1 | G32: 1 | H32: 2 | I32: 91.14.02-001 | J32: ФСЭМ-2001, 91.14.02-001, приказ Минстроя России №1039/пр от 30.12.2016г. | K32: Автомобили бортовые, грузоподъемность до 5 т | L32: 1368 | N32: 1011 | O32: маш.-ч | P32: маш.-ч | Q32: 1 | X32: 0.01 | Y32: 0 | Z32: 65.71 | AA32: 11.6 | AB32: 0 | AC32: 0 | AD32: 1 | AE32: 0 | AG32: 0.01 | AH32: 2 | AI32: 16495853 | AJ32: 28 | AK32: 0 | AL32: 0 | AM32: 0 | AN32: 0 | AO32: 0 | AP32: 0 | AQ32: 0 | AR32: 0
A33: =ROW(Source!A30) -> 30 | B33: 16495854 | C33: 16495847 | D33: 15167286 | E33: 1 | F33: 1 | G33: 1 | H33: 3 | I33: 01.7.03.01-0001 | J33: ФССЦ-2001, 01.7.03.01-0001, приказ Минстроя России №1039/пр от 30.12.2016г. | K33: Вода | L33: 1339 | N33: 1007 | O33: м3 | P33: м3 | Q33: 1 | X33: 0.44 | Y33: 2.44 | Z33: 0 | AA33: 0 | AB33: 0 | AC33: 0 | AD33: 1 | AE33: 0 | AG33: 0.44 | AH33: 2 | AI33: 16495854 | AJ33: 29 | AK33: 0 | AL33: 0 | AM33: 0 | AN33: 0 | AO33: 0 | AP33: 0 | AQ33: 0 | AR33: 0
A34: =ROW(Source!A30) -> 30 | B34: 16495855 | C34: 16495847 | D34: 15173044 | E34: 1 | F34: 1 | G34: 1 | H34: 3 | I34: 04.3.02.09-0102 | J34: ФССЦ-2001, 04.3.02.09-0102, приказ Минстроя России №1039/пр от 30.12.2016г. | K34: Затирка «Старатели» (разной цветности) | L34: 1348 | N34: 1009 | O34: т | P34: т | Q34: 1000 | X34: 0.013 | Y34: 6513 | Z34: 0 | AA34: 0 | AB34: 0 | AC34: 0 | AD34: 1 | AE34: 0 | AG34: 0.013 | AH34: 2 | AI34: 16495855 | AJ34: 30 | AK34: 0 | AL34: 0 | AM34: 0 | AN34: 0 | AO34: 0 | AP34: 0 | AQ34: 0 | AR34: 0
A35: =ROW(Source!A30) -> 30 | B35: 16495856 | C35: 16495847 | D35: 15187102 | E35: 1 | F35: 1 | G35: 1 | H35: 3 | I35: 06.2.05.03-0003 | J35: ФССЦ-2001, 06.2.05.03-0003, приказ Минстроя России №1039/пр от 30.12.2016г. | K35: Гранит керамический многоцветный неполированный, размером 400х400х9 мм | L35: 1327 | N35: 1005 | O35: м2 | P35: м2 | Q35: 1 | X35: 102 | Y35: 140.45 | Z35: 0 | AA35: 0 | AB35: 0 | AC35: 0 | AD35: 1 | AE35: 0 | AG35: 102 | AH35: 2 | AI35: 16495856 | AJ35: 31 | AK35: 0 | AL35: 0 | AM35: 0 | AN35: 0 | AO35: 0 | AP35: 0 | AQ35: 0 | AR35: 0
A36: =ROW(Source!A30) -> 30 | B36: 16495857 | C36: 16495847 | D36: 15162768 | E36: 17 | F36: 1 | G36: 1 | H36: 3 | I36: 11.2.04.05 | K36: Рейки деревянные | L36: 1339 | N36: 1007 | O36: м3 | P36: м3 | Q36: 1 | X36: 0.01 | Y36: 0 | Z36: 0 | AA36: 0 | AB36: 0 | AC36: 0 | AD36: 0 | AE36: 0 | AG36: 0.01 | AH36: 3 | AI36: -1 | AK36: 0 | AL36: 0 | AM36: 0 | AN36: 0 | AO36: 0 | AP36: 0 | AQ36: 0 | AR36: 0
A37: =ROW(Source!A30) -> 30 | B37: 16495858 | C37: 16495847 | D37: 15202597 | E37: 1 | F37: 1 | G37: 1 | H37: 3 | I37: 14.1.06.02-0044 | J37: ФССЦ-2001, 14.1.06.02-0044, приказ Минстроя России №1039/пр от 30.12.2016г. | K37: Клей плиточный «Юнис Гранит» | L37: 1346 | N37: 1009 | O37: кг | P37: кг | Q37: 1 | X37: 1200 | Y37: 3.69 | Z37: 0 | AA37: 0 | AB37: 0 | AC37: 0 | AD37: 1 | AE37: 0 | AG37: 1200 | AH37: 2 | AI37: 16495858 | AJ37: 32 | AK37: 0 | AL37: 0 | AM37: 0 | AN37: 0 | AO37: 0 | AP37: 0 | AQ37: 0 | AR37: 0
A38: =ROW(Source!A30) -> 30 | B38: 16495859 | C38: 16495847 | D38: 15162572 | E38: 17 | F38: 1 | G38: 1 | H38: 3 | I38: 14.4.01.21 | K38: Грунтовка | L38: 1348 | N38: 1009 | O38: т | P38: т | Q38: 1000 | X38: 0 | Y38: 0 | Z38: 0 | AA38: 0 | AB38: 0 | AC38: 1 | AD38: 0 | AE38: 0 | AG38: 0 | AH38: 3 | AI38: -1 | AK38: 0 | AL38: 0 | AM38: 0 | AN38: 0 | AO38: 0 | AP38: 0 | AQ38: 0 | AR38: 0
A39: =ROW(Source!A31) -> 31 | B39: 16495848 | C39: 16495847 | D39: 15436014 | E39: 1 | F39: 1 | G39: 1 | H39: 1 | I39: 1-100-32 | K39: Рабочий среднего разряда 3.2 | L39: 1191 | N39: 1013 | O39: чел.-ч. | P39: чел.-ч. | Q39: 1 | X39: 310.42 | Y39: 0 | Z39: 0 | AA39: 0 | AB39: 8.74 | AC39: 0 | AD39: 1 | AE39: 1 | AG39: 310.42 | AH39: 2 | AI39: 16495848 | AJ39: 34 | AK39: 0 | AL39: 0 | AM39: 0 | AN39: 0 | AO39: 0 | AP39: 0 | AQ39: 0 | AR39: 0
A40: =ROW(Source!A31) -> 31 | B40: 16495849 | C40: 16495847 | D40: 15430395 | E40: 1 | F40: 1 | G40: 1 | H40: 1 | I40: 4-100-00 | K40: Затраты труда машинистов | L40: 1191 | N40: 1013 | O40: чел.-ч. | P40: чел.-ч. | Q40: 1 | X40: 1.73 | Y40: 0 | Z40: 0 | AA40: 0 | AB40: 0 | AC40: 0 | AD40: 1 | AE40: 2 | AG40: 1.73 | AH40: 2 | AI40: 16495849 | AJ40: 35 | AK40: 0 | AL40: 0 | AM40: 0 | AN40: 0 | AO40: 0 | AP40: 0 | AQ40: 0 | AR40: 0
A41: =ROW(Source!A31) -> 31 | B41: 16495850 | C41: 16495847 | D41: 15247576 | E41: 1 | F41: 1 | G41: 1 | H41: 2 | I41: 91.05.01-016 | J41: ФСЭМ-2001, 91.05.01-016, приказ Минстроя России №1039/пр от 30.12.2016г. | K41: Краны башенные, грузоподъемность 5 т | L41: 1368 | N41: 1011 | O41: маш.-ч | P41: маш.-ч | Q41: 1 | X41: 0.02 | Y41: 0 | Z41: 83.43 | AA41: 13.5 | AB41: 0 | AC41: 0 | AD41: 1 | AE41: 0 | AG41: 0.02 | AH41: 2 | AI41: 16495850 | AJ41: 36 | AK41: 0 | AL41: 0 | AM41: 0 | AN41: 0 | AO41: 0 | AP41: 0 | AQ41: 0 | AR41: 0
A42: =ROW(Source!A31) -> 31 | B42: 16495851 | C42: 16495847 | D42: 15247678 | E42: 1 | F42: 1 | G42: 1 | H42: 2 | I42: 91.05.05-013 | J42: ФСЭМ-2001, 91.05.05-013, приказ Минстроя России №1039/пр от 30.12.2016г. | K42: Краны на автомобильном ходу, грузоподъемность 6,3 т | L42: 1368 | N42: 1011 | O42: маш.-ч | P42: маш.-ч | Q42: 1 | X42: 0.01 | Y42: 0 | Z42: 88.01 | AA42: 11.6 | AB42: 0 | AC42: 0 | AD42: 1 | AE42: 0 | AG42: 0.01 | AH42: 2 | AI42: 16495851 | AJ42: 37 | AK42: 0 | AL42: 0 | AM42: 0 | AN42: 0 | AO42: 0 | AP42: 0 | AQ42: 0 | AR42: 0
A43: =ROW(Source!A31) -> 31 | B43: 16495852 | C43: 16495847 | D43: 15248143 | E43: 1 | F43: 1 | G43: 1 | H43: 2 | I43: 91.07.08-024 | J43: ФСЭМ-2001, 91.07.08-024, приказ Минстроя России №1039/пр от 30.12.2016г. | K43: Растворосмесители передвижные 65 л | L43: 1368 | N43: 1011 | O43: маш.-ч | P43: маш.-ч | Q43: 1 | X43: 1.69 | Y43: 0 | Z43: 12.39 | AA43: 10.06 | AB43: 0 | AC43: 0 | AD43: 1 | AE43: 0 | AG43: 1.69 | AH43: 2 | AI43: 16495852 | AJ43: 38 | AK43: 0 | AL43: 0 | AM43: 0 | AN43: 0 | AO43: 0 | AP43: 0 | AQ43: 0 | AR43: 0
A44: =ROW(Source!A31) -> 31 | B44: 16495853 | C44: 16495847 | D44: 15249073 | E44: 1 | F44: 1 | G44: 1 | H44: 2 | I44: 91.14.02-001 | J44: ФСЭМ-2001, 91.14.02-001, приказ Минстроя России №1039/пр от 30.12.2016г. | K44: Автомобили бортовые, грузоподъемность до 5 т | L44: 1368 | N44: 1011 | O44: маш.-ч | P44: маш.-ч | Q44: 1 | X44: 0.01 | Y44: 0 | Z44: 65.71 | AA44: 11.6 | AB44: 0 | AC44: 0 | AD44: 1 | AE44: 0 | AG44: 0.01 | AH44: 2 | AI44: 16495853 | AJ44: 39 | AK44: 0 | AL44: 0 | AM44: 0 | AN44: 0 | AO44: 0 | AP44: 0 | AQ44: 0 | AR44: 0
A45: =ROW(Source!A31) -> 31 | B45: 16495854 | C45: 16495847 | D45: 15167286 | E45: 1 | F45: 1 | G45: 1 | H45: 3 | I45: 01.7.03.01-0001 | J45: ФССЦ-2001, 01.7.03.01-0001, приказ Минстроя России №1039/пр от 30.12.2016г. | K45: Вода | L45: 1339 | N45: 1007 | O45: м3 | P45: м3 | Q45: 1 | X45: 0.44 | Y45: 2.44 | Z45: 0 | AA45: 0 | AB45: 0 | AC45: 0 | AD45: 1 | AE45: 0 | AG45: 0.44 | AH45: 2 | AI45: 16495854 | AJ45: 40 | AK45: 0 | AL45: 0 | AM45: 0 | AN45: 0 | AO45: 0 | AP45: 0 | AQ45: 0 | AR45: 0
A46: =ROW(Source!A31) -> 31 | B46: 16495855 | C46: 16495847 | D46: 15173044 | E46: 1 | F46: 1 | G46: 1 | H46: 3 | I46: 04.3.02.09-0102 | J46: ФССЦ-2001, 04.3.02.09-0102, приказ Минстроя России №1039/пр от 30.12.2016г. | K46: Затирка «Старатели» (разной цветности) | L46: 1348 | N46: 1009 | O46: т | P46: т | Q46: 1000 | X46: 0.013 | Y46: 6513 | Z46: 0 | AA46: 0 | AB46: 0 | AC46: 0 | AD46: 1 | AE46: 0 | AG46: 0.013 | AH46: 2 | AI46: 16495855 | AJ46: 41 | AK46: 0 | AL46: 0 | AM46: 0 | AN46: 0 | AO46: 0 | AP46: 0 | AQ46: 0 | AR46: 0
A47: =ROW(Source!A31) -> 31 | B47: 16495856 | C47: 16495847 | D47: 15187102 | E47: 1 | F47: 1 | G47: 1 | H47: 3 | I47: 06.2.05.03-0003 | J47: ФССЦ-2001, 06.2.05.03-0003, приказ Минстроя России №1039/пр от 30.12.2016г. | K47: Гранит керамический многоцветный неполированный, размером 400х400х9 мм | L47: 1327 | N47: 1005 | O47: м2 | P47: м2 | Q47: 1 | X47: 102 | Y47: 140.45 | Z47: 0 | AA47: 0 | AB47: 0 | AC47: 0 | AD47: 1 | AE47: 0 | AG47: 102 | AH47: 2 | AI47: 16495856 | AJ47: 42 | AK47: 0 | AL47: 0 | AM47: 0 | AN47: 0 | AO47: 0 | AP47: 0 | AQ47: 0 | AR47: 0
A48: =ROW(Source!A31) -> 31 | B48: 16495857 | C48: 16495847 | D48: 15162768 | E48: 17 | F48: 1 | G48: 1 | H48: 3 | I48: 11.2.04.05 | K48: Рейки деревянные | L48: 1339 | N48: 1007 | O48: м3 | P48: м3 | Q48: 1 | X48: 0.01 | Y48: 0 | Z48: 0 | AA48: 0 | AB48: 0 | AC48: 0 | AD48: 0 | AE48: 0 | AG48: 0.01 | AH48: 3 | AI48: -1 | AK48: 0 | AL48: 0 | AM48: 0 | AN48: 0 | AO48: 0 | AP48: 0 | AQ48: 0 | AR48: 0
A49: =ROW(Source!A31) -> 31 | B49: 16495858 | C49: 16495847 | D49: 15202597 | E49: 1 | F49: 1 | G49: 1 | H49: 3 | I49: 14.1.06.02-0044 | J49: ФССЦ-2001, 14.1.06.02-0044, приказ Минстроя России №1039/пр от 30.12.2016г. | K49: Клей плиточный «Юнис Гранит» | L49: 1346 | N49: 1009 | O49: кг | P49: кг | Q49: 1 | X49: 1200 | Y49: 3.69 | Z49: 0 | AA49: 0 | AB49: 0 | AC49: 0 | AD49: 1 | AE49: 0 | AG49: 1200 | AH49: 2 | AI49: 16495858 | AJ49: 43 | AK49: 0 | AL49: 0 | AM49: 0 | AN49: 0 | AO49: 0 | AP49: 0 | AQ49: 0 | AR49: 0
A50: =ROW(Source!A31) -> 31 | B50: 16495859 | C50: 16495847 | D50: 15162572 | E50: 17 | F50: 1 | G50: 1 | H50: 3 | I50: 14.4.01.21 | K50: Грунтовка | L50: 1348 | N50: 1009 | O50: т | P50: т | Q50: 1000 | X50: 0 | Y50: 0 | Z50: 0 | AA50: 0 | AB50: 0 | AC50: 1 | AD50: 0 | AE50: 0 | AG50: 0 | AH50: 3 | AI50: -1 | AK50: 0 | AL50: 0 | AM50: 0 | AN50: 0 | AO50: 0 | AP50: 0 | AQ50: 0 | AR50: 0
A51: =ROW(Source!A34) -> 34 | B51: 16492693 | C51: 16492685 | D51: 15435721 | E51: 1 | F51: 1 | G51: 1 | H51: 1 | I51: 1-100-39 | K51: Рабочий среднего разряда 3.9 | L51: 1191 | N51: 1013 | O51: чел.-ч. | P51: чел.-ч. | Q51: 1 | X51: 23.82 | Y51: 0 | Z51: 0 | AA51: 0 | AB51: 9.51 | AC51: 0 | AD51: 1 | AE51: 1 | AF51: )*1,15 | AG51: 27.393 | AH51: 2 | AI51: 16492686 | AJ51: 45 | AK51: 0 | AL51: 0 | AM51: 0 | AN51: 0 | AO51: 0 | AP51: 0 | AQ51: 0 | AR51: 0
A52: =ROW(Source!A34) -> 34 | B52: 16492694 | C52: 16492685 | D52: 15430395 | E52: 1 | F52: 1 | G52: 1 | H52: 1 | I52: 4-100-00 | K52: Затраты труда машинистов | L52: 1191 | N52: 1013 | O52: чел.-ч. | P52: чел.-ч. | Q52: 1 | X52: 0.11 | Y52: 0 | Z52: 0 | AA52: 0 | AB52: 0 | AC52: 0 | AD52: 1 | AE52: 2 | AF52: )*1,25 | AG52: 0.1375 | AH52: 2 | AI52: 16492687 | AJ52: 46 | AK52: 0 | AL52: 0 | AM52: 0 | AN52: 0 | AO52: 0 | AP52: 0 | AQ52: 0 | AR52: 0
A53: =ROW(Source!A34) -> 34 | B53: 16492695 | C53: 16492685 | D53: 15247974 | E53: 1 | F53: 1 | G53: 1 | H53: 2 | I53: 91.06.06-048 | J53: ФСЭМ-2001, 91.06.06-048, приказ Минстроя России №1039/пр от 30.12.2016г. | K53: Подъемники одномачтовые, грузоподъемность до 500 кг, высота подъема 45 м | L53: 1368 | N53: 1011 | O53: маш.-ч | P53: маш.-ч | Q53: 1 | X53: 0.05 | Y53: 0 | Z53: 31.26 | AA53: 13.5 | AB53: 0 | AC53: 0 | AD53: 1 | AE53: 0 | AF53: )*1,25 | AG53: 0.0625 | AH53: 2 | AI53: 16492688 | AJ53: 47 | AK53: 0 | AL53: 0 | AM53: 0 | AN53: 0 | AO53: 0 | AP53: 0 | AQ53: 0 | AR53: 0
A54: =ROW(Source!A34) -> 34 | B54: 16492696 | C54: 16492685 | D54: 15249073 | E54: 1 | F54: 1 | G54: 1 | H54: 2 | I54: 91.14.02-001 | J54: ФСЭМ-2001, 91.14.02-001, приказ Минстроя России №1039/пр от 30.12.2016г. | K54: Автомобили бортовые, грузоподъемность до 5 т | L54: 1368 | N54: 1011 | O54: маш.-ч | P54: маш.-ч | Q54: 1 | X54: 0.06 | Y54: 0 | Z54: 65.71 | AA54: 11.6 | AB54: 0 | AC54: 0 | AD54: 1 | AE54: 0 | AF54: )*1,25 | AG54: 0.075 | AH54: 2 | AI54: 16492689 | AJ54: 48 | AK54: 0 | AL54: 0 | AM54: 0 | AN54: 0 | AO54: 0 | AP54: 0 | AQ54: 0 | AR54: 0
A55: =ROW(Source!A34) -> 34 | B55: 16492697 | C55: 16492685 | D55: 15161703 | E55: 17 | F55: 1 | G55: 1 | H55: 3 | I55: 04.3.01.09 | K55: Раствор готовый кладочный тяжелый цементный | L55: 1339 | N55: 1007 | O55: м3 | P55: м3 | Q55: 1 | X55: 0.16 | Y55: 0 | Z55: 0 | AA55: 0 | AB55: 0 | AC55: 0 | AD55: 0 | AE55: 0 | AG55: 0.16 | AH55: 3 | AI55: -1 | AK55: 0 | AL55: 0 | AM55: 0 | AN55: 0 | AO55: 0 | AP55: 0 | AQ55: 0 | AR55: 0
A56: =ROW(Source!A34) -> 34 | B56: 16492698 | C56: 16492685 | D56: 15162753 | E56: 17 | F56: 1 | G56: 1 | H56: 3 | I56: 06.2.05.03 | K56: Плитки керамические плинтусные | L56: 1301 | N56: 1003 | O56: м | P56: м | Q56: 1 | X56: 101 | Y56: 0 | Z56: 0 | AA56: 0 | AB56: 0 | AC56: 0 | AD56: 0 | AE56: 0 | AG56: 101 | AH56: 3 | AI56: -1 | AK56: 0 | AL56: 0 | AM56: 0 | AN56: 0 | AO56: 0 | AP56: 0 | AQ56: 0 | AR56: 0
A57: =ROW(Source!A35) -> 35 | B57: 16492693 | C57: 16492685 | D57: 15435721 | E57: 1 | F57: 1 | G57: 1 | H57: 1 | I57: 1-100-39 | K57: Рабочий среднего разряда 3.9 | L57: 1191 | N57: 1013 | O57: чел.-ч. | P57: чел.-ч. | Q57: 1 | X57: 23.82 | Y57: 0 | Z57: 0 | AA57: 0 | AB57: 9.51 | AC57: 0 | AD57: 1 | AE57: 1 | AF57: )*1,15 | AG57: 27.393 | AH57: 2 | AI57: 16492686 | AJ57: 51 | AK57: 0 | AL57: 0 | AM57: 0 | AN57: 0 | AO57: 0 | AP57: 0 | AQ57: 0 | AR57: 0
A58: =ROW(Source!A35) -> 35 | B58: 16492694 | C58: 16492685 | D58: 15430395 | E58: 1 | F58: 1 | G58: 1 | H58: 1 | I58: 4-100-00 | K58: Затраты труда машинистов | L58: 1191 | N58: 1013 | O58: чел.-ч. | P58: чел.-ч. | Q58: 1 | X58: 0.11 | Y58: 0 | Z58: 0 | AA58: 0 | AB58: 0 | AC58: 0 | AD58: 1 | AE58: 2 | AF58: )*1,25 | AG58: 0.1375 | AH58: 2 | AI58: 16492687 | AJ58: 52 | AK58: 0 | AL58: 0 | AM58: 0 | AN58: 0 | AO58: 0 | AP58: 0 | AQ58: 0 | AR58: 0
A59: =ROW(Source!A35) -> 35 | B59: 16492695 | C59: 16492685 | D59: 15247974 | E59: 1 | F59: 1 | G59: 1 | H59: 2 | I59: 91.06.06-048 | J59: ФСЭМ-2001, 91.06.06-048, приказ Минстроя России №1039/пр от 30.12.2016г. | K59: Подъемники одномачтовые, грузоподъемность до 500 кг, высота подъема 45 м | L59: 1368 | N59: 1011 | O59: маш.-ч | P59: маш.-ч | Q59: 1 | X59: 0.05 | Y59: 0 | Z59: 31.26 | AA59: 13.5 | AB59: 0 | AC59: 0 | AD59: 1 | AE59: 0 | AF59: )*1,25 | AG59: 0.0625 | AH59: 2 | AI59: 16492688 | AJ59: 53 | AK59: 0 | AL59: 0 | AM59: 0 | AN59: 0 | AO59: 0 | AP59: 0 | AQ59: 0 | AR59: 0
A60: =ROW(Source!A35) -> 35 | B60: 16492696 | C60: 16492685 | D60: 15249073 | E60: 1 | F60: 1 | G60: 1 | H60: 2 | I60: 91.14.02-001 | J60: ФСЭМ-2001, 91.14.02-001, приказ Минстроя России №1039/пр от 30.12.2016г. | K60: Автомобили бортовые, грузоподъемность до 5 т | L60: 1368 | N60: 1011 | O60: маш.-ч | P60: маш.-ч | Q60: 1 | X60: 0.06 | Y60: 0 | Z60: 65.71 | AA60: 11.6 | AB60: 0 | AC60: 0 | AD60: 1 | AE60: 0 | AF60: )*1,25 | AG60: 0.075 | AH60: 2 | AI60: 16492689 | AJ60: 54 | AK60: 0 | AL60: 0 | AM60: 0 | AN60: 0 | AO60: 0 | AP60: 0 | AQ60: 0 | AR60: 0
A61: =ROW(Source!A35) -> 35 | B61: 16492697 | C61: 16492685 | D61: 15161703 | E61: 17 | F61: 1 | G61: 1 | H61: 3 | I61: 04.3.01.09 | K61: Раствор готовый кладочный тяжелый цементный | L61: 1339 | N61: 1007 | O61: м3 | P61: м3 | Q61: 1 | X61: 0.16 | Y61: 0 | Z61: 0 | AA61: 0 | AB61: 0 | AC61: 0 | AD61: 0 | AE61: 0 | AG61: 0.16 | AH61: 3 | AI61: -1 | AK61: 0 | AL61: 0 | AM61: 0 | AN61: 0 | AO61: 0 | AP61: 0 | AQ61: 0 | AR61: 0
A62: =ROW(Source!A35) -> 35 | B62: 16492698 | C62: 16492685 | D62: 15162753 | E62: 17 | F62: 1 | G62: 1 | H62: 3 | I62: 06.2.05.03 | K62: Плитки керамические плинтусные | L62: 1301 | N62: 1003 | O62: м | P62: м | Q62: 1 | X62: 101 | Y62: 0 | Z62: 0 | AA62: 0 | AB62: 0 | AC62: 0 | AD62: 0 | AE62: 0 | AG62: 101 | AH62: 3 | AI62: -1 | AK62: 0 | AL62: 0 | AM62: 0 | AN62: 0 | AO62: 0 | AP62: 0 | AQ62: 0 | AR62: 0
